Workbook
Name _ddList1EN: 'Multi-level Dropdown'!$I$48
Name _ddList1NL: 'Multi-level Dropdown'!$I$141
Name _List1EN: _xlfn.ANCHORARRAY('Multi-level Dropdown'!$I$48)
Name _List1NL: _xlfn.ANCHORARRAY('Multi-level Dropdown'!$I$141)
Name _List2EN: _xlfn.ANCHORARRAY('Multi-level Dropdown'!$J$48)
Name _List2NL: _xlfn.ANCHORARRAY('Multi-level Dropdown'!$J$141)
Name _List3EN: _xlfn.ANCHORARRAY('Multi-level Dropdown'!$K$48)
Name _List3NL: _xlfn.ANCHORARRAY('Multi-level Dropdown'!$K$141)
Name _List4EN: _xlfn.ANCHORARRAY('Multi-level Dropdown'!$L$48)
Name _List4NL: _xlfn.ANCHORARRAY('Multi-level Dropdown'!$L$141)
Name Brussel: 'Data Validation'!$D$37:$D$40
Name dvENLevel1: 'Data Validation'!$D$36:$F$36
Name dvNameEN: 'Data Validation'!$H$14:$H$16
Name OEF_INDEX: 'Lookup Functions'!$C$225
Name OEF_SUMIF: 'Lookup Functions'!$C$271
Name OEF_SUMIFS: 'Lookup Functions'!$C$299
Name OEF_Tabellen: 'Table vs range'!$B$32
Name OEF_XLOOKUP: 'Lookup Functions'!$C$194
Name OEF_XMATCH: 'Lookup Functions'!$C$249
Name Vlaanderen: 'Data Validation'!$E$37:$E$40
Name Wallonië: 'Data Validation'!$F$37:$F$40

Sheet Excel is geen database
B1: Excel is geen database
B2: IT: Je weet toch dat Excel geen database is?
B3: Gebruiker: OK, geef me dan een database.
B4: IT: eerst een aanvraag indienen
B5: Gebruiker: OK, gebeurd. Wanneer is het klaar?
B6: IT: eerst budget en timing regelen
B7: Gebruiker: Ja zeg, ik moet het maandag af hebben…
B8: IT: Misschien dan toch maar even Excel gebruiken
B12: IT: We hebben nieuws over het project dat je had ingediend. Er is onvoldoende toegevoegde waarde om te investeren.
B13: Gebruiker: Wat moet ik doen dan?
B14: IT: Tja, met Excel moet het ook wel lukken.
B18: IT: Ok, in tussentijd vindt men dat het niet langer houdbaar is met jouw Excellekes hier…
... B36: Conclusie: Als je niet de tools hebt die je nodig hebt, kan je maar beter goed zijn in Excel!

Sheet Instructions
B2: Excel as Database Excel als databank Excel comme Base de données
B4: EN
C5: How to use this Workbook
C6: This Workbook contains a number of Worksheets.
C7: The Worksheet named "Instructions" describes the all the Worksheets with a brief overview of what it is indended for and what it contains. In the list, the name of each Worksheet is a clickable hyperlink to navigate to the Worksheet in question.
C8: Each Worksheet includes (in the top left corner, cell A1) a clickable hyperlink to return to the "Instructions" Worksheet.
C10: In most Worksheets, the most right hand column shows white (merged) cells to allow you to make notes during the course without leaving the document. Typically, greyed cells will be read-only.
C12: Sheets this Workbook
C13: {=_xlfn.TEXTBEFORE(_xlfn.TEXTAFTER(CELL("address",'What is a Database'!$A$1),"]"),"'",1)} -> What is a Database | D13: Although Excel is not specifically designed as a DBMS (DataBase Management System, such as MS Access, SQL or other database apps), it can often be used as a valid replacement for such DBMS's. Especially with the declining focus of MS on Access and due to the fact that most organisations already have Excel available in house, using Excel as "DBMS" can offer a working alternative at no or low additional cost to the organisation. In the context of Excel, a database is an organized collection of data stored within spreadsheets. It allows for efficient retrieval, management, and updating of data using Excel's built-in tools and functions. Excel databases can store information such as customer records, inventory, and transaction details in a structured format using rows and columns. Users can manipulate and query the data using features like filters, pivot tables, and formulas. Excel databases are essential for businesses and organizations to maintain structured and accessible information in a familiar and user-friendly environment.
C14: {=_xlfn.TEXTBEFORE(_xlfn.TEXTAFTER(CELL("address",'Table vs range'!$A$1),"]"),"'",1)} -> Table vs range | D14: While the words "table" and "range" are often used interchangeably in Excel, there are some very distinct and significant advantages in converting a data range to a "Table", such as easier-to-read formulas (using "Structured References"), more flexible, dynamic and robust data handling, etc.
C15: {=_xlfn.TEXTBEFORE(_xlfn.TEXTAFTER(CELL("address",'Lookup Functions'!$A$1),"]"),"'",1)} -> Lookup Functions | D15: Lookup Functions are typically used to look for a certain value in a data set and retrieve the corresponding record values from another part of that data set. In this section, functions such as VLOOKUP and XLOOKUP, INDEX and XMATCH and also some aggregating functions such as SUMIF, SUMIFS are explained.
C16: {=_xlfn.TEXTBEFORE(_xlfn.TEXTAFTER(CELL("address",'Database Functions'!$A$1),"]"),"'",1)} -> Database Functions | D16: Often unknown or underestimated, Excel has offered specific aggregation functions such as DSUM, DAVERAGE, … to provide a consistent way to aggregate data sets using one or multiple criteria, allowing to mix AND-type with OR-type criteria. Something which is much more complex to do using the traditional SUMIF or other aggregation formulae.
C17: {=_xlfn.TEXTBEFORE(_xlfn.TEXTAFTER(CELL("address",'Sorting and Filtering'!$A$1),"]"),"'",1)} -> Sorting and Filtering | D17: Lookup Functions and Database Functions traditionally take one or multiple arguments and return a single result. What if you need to return a multitude of results (e.g. ALL individual values that correspond to specific criteria? This is where "Dynamic Array Functions" come in, such as UNIQUE, SORT, SORTBY, FILTER, VSTACK, HSTACK CHOOSECOLS.
C18: {=_xlfn.TEXTBEFORE(_xlfn.TEXTAFTER(CELL("address",'Data Validation'!$A$1),"]"),"'",1)} -> Data Validation | D18: When working with a database, input control or validation is crucial to avoid unexpected results due to "poluted" data. Data Validation techniques can be very helpful in this respect.
C19: {=_xlfn.TEXTBEFORE(_xlfn.TEXTAFTER(CELL("address",'Source Data'!$B$3),"]"),"'",1)} -> Source Data | D19: This worksheet contains all of the source data used in the other worksheets.
B21: NL
C22: Gebruiksinstructies voor deze Werkmap
C23: Dit Werkmap bevat een aantal Werkbladen.
C24: Het Werkblad met de naam "Instructions" beschrijft ieder Werkblad met een kort overzicht van waarvoor het bedoeld is en wat het bevat. In de lijst is de naam van elk Werkblad een klikbare hyperlink om naar het betreffende Werkblad te navigeren.
C25: Elk Werkblad bevat (in de linkerbovenhoek, cel A1) een klikbare hyperlink om terug te keren naar het Werkblad 'Instructions'.
C27: In de meeste Werkbladen toont de meest rechtse kolom witte (samengevoegde) cellen, zodat u tijdens de cursus aantekeningen kunt maken zonder het document te verlaten. Meestal zijn grijze cellen alleen-lezen.
C29: Werkbladen (gekleurd) met theorie in deze Werkmap
C30: {=_xlfn.TEXTBEFORE(_xlfn.TEXTAFTER(CELL("address",'What is a Database'!$A$1),"]"),"'",1)} -> What is a Database | D30: Hoewel Excel niet specifiek is ontworpen als een DBMS (DataBase Management System, zoals MS Access, SQL of andere database-apps), kan het vaak worden gebruikt als een vervanging voor dergelijke DBMS'en. Vooral met de afnemende focus van MS op Access en het feit dat de meeste organisaties Excel al in huis hebben, kan het gebruik van Excel als "DBMS" een werkend alternatief bieden tegen geen of lage extra kosten voor de organisatie. In de context van Excel is een database een georganiseerde verzameling gegevens die is opgeslagen in spreadsheets. Het maakt het mogelijk om gegevens efficiënt op te halen, te beheren en bij te werken met behulp van de ingebouwde tools en functies van Excel. Excel-databases kunnen informatie zoals klantgegevens, voorraad en transactiegegevens opslaan in een gestructureerde indeling met behulp van rijen en kolommen. Gebruikers kunnen de gegevens bewerken en raadplegen met functies zoals filters, draaitabellen en formules. Excel-databases zijn essentieel voor bedrijven en organisaties om gestructureerde en toegankelijke informatie te beheren in een vertrouwde en gebruiksvriendelijke omgeving.
C31: {=_xlfn.TEXTBEFORE(_xlfn.TEXTAFTER(CELL("address",'Table vs range'!$A$1),"]"),"'",1)} -> Table vs range | D31: Hoewel de woorden "tabel" en "bereik" in Excel vaak door elkaar worden gebruikt, biedt het converteren van een gegevensbereik naar een "Tabel" een aantal duidelijke en belangrijke voordelen. Denk bijvoorbeeld aan gemakkelijker te lezen formules (met behulp van "gestructureerde verwijzingen"), flexibelere, dynamischere en robuustere gegevensverwerking, enzovoort.
C32: {=_xlfn.TEXTBEFORE(_xlfn.TEXTAFTER(CELL("address",'Lookup Functions'!$A$1),"]"),"'",1)} -> Lookup Functions | D32: Opzoekfuncties worden doorgaans gebruikt om naar een bepaalde waarde in een dataset te zoeken en de bijbehorende recordwaarden uit een ander deel van die dataset op te halen. In deze sectie worden functies zoals VERT.ZOEKEN en X.ZOEKEN, INDEX en X.VERGELIJKEN en enkele aggregatiefuncties zoals SOM.ALS en SOMMEN.ALS uitgelegd.
C33: {=_xlfn.TEXTBEFORE(_xlfn.TEXTAFTER(CELL("address",'Database Functions'!$A$1),"]"),"'",1)} -> Database Functions | D33: Vaak onbekend of onderschat, biedt Excel specifieke aggregatiefuncties zoals DBSOM, DBGEMIDDELDE, ... om op een consistente manier datasets te aggregeren met behulp van één of meerdere criteria, waardoor EN-type- en OF-type-criteria gecombineerd kunnen worden. Iets wat veel complexer is met de traditionele SOM.ALS of andere aggregatieformules.
C34: {=_xlfn.TEXTBEFORE(_xlfn.TEXTAFTER(CELL("address",'Sorting and Filtering'!$A$1),"]"),"'",1)} -> Sorting and Filtering | D34: Opzoekfuncties en databasefuncties accepteren traditioneel één of meerdere argumenten en retourneren één resultaat. Wat als u meerdere resultaten moet retourneren (bijvoorbeeld ALLE individuele waarden die voldoen aan specifieke criteria?) Hier komen "Dynamische matrixfuncties" van pas, zoals UNIEK, SORTEREN, SORTEREN.OP, FILTER, VERT.STAPELEN, HOR.STAPELEN, KIES.KOLOMMEN.
C35: {=_xlfn.TEXTBEFORE(_xlfn.TEXTAFTER(CELL("address",'Data Validation'!$A$1),"]"),"'",1)} -> Data Validation | D35: Bij het werken met een database is invoercontrole of -validatie cruciaal om onverwachte resultaten als gevolg van "vervuilde" data te voorkomen. Datavalidatietechnieken kunnen hierbij zeer nuttig zijn.
C36: {=_xlfn.TEXTBEFORE(_xlfn.TEXTAFTER(CELL("address",'Source Data'!$B$3),"]"),"'",1)} -> Source Data | D36: Dit werkblad bevat alle brongegevens die in de andere werkbladen zijn gebruikt.
B38: FR
C39: Comment utiliser ce Classeur
C40: Ce Classeur contient un certain nombre de Feuilles.
C41: La Feuille intitulée « Instructions » décrit toutes les Feuilles avec un bref aperçu de ce à quoi elle est destinée et de ce qu'elle contient. Dans la liste, le nom de chaque Feuille est un lien hypertexte cliquable pour accéder à la Feuille en question.
C42: Chaque Feuille inclut (dans le coin supérieur gauche, cellule A1) un lien hypertexte cliquable pour revenir à la Feuille "Instructions".
C44: Dans la plupart des Feuilles , la colonne la plus à droite affiche des cellules blanches (fusionnées) pour vous permettre de prendre des notes pendant le cours sans quitter le document. En général, les cellules grisées sont en lecture seule.
C46: Feuilles dans ce Classeur
C47: {=_xlfn.TEXTBEFORE(_xlfn.TEXTAFTER(CELL("address",'What is a Database'!$A$1),"]"),"'",1)} -> What is a Database | D47: Bien qu'Excel ne soit pas spécifiquement conçu comme un SGBD (système de gestion de base de données, comme MS Access, SQL ou d'autres applications de gestion de base de données), il peut souvent être utilisé comme une alternative valable à ces SGBD. Compte tenu notamment du déclin de Microsoft dans le développement de MS Access et du fait que la plupart des organisations utilisent déjà Excel en interne, utiliser Excel comme SGBD peut offrir une alternative fonctionnelle, sans frais supplémentaires, voire à faible coût. Dans le contexte d'Excel, une base de données est un ensemble organisé de données stockées dans des feuilles de calcul. Elle permet une récupération, une gestion et une mise à jour efficaces des données grâce aux outils et fonctions intégrés d'Excel. Les bases de données Excel peuvent stocker des informations telles que les dossiers clients, les stocks et les détails des transactions dans un format structuré, composé de lignes et de colonnes. Les utilisateurs peuvent manipuler et interroger les données à l'aide de fonctionnalités telles que les filtres, les tableaux croisés dynamiques et les formules. Les bases de données Excel sont essentielles pour les entreprises et les organisations qui souhaitent conserver des informations structurées et accessibles dans un environnement familier et convivial.
C48: {=_xlfn.TEXTBEFORE(_xlfn.TEXTAFTER(CELL("address",'Table vs range'!$A$1),"]"),"'",1)} -> Table vs range | D48: Bien que les termes « tableau » et « plage » soient souvent utilisés de manière interchangeable dans Excel, la conversion d'une plage de données en « Tableau » présente des avantages très distincts et significatifs, tels que des formules plus faciles à lire (à l'aide de « références structurées »), une gestion des données plus flexible, dynamique et robuste, etc.
C49: {=_xlfn.TEXTBEFORE(_xlfn.TEXTAFTER(CELL("address",'Lookup Functions'!$A$1),"]"),"'",1)} -> Lookup Functions | D49: Les fonctions de recherche sont généralement utilisées pour rechercher une valeur spécifique dans un ensemble de données et récupérer les valeurs d'enregistrement correspondantes dans une autre partie de cet ensemble. Cette section présente des fonctions telles que RECHERCHEV, RECHERCHEXL, INDEX et EQUIVX, ainsi que des fonctions d'agrégation telles que SOMME.SI et SOMME.SI.ENS.
C50: {=_xlfn.TEXTBEFORE(_xlfn.TEXTAFTER(CELL("address",'Database Functions'!$A$1),"]"),"'",1)} -> Database Functions | D50: Souvent méconnues ou sous-estimées, Excel propose des fonctions d'agrégation spécifiques telles que BDSOMME, BDMOYENNE, etc., permettant d'agréger des ensembles de données de manière cohérente selon un ou plusieurs critères, en combinant des critères de type ET et de type OU. Cette opération est beaucoup plus complexe à réaliser avec la formule d'agrégation traditionnelle SOMME.SI ou d'autres formules.
C51: {=_xlfn.TEXTBEFORE(_xlfn.TEXTAFTER(CELL("address",'Sorting and Filtering'!$A$1),"]"),"'",1)} -> Sorting and Filtering | D51: Les fonctions de recherche et de base de données prennent généralement un ou plusieurs arguments et renvoient un seul résultat. Que faire si vous devez renvoyer une multitude de résultats (par exemple, TOUTES les valeurs individuelles correspondant à des critères spécifiques) ? C'est là qu'interviennent les « fonctions de tableau dynamique », telles que UNIQUE, TRIER, TRIERPAR, FILTRE, ASSEMB.V, ASSEMB.H, CHOISIRCOLS, etc.
C52: {=_xlfn.TEXTBEFORE(_xlfn.TEXTAFTER(CELL("address",'Data Validation'!$A$1),"]"),"'",1)} -> Data Validation | D52: Lors de l'utilisation d'une base de données, le contrôle ou la validation des entrées est crucial pour éviter des résultats inattendus dus à des données « polluées ». Les techniques de validation des données peuvent s'avérer très utiles à cet égard.
C53: {=_xlfn.TEXTBEFORE(_xlfn.TEXTAFTER(CELL("address",'Source Data'!$B$3),"]"),"'",1)} -> Source Data | D53: Cette feuille de travail contient toutes les données sources utilisées dans les autres feuilles.

Sheet What is a Database
A1: ←
B2: EN | C2: What is a "Database" ?
B3: Difference between a Flat Data Table and a Database
C4: Structure | D4: Flat Data Table: Contains a single table with rows and columns, often stored in CSV-files, Excel worksheet ranges or Tables, MS Lists, … Database: Consists of multiple tables with rows and columns organised in a structured format with relationships between tables. Each row in one of these tables is often referred to as a "record", each column is typically a "field" (with the column title being the field name). In the case of Excel, the relationships between tables are most of the time be established by formulae.
C5: Data Integrity | D5: Flat Data Table: Lacks built-in mechanisms for enforcing data integrity. Note: Excel does offer data validation possibilities as well as (conditional) formatting configuration options to "mimic" this type of enforced data integrity. Database: Enforces data integrity through primary and foreign keys, ensuring consistent and accurate data. Note: as mentioned above, Excel allows "mimicing" this type of behaviour but is not intrinsically designed to provide it.
C6: Data Model | D6: Flat Data Table: Uses a simple, flat data model with no relationships. Database: Uses a relational data model, allowing complex relationships between tables (in the context of Excel mostly through lookup and reference formulae).
C7: Data Access | D7: Flat Data Table: Accessed through simple file I/O operations: In the case of Excel by entering data in cells of the table (although a "Form" command is available for data access if Table is used instead of a traditional range). Database: In Excel context, mostly aggregation tools (formulae, pivot tables, Power Query, ...) are used to access or visualise the data.
C8: Performance | D8: Flat Data Table: Calculations can be slow with large datasets, mostly due to repetitive information or calculation logic not taking advantage of relational structures. Note: in modern Excel running on even average hard ware, performance is rarely an issue. A dataset is often not even considered "large" in Excel terms if less than 100 000 lines are included in the table. Database: By avoiding repetitive information and designing well-thought-through formulae (lookup or aggregation), this is typically much faster, especially when working with large datasets.
C9: Scalability | D9: Flat Data Table: Limited scalability, not well-suited for large datasets or concurrent access. In Excel specifically, the worksheet limitations (16'384 columns, 1'048'576 rows) can present issues. Database: Highly scalable, capable of handling large amounts of data and multiple users. In the case of Excel, using external data sources (e.g. with Power Query) or distributing individual related tables over different worksheets can overcome many of the worksheet limitations.
C10: Security | D10: Flat Data Table: Limited built-in security features. Database: For DBMS's: Provide robust security features like user accounts, permissions, and automatic back-ups. Note: In the context of Excel, the intrinsic security possibilities are similar for Flat Data Tables and for Databases. In the case of Database, some additional protections can be configured using the intrinsic functionality, by designing the structure of the data sources and the worksheets adequately. When accessing external data sources, additional security possibillities may become available depending on the access control mechanisms of those external data sources.
B12: NL | C12: Wat is een "databank"?
B13: Verschil tussen een Platte gegevenstabel en een Databank
C14: Structuur | D14: Platte gegevenstabel: Bevat één tabel met rijen en kolommen, vaak opgeslagen in CSV-bestanden, Excel-werkbladbereiken of -tabellen, MS-lijsten, enz. Databank: Bestaat uit meerdere tabellen met rijen en kolommen, georganiseerd in een gestructureerde indeling met relaties tussen tabellen. Elke rij in een van deze tabellen wordt vaak een "record" genoemd, elke kolom is meestal een "veld" (waarbij de kolomtitel de veldnaam is). In Excel worden de relaties tussen tabellen meestal bepaald met behulp van formules.
C15: Gegevensintegriteit | D15: Platte gegevenstabel: Mist ingebouwde mechanismen voor het afdwingen van gegevensintegriteit. Opmerking: Excel biedt wel mogelijkheden voor gegevensvalidatie en (voorwaardelijke) opmaakconfiguratieopties om dit type afgedwongen gegevensintegriteit na te bootsen. Databank: Dwingt gegevensintegriteit af via primaire en externe sleutels, wat zorgt voor consistente en nauwkeurige gegevens. Opmerking: Zoals hierboven vermeld, staat Excel het nabootsen van dit type gedrag toe, maar is het hier niet intrinsiek voor ontworpen.
C16: Gegevensmodel | D16: Platte gegevenstabel: Gebruikt een eenvoudig, plat datamodel zonder relaties. Databank: Gebruikt een relationeel datamodel, waardoor complexe relaties tussen tabellen mogelijk zijn (in de context van Excel meestal via opzoek- en referentieformules). Vaak wordt hier gesproken over dimensies- en feitentabellen.
C17: Toegang | D17: Platte gegevenstabel: Toegankelijk via eenvoudige bestands-I/O-bewerkingen: in Excel door gegevens in te voeren in cellen van de tabel (hoewel een "Formulier"-opdracht beschikbaar is voor gegevenstoegang als Tabel wordt gebruikt in plaats van een traditioneel bereik). In Excel-context worden meestal aggregatietools (formules, draaitabellen, Power Query, ...) gebruikt om toegang te krijgen tot de gegevens of deze te visualiseren. Databank: De gegevens zijn enkel toegankelijk via specifieke formulieren en een gewone gebruiker kan niet direct interageren met de dataopslag als geheel. Het kan enkel record per record. Om dit te omzeilen kunnen er exports worden gemaakt waarin de wijzigingen met Excel worden doorgevoerd en dan vervolgens opnieuw geimporteerd in de database.
C18: Prestaties | D18: Platte gegevenstabel: Berekeningen kunnen traag zijn met grote datasets, meestal vanwege repetitieve informatie of rekenlogica die geen gebruikmaakt van relationele structuren. Opmerking: in moderne Excel, zelfs op gemiddelde hardware, is de prestatie zelden een probleem. Een dataset wordt in Excel-termen vaak niet eens als "groot" beschouwd als er minder dan 100.000 regels in de tabel staan. Databank: Door repetitieve informatie te vermijden en goed doordachte formules te ontwerpen (opzoeken of aggregeren), gaat dit doorgaans veel sneller, vooral bij het werken met grote datasets.
C19: Schaalbaarheid | D19: Platte gegevenstabel: Beperkte schaalbaarheid, niet erg geschikt voor grote datasets of gelijktijdige toegang. Met name in Excel kunnen de beperkingen van het werkblad (16'384 kolommen, 1'048'576 rijen) problemen opleveren. Databank: Zeer schaalbaar, geschikt voor grote hoeveelheden data en meerdere gebruikers. In Excel kunnen veel van de beperkingen van het werkblad worden ondervangen door externe gegevensbronnen te gebruiken (bijvoorbeeld met Power Query) of door afzonderlijke, gerelateerde tabellen over verschillende werkbladen te verdelen.
C20: Beveiliging | D20: Platte gegevenstabel: Beperkte ingebouwde beveiligingsfuncties. Databank: Voor DBMS'en: Biedt robuuste beveiligingsfuncties zoals gebruikersaccounts, machtigingen en automatische back-ups. Opmerking: In de context van Excel zijn de intrinsieke beveiligingsmogelijkheden voor Flat Data Tables en databanks vergelijkbaar. In het geval van databanks kunnen aanvullende beveiligingen worden geconfigureerd met behulp van de intrinsieke functionaliteit, door de structuur van de gegevensbronnen en de werkbladen adequaat te ontwerpen. Bij toegang tot externe gegevensbronnen kunnen extra beveiligingsmogelijkheden beschikbaar komen, afhankelijk van de toegangscontrolemechanismen van die externe gegevensbronnen.
B22: FR | C22: Qu'es-ce une "Base de données"?
B23: Difference between a Flat Data Table and a Database
C24: Structure | D24: Tableau de données plat : Contient un seul tableau avec des lignes et des colonnes, souvent stocké dans des fichiers CSV, des plages ou des tableaux Excel, des listes MS, etc. Base de données : Se compose de plusieurs tableaux avec des lignes et des colonnes organisées selon un format structuré, avec des relations entre les tableaux. Chaque ligne de ces tableaux est souvent appelée « enregistrement », chaque colonne étant généralement un « champ » (le titre de la colonne étant le nom du champ). Dans Excel, les relations entre les tableaux sont généralement établies par des formules.
C25: Intégrité des données | D25: Tableau de données plat : Absence de mécanismes intégrés pour garantir l'intégrité des données. Remarque : Excel offre des possibilités de validation des données ainsi que des options de configuration de formatage (conditionnel) pour « imiter » ce type d'intégrité des données imposée. Base de données : Assure l'intégrité des données via des clés primaires et étrangères, garantissant ainsi la cohérence et l'exactitude des données. Remarque : comme mentionné précédemment, Excel permet d'« imiter » ce type de comportement, mais n'est pas conçu pour le faire.
C26: Modèle de données | D26: Tableau de données plat : Utilise un modèle de données simple et plat, sans relations. Base de données : Utilise un modèle de données relationnel, permettant des relations complexes entre les tableaux (dans le contexte d'Excel, principalement via des formules de recherche et de référence).
C27: Accès | D27: Tableau de données plat : Accès par de simples opérations d'entrée/sortie de fichier : dans Excel, en saisissant des données dans les cellules du tableau (une commande « Formulaire » est toutefois disponible pour accéder aux données si un tableau est utilisé à la place d'une plage traditionnelle). Base de données : Dans Excel, ce sont principalement des outils d'agrégation (formules, tableaux croisés dynamiques, Power Query, etc.) qui sont utilisés pour accéder aux données ou les visualiser.
C28: Performance | D28: Tableau de données plat : Les calculs peuvent être lents avec des ensembles de données volumineux, principalement en raison d'informations répétitives ou d'une logique de calcul ne tirant pas pleinement parti des structures relationnelles. Remarque : dans Excel moderne, même sur un matériel standard, les performances sont rarement un problème. Un ensemble de données n'est souvent pas considéré comme « volumineux » au sens d'Excel s'il contient moins de 100 000 lignes. Base de données : En évitant les informations répétitives et en concevant des formules bien pensées (recherche ou agrégation), le traitement est généralement beaucoup plus rapide, surtout avec des ensembles de données volumineux.
C29: Extensibilité | D29: Tableau de données plate : Évolutivité limitée, inadaptée aux grands ensembles de données ou aux accès simultanés. Dans Excel en particulier, les limitations des feuilles de calcul (16'384 colonnes, 1'048'576 lignes) peuvent poser problème. Base de données : Haute évolutivité, capable de gérer de grandes quantités de données et plusieurs utilisateurs. Dans Excel, l'utilisation de sources de données externes (par exemple, avec Power Query) ou la répartition de tables liées entre elles sur différentes feuilles de calcul permettent de surmonter de nombreuses limitations.
C30: Sécurité | D30: Tableau de données plates : Fonctionnalités de sécurité intégrées limitées. Base de données : Pour les SGBD : Offre des fonctionnalités de sécurité robustes telles que les comptes utilisateurs, les autorisations et les sauvegardes automatiques. Remarque : Dans le contexte d'Excel, les possibilités de sécurité intrinsèque sont similaires pour les tableaux de données plates et les bases de données. Dans le cas des bases de données, des protections supplémentaires peuvent être configurées à l'aide des fonctionnalités intrinsèques, en concevant correctement la structure des sources de données et des feuilles de calcul. Lors de l'accès à des sources de données externes, des possibilités de sécurité supplémentaires peuvent être disponibles en fonction des mécanismes de contrôle d'accès de ces sources.

Sheet Een lijst is geen tabel
B1: Laat ons de beiden even naast elkaar leggen….
B3: Lijst | I3: Tabel
B5: Date | C5: Article | D5: Customer | E5: Sales Rep | F5: Net Sales | G5: Region | I5: Date | J5: Article | K5: Customer | L5: Sales Rep | M5: Net Sales | N5: Region
B6: 43222 | C6: Flowers | D6: Henschel | E6: Amy | F6: 1029 | G6: West | I6: 43222 | J6: Flowers | K6: Henschel | L6: Amy | M6: 1029 | N6: West
B7: 43223 | C7: Paper for copier | D7: Office Shop | E7: Philip | F7: 1392 | G7: West | I7: 43223 | J7: Paper for copier | K7: Office Shop | L7: Philip | M7: 1392 | N7: West
B8: 43223 | C8: Quick Menus | D8: Quick Menu | E8: Philip | F8: 19360 | G8: North | I8: 43223 | J8: Quick Menus | K8: Quick Menu | L8: Philip | M8: 19360 | N8: North
B9: 43224 | C9: Coffee, milk | D9: Team Select | E9: Amy | F9: 2783 | G9: South | I9: 43224 | J9: Coffee, milk | K9: Team Select | L9: Amy | M9: 2783 | N9: South
B10: 43225 | C10: Cables | D10: Electronics | E10: Tom | F10: 290 | G10: East | I10: 43225 | J10: Cables | K10: Electronics | L10: Tom | M10: 290 | N10: East
B11: 43225 | C11: Toner | D11: Electronics | E11: Alex | F11: 2239 | G11: West | I11: 43225 | J11: Toner | K11: Electronics | L11: Alex | M11: 2239 | N11: West
B12: 43226 | C12: Calendars | D12: Time | E12: Amy | F12: 1162 | G12: North | I12: 43226 | J12: Calendars | K12: Time | L12: Amy | M12: 1162 | N12: North
B13: 43226 | C13: Calendars | D13: Time | E13: Amy | F13: 1271 | G13: West | I13: 43226 | J13: Calendars | K13: Time | L13: Amy | M13: 1271 | N13: West
B14: 43226 | C14: Folio and labels | D14: Office Shop | E14: Alex | F14: 5239 | G14: North | I14: 43226 | J14: Folio and labels | K14: Office Shop | L14: Alex | M14: 5239 | N14: North
B15: 42861 | C15: Calendars | D15: Time | E15: Alex | F15: 12705 | G15: West | I15: 42861 | J15: Calendars | K15: Time | L15: Alex | M15: 12705 | N15: West
B16: 42864 | C16: Cleaner for copier | D16: Electronics | E16: Philip | F16: 1936 | G16: West | I16: 42864 | J16: Cleaner for copier | K16: Electronics | L16: Philip | M16: 1936 | N16: West
B17: 42864 | C17: Flowers + plants | D17: Henschel | E17: Amy | F17: 3182 | G17: North | I17: 42864 | J17: Flowers + plants | K17: Henschel | L17: Amy | M17: 3182 | N17: North
... B49: 44746 | C49: Flowers | D49: Henschel | E49: Amy | F49: 6852 | G49: North | I49: 44746 | J49: Flowers | K49: Henschel | L49: Amy | M49: 6852 | N49: North

Sheet Table vs range
A1: ←
B2: EN | C2: Table vs range
B3: Tables
C4: 1 | D4: Often the words "range" and "table" are used interchangeably when talking about Excel files. However, Excel has the ability to transform a cell range into a "Table" which makes a number of additional / other Excel functionalities available. We therefore make the distinction between "table" and "Table" ...
C5: 2 | D5: With a Table you can sort and filter more easily, and you also have to worry much less about formatting and entering formulas when additional data is added. A few "rules" before you start with this: - Good preparation saves a lot of time later. - Think in detail about how you want to organize your data in order to gain as much time and flexibility as possible later. - Use concise but meaningful column headings. Each column must have a heading (empty header cells are filled in with a standard title by Excel). - Avoid using merged cells. - Give the Table a name that you can easily work with later (good practice is to start the name with, for example, Tbl).
C6: 3 | D6: Although formulas are generally more readable (see exercise below), composing them is less obvious if you want to do so by typing the formula directly. Therefore, use the mouse pointer as much as possible to indicate the desired ranges when building a formula.
C7: 4 | D7: Some Excel options are not available if the workbook contains one or more Tables (for example Conditional View - Custom Views). However, these are usually options that are rarely used anyway. When using some functions (for example SUBTOTAL - SUBTOTAL), it is best to use other values ​​for certain arguments in a Table. For example, the first argument of SUBTOTAL for calculating a sum is the classic "9". However, this does still include rows that are hidden by methods other than Autofilter. In a Table, you therefore add 100 to the first argument of SUBTOTAL each time to obtain the correct result (see exercise below).
C8: 5 | D8: Add Input Form to Quick Access Toolbar - File - Options and then Quick Access Toolbar - Search for Form… - Click Add
B10: Exercises
C11: 1 | D11: Convert the range in columns B through H in worksheet "Sample data" to Table. Give the Table a name (for example "TblCensus2011")
C12: 2 | D12: Freeze the Table titles (first row)
C13: 3 | D13: Choose a table formatting style with dark blue headings and white-blue striped rows
C14: 4 | D14: Provide a total row at the bottom of the table, with a calculated total in the "Count" column
C15: 5 | D15: Enable slicers for all columns except "Count"
C16: 6 | D16: Provide enough empty rows ABOVE to neatly arrange the slicers
C17: 7 | D17: Experiment with the slicers to see how they make filtering more visual and easier
C18: 8 | D18: Add a new column to the far right of the Table ("Relative to place of residence")
C19: 9 | D19: In the first free cell of the new column, add a formula that divides the number by the sum of all the numbers for the residence in question and format the cell as a percentage with 1 decimal place. Tip: in the denominator, use the SUMIF function To see the correct formula, change the font color in the cells below
D20: Formula
D21: =[@People]/SUMIF([Municipality],[@Municipality],[People])
C22: 10 | D22: Use the input form to add a data (row) : - Province: Noord-Brabant - Arrondissement: Leuven - Municipality: Bommerskonten - Gender: Binair - Nationality: Belg - Category: Volgt onderwijs - Count: 4
B24: NL | C24: Tabel vs bereik
B25: Tabellen
C26: 1 | D26: Vaak worden de woorden "celbereik" ("range") en "tabel" ("table") door elkaar gebruikt wanneer over excelbestanden gesproken wordt. Excel heeft echter de mogelijkheid om een celbereik om te vormen tot een "Tabel" ("Table") waarmee een aantal bijkomende / andere functionaliteiten van Excel beschikbaar gemaakt worden. We maken daarom hier het onderscheid tussen "tabel" en "Tabel" ...
C27: 2 | D27: Met een Tabel kan je gemakkelijker sorteren en filteren, en hoef je je ook veel minder bezig te houden met opmaak en met het doorvoeren van formules als er bijkomende gegevens worden toegevoegd. Enkele "regels" alvorens je hiermee begint: - Een goede voorbereiding spaart achteraf veel tijd. - Bedenk in detail hoe je jouw gegevens wil organiseren om daar achteraf zoveel mogelijk tijdswinst en flexibiliteit uit te halen. - Gebruik beknopte maar betekenisvolle kolomhoofdingen. Iedere kolom moet een hoofding hebben (lege hoofdingcellen worden met een standaard-titel ingevuld door Excel). - Vermijd het gebruik van samengevoegde cellen. - Geef de Tabel een naam waar je achteraf gemakkelijk mee kan werken (goede praktijk is om die naam te laten beginnen met bijvoorbeeld Tbl).
C28: 3 | D28: Alhoewel formules over het algemeen leesbaarder zijn (zie oefening hieronder), is het samenstellen van die formules minder evident als je dat wil doen door de formule rechtstreeks in te tikken. Gebruik daarom zoveel mogelijk de muisaanwijzer om bij het bouwen van een formule de gewenste bereiken aan te duiden.
C29: 4 | D29: Sommige mogelijkheden van Excel zijn niet beschikbaar als er zich in de werkmap een of meerdere Tabellen bevinden (bijvoorbeeld Voorwaardelijke weergave - Custom Views). Meestal gaat het dan echter om mogelijkheden die sowieso heel weinig gebruikt worden. Bij het gebruik van sommige functies (bijvoorbeeld SUBTOTAAL - SUBTOTAL) wordt in een Tabel best gebruik gemaakt van andere waarden voor bepaalde argumenten. Zo is bijvoorbeeld het eerste argument van SUBTOTAAL voor het berekenen van een som klassiek "9". Daarmee worden echter rijen die verborgen worden door andere manieren dan Autofilter WEL nog meegerekend. In een Tabel tel je daarom bij het eerste argument van SUBTOTAAL telkens 100 bij om het juiste resultaat te bekomen (zie oefening hieronder).
C30: 5 | D30: Invoerformulier toevoegen aan de Werkbalk Snelle Toegang (Quick Access Toolbar) - Bestand - Opties (Home - Options)en dan Werkbalk Snelle toegang (Quick Access Toolbar) - Zoek opdracht Formulier… (Form…) - Klik op Toevoegen (Add)
B32: Oefeningen
C33: 1 | D33: Converteer het bereik in kolommen B tot en met H in werkblad "Source Data" tot Tabel. Geef de Tabel een naam (bijvoorbeeld "tblVolkstelling2011")
C34: 2 | D34: Blokkeer de titels van de Tabel (eerste rijen)
C35: 3 | D35: Kies een tabelopmaakstijl met donkerblauwe hoofdingen en wit-blauw gestreepte rijen
C36: 4 | D36: Zorg voor een totaalrij onderaan de tabel, met een berekend totaal in de kolom "Count"
C37: 5 | D37: Activeer slicers voor alle kolommen behalve "Count"
C38: 6 | D38: Voorzie BOVEN de voldoende lege rijen om de slicers keurig te kunnen schikken
C39: 7 | D39: Experimenteer met de slicers om te zien hoe zij het filteren aanschouwelijker en gemakkelijker maken
C40: 8 | D40: Voeg helemaal rechts een nieuwe kolom bij de Tabel ("Relatief tov verblijfplaats")
C41: 9 | D41: Voeg in de eerste vrije cel van de nieuwe kolom een formule toe die het aantal deelt door de som van alle aantallen voor de verblijfsplaats in kwestie en maak de cel op als percentage met 1 cijfer na de komma. Tip: in de noemer gebruik je de functie SOM.ALS (SUMIF) Om de juiste formule te zien, verander de kleur van het lettertype in de cellen hieronder
D42: Formule (NL) | I42: Formule (EN)
D43: =[@People]/SOM.ALS([Municipality];[@Municipality];[People]) | I43: =[@People]/SUMIF([Municipality];[@Municipality];[People])
C44: 10 | D44: Gebruik het invoerformulier om een gegeven (rij) toe te voegen: - Provincie: Noord-Brabant - Arrondissement: Leuven - Verblijfplaats: Bommerskonten - Gender: Binair - Nationaliteit: Belg - Categorie: Volgt onderwijs - Aantal: 4
D45: #VALUE!
B47: FR | C47: Tableau vs plage
B48: Tableaux
C49: 1 | D49: Les mots « plage » (« range ») et « tableau » (« Table ») sont souvent utilisés de manière interchangeable lorsqu’ils font référence à des fichiers Excel. Cependant, Excel a la capacité de convertir une plage de cellules en un « Tableau », ce qui rend un certain nombre de fonctionnalités Excel supplémentaires/autres disponibles. Nous faisons donc ici une distinction entre « tableau » et « Tableau »…
C50: 2 | D50: Un Tableau facilite le tri et le filtrage, et réduit également la quantité de formatage et de saisie de formules requises à mesure que des données supplémentaires sont ajoutées. Quelques « règles » avant de commencer : - Une bonne préparation permet de gagner beaucoup de temps par la suite. - Réfléchissez en détail à la manière dont vous souhaitez organiser vos données afin de gagner le plus de temps et de flexibilité possible par la suite. - Utilisez des titres de colonnes concis mais significatifs. Chaque colonne doit avoir un en-tête (les cellules d'en-tête vides seront remplies avec un titre par défaut par Excel). - Évitez d'utiliser des cellules fusionnées. - Donnez au Tableau un nom qui sera facile à utiliser plus tard (une bonne pratique consiste à commencer le nom par, par exemple, tbl).
C51: 3 | D51: Bien que les formules soient généralement plus lisibles (voir exercice ci-dessous), leur composition est moins évidente si vous souhaitez le faire en tapant directement la formule. Utilisez donc autant que possible le pointeur de la souris pour indiquer les plages souhaitées lors de la construction d'une formule.
C52: 4 | D52: Certaines fonctionnalités d'Excel ne sont pas disponibles si le classeur contient un ou plusieurs Tableaux (par exemple, Vues personnalisées - Custom Views). Cependant, il s’agit généralement d’options qui sont de toute façon rarement utilisées. Lors de l'utilisation de certaines fonctions (par exemple SOUS.TOTAL - SUBTOTAL) dans un Tableau, il est préférable d'utiliser des valeurs différentes pour certains arguments. Par exemple, le premier argument de SOUS.TOTAL pour calculer une somme est classiquement « 9 ». Cependant, cela inclut toujours les lignes masquées par des méthodes autres que le filtre automatique. Dans un Tableau, vous ajoutez donc 100 au premier argument de SOUS.TOTAL à chaque fois pour obtenir le bon résultat (voir exercice ci-dessous).
C53: 5 | D53: Ajouter un formulaire de saisie à la barre d'outils d'accès rapide (Quick Access Toolbar) - Fichier - Options (Home - Options) puis Barre d'outils Accès rapide (Quick Access Toolbar) - Chercher la commande Formulaire… (Form…) - Cliquez sur Ajouter (Add)
B55: Exercices
C56: 1 | D56: Convertissez la plage dans les colonnes B jusqu'à H (inclus) de la feuille de calcul « Sample data » en Tableau. Donnez un nom au Tableau (par exemple « tblCensus2011 »)
C57: 2 | D57: Bloquez les titres du Tableau (première ligne)
C58: 3 | D58: Choisissez un style de mise en forme de Tableau avec des titres bleu foncé et des lignes rayées blanc-bleu
C59: 4 | D59: Fournissez une ligne de total au bas du Tableau, avec un total calculé dans la colonne « Count »
C60: 5 | D60: Activer les segments pour toutes les colonnes sauf « Count »
C61: 6 | D61: Fournissez suffisamment de lignes vides CI-DESSUS pour organiser soigneusement les slicers
C62: 7 | D62: Expérimentez avec les slicers pour voir comment ils rendent le filtrage plus visuel et plus facile
C63: 8 | D63: Ajouter une nouvelle colonne à l'extrême droite du tableau (« Relative to municipality »)
C64: 9 | D64: Dans la première cellule libre de la nouvelle colonne, ajoutez une formule qui divise le nombre par la somme de tous les nombres de la résidence en question et formatez la cellule sous forme de pourcentage avec 1 décimale. Astuce : Au dénominateur, vous utilisez la fonction SOMME.SI (SUMIF) Pour voir la formule correcte, changez la couleur de la police dans les cellules ci-dessous
D65: Formule (FR) | I65: Formule (EN)
D66: =[@People]/SOMME.SI([Municipality],[@Municipality],[People]) | I66: =[@People]/SUMIF([Municipality],[@Municipality],[People])
C67: 10 | D67: Utilisez le formulaire de saisie pour ajouter une donnée (ligne) : - Province : Brabant North - Arrondissement : Leuven - Municipality : Bommerskonten - Gender : Binaire - Nationality : Belgian - Category : In schooling - Count : 4

Sheet Structuur van een Exceldatabase
B1: Kenmerken van een Excel-bestand dat we als database gebruiken
B4: We gebruiken tabellen | C4: Elke kolom heeft slechts 1 hoofding
B5: Data is consistent en gevalideerd | C5: Een gebruiker kan niet invullen wat die wil. We beveiligen met datavalidatie/voorwaardelijke opmaak/dropdowns.
B6: Verbanden tussen verschillende tabellen worden gelegd via "relaties" of "sleutels". | C6: Primaire sleutels zijn unieke gegevens. Bvb indien het rijksregister een Excel-tabel zou zijn zou de kolom RRN geen 2 rijen KUNNEN bevatten met RRN 123456.78945
B7: Relaties worden gelegd via het datamodel of door data samen te brengen naar 1 enkele tabel (via lookup-formules of PowerQuery) | C7: Daarvoor bekijken we waar dimensies zijn en waar er feiten zijn en hoe ze zich verhouden tot elkaar.

Sheet Vastgoedportefeuille
A1: Met de gegevens in deze sheet kunnen we wat we leren verder in praktijk omzetten
B3: PandID | C3: Type pand | D3: Provincie | E3: Gemeente | F3: Postcode | G3: Straat | H3: Huisnr | I3: Bus | J3: Adres volledig | K3: Eigenaar naam | L3: Eigenaar e-mail | M3: Eigenaar telefoon | N3: Eigenaar IBAN | O3: Huurder naam | P3: Huurder e-mail | Q3: Huurder telefoon | R3: Huurder IBAN | S3: Huurcontract nr | T3: Start huurcontract | U3: Einde huurcontract | V3: Status | W3: Maandhuur | X3: Waarborg | Y3: EPC-label | Z3: Bouwjaar | AA3: Oppervlakte m² | AB3: Slaapkamers | AC3: Parkeerplaats | AD3: Elektriciteit EAN | AE3: Elektriciteit contractnr | AF3: Water contractnr | AG3: Verwarming | AH3: Laatste indexatie | AI3: Indexatie frequentie | AJ3: Syndicus | AK3: Opmerking
B4: P-0001 | C4: Handelspand | D4: Antwerpen | E4: Turnhout | F4: 2300 | G4: Markt | H4: 14 | I4: 1 | J4: Markt 14 bus 1, 2300 Turnhout | K4: Peter Willems | L4: peter.willems@eigenaar.example | M4: 0413 17 31 43 | N4: BE17 1037 0193 0911 | O4: Jeroen Goossens | P4: jeroen.goossens@huurder.example | Q4: 0413 17 31 43 | R4: BE70 12137 8093 4211 | S4: HC-2021-0001 | T4: 44355 | V4: Verhuurd | W4: 1241 | X4: 3723 | Y4: C | Z4: 1962 | AA4: 77 | AB4: 0 | AC4: Nee | AD4: 5.4144e+16 | AE4: EL-450137 | AF4: WA-230083 | AG4: Stookolie | AH4: 45691 | AI4: Jaarlijks | AJ4: ImmoBeheer Antwerpen
B5: P-0002 | C5: Kantoor | D5: Antwerpen | E5: Geel | F5: 2440 | G5: Parklaan | H5: 27 | I5: 101 | J5: Parklaan 27 bus 0101, 2440 Geel | K5: Koen Vermeulen | L5: koen.vermeulen@eigenaar.example | M5: 0416 34 62 86 | N5: BE24 1074 0386 1822 | O5: Eva Martens | P5: eva.martens@huurder.example | Q5: 0416 34 62 86 | R5: BE77 12174 8286 5122 | S5: HC-2022-0002 | T5: 44880 | V5: Verhuurd | W5: 924 | X5: 2772 | Y5: E | Z5: 1969 | AA5: 73 | AB5: 0 | AC5: Nee | AD5: 5.4144e+16 | AE5: EL-450274 | AF5: WA-230166 | AG5: Elektrisch | AH5: 45721 | AI5: 3-Jaarlijks | AJ5: ImmoBeheer Antwerpen
B6: P-0003 | C6: Magazijn | D6: Antwerpen | E6: Brasschaat | F6: 2930 | G6: Kerkstraat | H6: 40 | I6: A | J6: Kerkstraat 40 bus A, 2930 Brasschaat | K6: Marc Michiels | L6: marc.michiels@eigenaar.example | M6: 0419 51 93 29 | N6: BE31 1111 0579 2733 | O6: Julie Jacobs | P6: julie.jacobs@huurder.example | Q6: 0419 51 93 29 | R6: BE84 12211 8479 6033 | S6: HC-2023-0003 | T6: 45038 | V6: Verhuurd | W6: 1037 | X6: 3111 | Y6: A | Z6: 1976 | AA6: 159 | AB6: 0 | AC6: Nee | AD6: 5.4144e+16 | AE6: EL-450411 | AF6: WA-230249 | AG6: Collectieve verwarming | AH6: 45754 | AI6: Jaarlijks | AJ6: ImmoBeheer Antwerpen
B7: P-0004 | C7: Studio | D7: Antwerpen | E7: Willebroek | F7: 2830 | G7: Lindenlaan | H7: 53 | I7: 2 | J7: Lindenlaan 53 bus 2, 2830 Willebroek | K7: Tom Maes | L7: tom.maes@eigenaar.example | M7: 0422 68 24 72 | N7: BE38 1148 0772 3644 | O7: Sarah Vermeulen | P7: sarah.vermeulen@huurder.example | Q7: 0422 68 24 72 | R7: BE02 12248 8672 6944 | S7: HC-2024-0004 | T7: 45539 | V7: Verhuurd | W7: 588 | X7: 1764 | Y7: C | Z7: 1983 | AA7: 89 | AB7: 3 | AC7: Ja | AD7: 5.4144e+16 | AE7: EL-450548 | AF7: WA-230332 | AG7: Warmtepomp | AH7: 45786 | AI7: Jaarlijks | AJ7: ImmoBeheer Antwerpen
B8: P-0005 | C8: Woning | D8: Antwerpen | E8: Duffel | F8: 2570 | G8: Dokter Jacobsstraat | H8: 66 | I8: 202 | J8: Dokter Jacobsstraat 66 bus 0202, 2570 Duffel | K8: Dirk Goossens | L8: dirk.goossens@eigenaar.example | M8: 0425 85 55 15 | N8: BE45 1185 0965 4555 | O8: Yassin Hermans | P8: yassin.hermans@huurder.example | Q8: 0425 85 55 15 | R8: BE09 12285 8865 7855 | S8: HC-2025-0005 | T8: 45699 | U8: 46794 | V8: Verhuurd | W8: 1145 | X8: 3435 | Y8: E | Z8: 1990 | AA8: 100 | AB8: 1 | AC8: Nee | AD8: 5.4144e+16 | AE8: EL-450685 | AF8: WA-230415 | AG8: Gas individueel | AH8: 45819 | AI8: Jaarlijks | AJ8: ImmoBeheer Antwerpen
B9: P-0006 | C9: Duplex | D9: Antwerpen | E9: Wijnegem | F9: 2110 | G9: Molenstraat | H9: 79 | I9: B | J9: Molenstraat 79 bus B, 2110 Wijnegem | K9: Hilde Van den Broeck | L9: hilde.vandenbroeck@eigenaar.example | M9: 0428 02 86 58 | N9: BE52 1222 1158 5466 | O9: Samira Claes | P9: samira.claes@huurder.example | Q9: 0428 02 86 58 | R9: BE16 12322 9058 8766 | S9: HC-2020-0006 | T9: 44030 | V9: Verhuurd | W9: 1136 | X9: 3408 | Y9: A | Z9: 1997 | AA9: 111 | AB9: 4 | AC9: Nee | AD9: 5.4144e+16 | AE9: EL-450822 | AF9: WA-230498 | AG9: Stookolie | AH9: 45851 | AI9: Jaarlijks | AJ9: ImmoBeheer Antwerpen
B10: P-0007 | C10: Garage | D10: Antwerpen | E10: Mechelen | F10: 2800 | G10: Beukenlaan | H10: 92 | I10: 3 | J10: Beukenlaan 92 bus 3, 2800 Mechelen | K10: Leen Hermans | L10: leen.hermans@eigenaar.example | M10: 0401 19 17 01 | N10: BE59 1259 1351 6377 | O10: Fatima Hendrickx | P10: fatima.hendrickx@huurder.example | Q10: 0401 19 17 01 | R10: BE23 12359 9251 9677 | S10: HC-2021-0007 | T10: 44555 | V10: Verhuurd | W10: 152 | X10: 456 | Y10: C | Z10: 2004 | AA10: 23 | AB10: 0 | AC10: Ja | AD10: 5.4144e+16 | AE10: EL-450959 | AF10: WA-230581 | AG10: Elektrisch | AH10: 45884 | AI10: Jaarlijks | AJ10: ImmoBeheer Antwerpen
B11: P-0008 | C11: Appartement | D11: Antwerpen | E11: Herentals | F11: 2200 | G11: Begijnhofstraat | H11: 105 | J11: Begijnhofstraat 105, 2200 Herentals | K11: Els Mertens | L11: els.mertens@eigenaar.example | M11: 0404 36 48 44 | N11: BE66 1296 1544 7288 | O11: Amina Maes | P11: amina.maes@huurder.example | Q11: 0404 36 48 44 | R11: BE30 12396 9444 0588 | S11: HC-2022-0008 | T11: 44688 | V11: Verhuurd | W11: 904 | X11: 2712 | Y11: E | Z11: 2011 | AA11: 133 | AB11: 5 | AC11: Ja | AD11: 5.4144e+16 | AE11: EL-451096 | AF11: WA-230664 | AG11: Collectieve verwarming | AH11: 45917 | AI11: Jaarlijks | AJ11: ImmoBeheer Antwerpen
B12: P-0009 | C12: Handelspand | D12: Antwerpen | E12: Boom | F12: 2850 | G12: Schoolstraat | H12: 118 | I12: 1 | J12: Schoolstraat 118 bus 1, 2850 Boom | K12: An De Smet | L12: an.desmet@eigenaar.example | M12: 0407 53 79 87 | N12: BE73 1333 1737 8199 | O12: Bram De Smet | P12: bram.desmet@huurder.example | Q12: 0407 53 79 87 | R12: BE37 12433 9637 1499 | S12: HC-2023-0009 | T12: 45213 | V12: Verhuurd | W12: 1569 | X12: 4707 | Y12: A | Z12: 2018 | AA12: 133 | AB12: 0 | AC12: Nee | AD12: 5.4144e+16 | AE12: EL-451233 | AF12: WA-230747 | AG12: Warmtepomp | AH12: 45949 | AI12: 3-Jaarlijks | AJ12: ImmoBeheer Antwerpen
B13: P-0010 | C13: Kantoor | D13: Antwerpen | E13: Schoten | F13: 2900 | G13: Turnhoutsebaan | H13: 131 | I13: 101 | J13: Turnhoutsebaan 131 bus 0101, 2900 Schoten | K13: Sofie Martens | L13: sofie.martens@eigenaar.example | M13: 0410 70 10 30 | N13: BE80 1370 1930 9110 | O13: Jeroen Aerts | P13: jeroen.aerts@huurder.example | Q13: 0410 70 10 30 | R13: BE44 12470 9830 2410 | S13: HC-2024-0010 | T13: 45372 | U13: 46467 | V13: Verhuurd | W13: 1220 | X13: 3660 | Y13: C | Z13: 1956 | AA13: 145 | AB13: 0 | AC13: Nee | AD13: 5.4144e+16 | AE13: EL-451370 | AF13: WA-230830 | AG13: Gas individueel | AH13: 45982 | AI13: Jaarlijks | AJ13: ImmoBeheer Antwerpen
B14: P-0011 | C14: Magazijn | D14: Antwerpen | E14: Heist-op-den-Berg | F14: 2220 | G14: Ringlaan | H14: 144 | I14: A | J14: Ringlaan 144 bus A, 2220 Heist-op-den-Berg | K14: Nathalie Janssens | L14: nathalie.janssens@eigenaar.example | M14: 0413 87 41 73 | N14: BE87 1407 2123 0021 | O14: Eva Willems | P14: eva.willems@huurder.example | Q14: 0413 87 41 73 | R14: BE51 12507 0023 3321 | S14: HC-2025-0011 | T14: 45872 | V14: Verhuurd | W14: 1269 | X14: 3807 | Y14: E | Z14: 1963 | AA14: 263 | AB14: 0 | AC14: Nee | AD14: 5.4144e+16 | AE14: EL-451507 | AF14: WA-230913 | AG14: Stookolie | AH14: 46014 | AI14: Jaarlijks | AJ14: ImmoBeheer Antwerpen
B15: P-0012 | C15: Studio | D15: Antwerpen | E15: Edegem | F15: 2650 | G15: Nieuwstraat | H15: 157 | I15: 2 | J15: Nieuwstraat 157 bus 2, 2650 Edegem | K15: Inge Claes | L15: inge.claes@eigenaar.example | M15: 0416 04 72 16 | N15: BE05 1444 2316 0932 | O15: Julie Van den Broeck | P15: julie.vandenbroeck@huurder.example | Q15: 0416 04 72 16 | R15: BE58 12544 0216 4232 | S15: HC-2020-0012 | T15: 43840 | V15: Verhuurd | W15: 724 | X15: 2172 | Y15: A | Z15: 1970 | AA15: 177 | AB15: 2 | AC15: Ja | AD15: 5.4144e+16 | AE15: EL-451644 | AF15: WA-230996 | AG15: Elektrisch | AH15: 45682 | AI15: Jaarlijks | AJ15: ImmoBeheer Antwerpen
B16: P-0013 | C16: Woning | D16: Antwerpen | E16: Zandhoven | F16: 2240 | G16: Mechelsesteenweg | H16: 170 | I16: 202 | J16: Mechelsesteenweg 170 bus 0202, 2240 Zandhoven | K16: Katrien Lemmens | L16: katrien.lemmens@eigenaar.example | M16: 0419 21 03 59 | N16: BE12 1481 2509 1843 | O16: Sarah Janssens | P16: sarah.janssens@huurder.example | Q16: 0419 21 03 59 | R16: BE65 12581 0409 5143 | S16: HC-2021-0013 | T16: 44364 | V16: Verhuurd | W16: 1297 | X16: 3891 | Y16: C | Z16: 1977 | AA16: 188 | AB16: 5 | AC16: Nee | AD16: 5.4144e+16 | AE16: EL-451781 | AF16: WA-231079 | AG16: Collectieve verwarming | AH16: 45690 | AI16: Jaarlijks | AJ16: ImmoBeheer Antwerpen
B17: P-0014 | C17: Duplex | D17: Antwerpen | E17: Lier | F17: 2500 | G17: Havenweg | H17: 183 | I17: B | J17: Havenweg 183 bus B, 2500 Lier | K17: Wim Aerts | L17: wim.aerts@eigenaar.example | M17: 0422 38 34 02 | N17: BE19 1518 2702 2754 | O17: Yassin Wouters | P17: yassin.wouters@huurder.example | Q17: 0422 38 34 02 | R17: BE72 12618 0602 6054 | S17: HC-2022-0014 | T17: 44889 | V17: Verhuurd | W17: 1384 | X17: 4152 | Y17: E | Z17: 1984 | AA17: 199 | AB17: 3 | AC17: Nee | AD17: 5.4144e+16 | AE17: EL-451918 | AF17: WA-231162 | AG17: Warmtepomp | AH17: 45720 | AI17: Jaarlijks | AJ17: ImmoBeheer Antwerpen
B18: P-0015 | C18: Garage | D18: Antwerpen | E18: Mol | F18: 2400 | G18: Kapellestraat | H18: 10 | I18: 3 | J18: Kapellestraat 10 bus 3, 2400 Mol | K18: Jan Jacobs | L18: jan.jacobs@eigenaar.example | M18: 0425 55 65 45 | N18: BE26 1555 2895 3665 | O18: Samira Michiels | P18: samira.michiels@huurder.example | Q18: 0425 55 65 45 | R18: BE79 12655 0795 6965 | S18: HC-2023-0015 | T18: 45022 | U18: 46118 | V18: Verhuurd | W18: 110 | X18: 330 | Y18: A | Z18: 1991 | AA18: 31 | AB18: 0 | AC18: Ja | AD18: 5.4144e+16 | AE18: EL-452055 | AF18: WA-231245 | AG18: Gas individueel | AH18: 45753 | AI18: Jaarlijks | AJ18: ImmoBeheer Antwerpen
B19: P-0016 | C19: Appartement | D19: Antwerpen | E19: Kontich | F19: 2550 | G19: Antwerpsesteenweg | H19: 23 | J19: Antwerpsesteenweg 23, 2550 Kontich | K19: Peter Wouters | L19: peter.wouters@eigenaar.example | M19: 0428 72 96 88 | N19: BE33 1592 3088 4576 | O19: Fatima Mertens | P19: fatima.mertens@huurder.example | Q19: 0428 72 96 88 | R19: BE86 12692 0988 7876 | S19: HC-2024-0016 | T19: 45548 | V19: Verhuurd | W19: 1088 | X19: 3264 | Y19: C | Z19: 1998 | AA19: 221 | AB19: 4 | AC19: Ja | AD19: 5.4144e+16 | AE19: EL-452192 | AF19: WA-231328 | AG19: Stookolie | AH19: 45785 | AI19: Jaarlijks | AJ19: ImmoBeheer Antwerpen
B20: P-0017 | C20: Handelspand | D20: Antwerpen | E20: Mortsel | F20: 2640 | G20: Groenstraat | H20: 36 | I20: 1 | J20: Groenstraat 36 bus 1, 2640 Mortsel | K20: Koen Hendrickx | L20: koen.hendrickx@eigenaar.example | M20: 0401 89 27 31 | N20: BE40 1629 3281 5487 | S20: HC-2025-0017 | T20: 45708 | V20: Leegstand | W20: 1897 | X20: 5691 | Y20: E | Z20: 2005 | AA20: 189 | AB20: 0 | AC20: Nee | AD20: 5.4144e+16 | AE20: EL-452329 | AF20: WA-231411 | AG20: Elektrisch | AH20: 45818 | AI20: Jaarlijks | AJ20: ImmoBeheer Antwerpen
B21: P-0018 | C21: Kantoor | D21: Antwerpen | E21: Balen | F21: 2490 | G21: Industrieweg | H21: 49 | I21: 101 | J21: Industrieweg 49 bus 0101, 2490 Balen | K21: Marc Peeters | L21: marc.peeters@eigenaar.example | M21: 0404 06 58 74 | N21: BE47 1666 3474 6398 | O21: Bram Peeters | P21: bram.peeters@huurder.example | Q21: 0404 06 58 74 | R21: BE11 12766 1374 9698 | S21: HC-2020-0018 | T21: 44014 | V21: Verhuurd | W21: 1516 | X21: 4548 | Y21: A | Z21: 2012 | AA21: 217 | AB21: 0 | AC21: Nee | AD21: 5.4144e+16 | AE21: EL-452466 | AF21: WA-231494 | AG21: Collectieve verwarming | AH21: 45850 | AI21: Jaarlijks | AJ21: ImmoBeheer Antwerpen
B22: P-0019 | C22: Magazijn | D22: Antwerpen | E22: Ranst | F22: 2520 | G22: Veldstraat | H22: 62 | I22: A | J22: Veldstraat 62 bus A, 2520 Ranst | K22: Tom Willems | L22: tom.willems@eigenaar.example | M22: 0407 23 89 17 | N22: BE54 1703 3667 7309 | O22: Jeroen Goossens | P22: jeroen.goossens@huurder.example | Q22: 0407 23 89 17 | R22: BE18 12803 1567 0609 | S22: HC-2021-0019 | T22: 44539 | V22: Verhuurd | W22: 1501 | X22: 4503 | Y22: C | Z22: 2019 | AA22: 367 | AB22: 0 | AC22: Nee | AD22: 5.4144e+16 | AE22: EL-452603 | AF22: WA-231577 | AG22: Warmtepomp | AH22: 45883 | AI22: Jaarlijks | AJ22: ImmoBeheer Antwerpen | AK22: Indexatie na renovatie controleren
B23: P-0020 | C23: Studio | D23: Antwerpen | E23: Antwerpen | F23: 2000 | G23: Stationsstraat | H23: 75 | I23: 2 | J23: Stationsstraat 75 bus 2, 2000 Antwerpen | K23: Dirk Vermeulen | L23: dirk.vermeulen@eigenaar.example | M23: 0410 40 20 60 | N23: BE61 1740 3860 8220 | O23: Eva Martens | P23: eva.martens@huurder.example | Q23: 0410 40 20 60 | R23: BE25 12840 1760 1520 | S23: HC-2022-0020 | T23: 44697 | U23: 45793 | V23: Verhuurd | W23: 860 | X23: 2580 | Y23: E | Z23: 1957 | AA23: 80 | AB23: 1 | AC23: Ja | AD23: 5.4144e+16 | AE23: EL-452740 | AF23: WA-231660 | AG23: Gas individueel | AH23: 45916 | AI23: Jaarlijks | AJ23: ImmoBeheer Antwerpen
B24: P-0021 | C24: Woning | D24: Antwerpen | E24: Turnhout | F24: 2300 | G24: Markt | H24: 88 | I24: 202 | J24: Markt 88 bus 0202, 2300 Turnhout | K24: Hilde Michiels | L24: hilde.michiels@eigenaar.example | M24: 0413 57 51 03 | N24: BE68 1777 4053 9131 | O24: Julie Jacobs | P24: julie.jacobs@huurder.example | Q24: 0413 57 51 03 | R24: BE32 12877 1953 2431 | S24: HC-2023-0021 | T24: 45222 | V24: Verhuurd | W24: 1449 | X24: 4347 | Y24: A | Z24: 1964 | AA24: 91 | AB24: 4 | AC24: Nee | AD24: 5.4144e+16 | AE24: EL-452877 | AF24: WA-231743 | AG24: Stookolie | AH24: 45948 | AI24: Jaarlijks | AJ24: ImmoBeheer Antwerpen
B25: P-0022 | C25: Duplex | D25: Antwerpen | E25: Geel | F25: 2440 | G25: Parklaan | H25: 101 | I25: B | J25: Parklaan 101 bus B, 2440 Geel | K25: Leen Maes | L25: leen.maes@eigenaar.example | M25: 0416 74 82 46 | N25: BE75 1814 4246 0042 | O25: Sarah Vermeulen | P25: sarah.vermeulen@huurder.example | Q25: 0416 74 82 46 | R25: BE39 12914 2146 3342 | S25: HC-2024-0022 | T25: 45356 | V25: Verhuurd | W25: 1632 | X25: 4896 | Y25: C | Z25: 1971 | AA25: 102 | AB25: 2 | AC25: Nee | AD25: 5.4144e+16 | AE25: EL-453014 | AF25: WA-231826 | AG25: Elektrisch | AH25: 45981 | AI25: Jaarlijks | AJ25: ImmoBeheer Antwerpen
B26: P-0023 | C26: Garage | D26: Antwerpen | E26: Brasschaat | F26: 2930 | G26: Kerkstraat | H26: 114 | I26: 3 | J26: Kerkstraat 114 bus 3, 2930 Brasschaat | K26: Els Goossens | L26: els.goossens@eigenaar.example | M26: 0419 91 13 89 | N26: BE82 1851 4439 0953 | O26: Yassin Hermans | P26: yassin.hermans@huurder.example | Q26: 0419 91 13 89 | R26: BE46 12951 2339 4253 | S26: HC-2025-0023 | T26: 45881 | V26: In renovatie | W26: 198 | X26: 594 | Y26: E | Z26: 1978 | AA26: 21 | AB26: 0 | AC26: Ja | AD26: 5.4144e+16 | AE26: EL-453151 | AF26: WA-231909 | AG26: Collectieve verwarming | AH26: 46013 | AI26: Jaarlijks | AJ26: ImmoBeheer Antwerpen
B27: P-0024 | C27: Appartement | D27: Antwerpen | E27: Willebroek | F27: 2830 | G27: Lindenlaan | H27: 127 | J27: Lindenlaan 127, 2830 Willebroek | K27: An Van den Broeck | L27: an.vandenbroeck@eigenaar.example | M27: 0422 08 44 32 | N27: BE00 1888 4632 1864 | O27: Samira Claes | P27: samira.claes@huurder.example | Q27: 0422 08 44 32 | R27: BE53 12988 2532 5164 | S27: HC-2020-0024 | T27: 43849 | V27: Verhuurd | W27: 1272 | X27: 3816 | Y27: A | Z27: 1985 | AA27: 124 | AB27: 3 | AC27: Ja | AD27: 5.4144e+16 | AE27: EL-453288 | AF27: WA-231992 | AG27: Warmtepomp | AH27: 45681 | AI27: Jaarlijks | AJ27: ImmoBeheer Antwerpen
B28: P-0025 | C28: Handelspand | D28: Antwerpen | E28: Duffel | F28: 2570 | G28: Dokter Jacobsstraat | H28: 140 | I28: 1 | J28: Dokter Jacobsstraat 140 bus 1, 2570 Duffel | K28: Sofie Hermans | L28: sofie.hermans@eigenaar.example | M28: 0425 25 75 75 | N28: BE07 1925 4825 2775 | O28: Fatima Hendrickx | P28: fatima.hendrickx@huurder.example | Q28: 0425 25 75 75 | R28: BE60 13025 2725 6075 | S28: HC-2021-0025 | T28: 44348 | U28: 45444 | V28: Verhuurd | W28: 2225 | X28: 6675 | Y28: C | Z28: 1992 | AA28: 245 | AB28: 0 | AC28: Nee | AD28: 5.4144e+16 | AE28: EL-453425 | AF28: WA-232075 | AG28: Gas individueel | AH28: 45689 | AI28: Jaarlijks | AJ28: ImmoBeheer Antwerpen
B29: P-0026 | C29: Kantoor | D29: Antwerpen | E29: Wijnegem | F29: 2110 | G29: Molenstraat | H29: 153 | I29: 101 | J29: Molenstraat 153 bus 0101, 2110 Wijnegem | K29: Nathalie Mertens | L29: nathalie.mertens@eigenaar.example | M29: 0428 42 06 18 | N29: BE14 1962 5018 3686 | O29: Amina Maes | P29: amina.maes@huurder.example | Q29: 0428 42 06 18 | R29: BE67 13062 2918 6986 | S29: HC-2022-0026 | T29: 44873 | V29: Verhuurd | W29: 1812 | X29: 5436 | Y29: E | Z29: 1999 | AA29: 289 | AB29: 0 | AC29: Nee | AD29: 5.4144e+16 | AE29: EL-453562 | AF29: WA-232158 | AG29: Stookolie | AH29: 45719 | AI29: Jaarlijks | AJ29: ImmoBeheer Antwerpen
B30: P-0027 | C30: Magazijn | D30: Antwerpen | E30: Mechelen | F30: 2800 | G30: Beukenlaan | H30: 166 | I30: A | J30: Beukenlaan 166 bus A, 2800 Mechelen | K30: Inge De Smet | L30: inge.desmet@eigenaar.example | M30: 0401 59 37 61 | N30: BE21 1999 5211 4597 | O30: Bram De Smet | P30: bram.desmet@huurder.example | Q30: 0401 59 37 61 | R30: BE74 13099 3111 7897 | S30: HC-2023-0027 | T30: 45031 | V30: Verhuurd | W30: 1733 | X30: 5199 | Y30: A | Z30: 2006 | AA30: 471 | AB30: 0 | AC30: Nee | AD30: 5.4144e+16 | AE30: EL-453699 | AF30: WA-232241 | AG30: Elektrisch | AH30: 45752 | AI30: Jaarlijks | AJ30: ImmoBeheer Antwerpen
B31: P-0028 | C31: Studio | D31: Antwerpen | E31: Herentals | F31: 2200 | G31: Begijnhofstraat | H31: 179 | I31: 2 | J31: Begijnhofstraat 179 bus 2, 2200 Herentals | K31: Katrien Martens | L31: katrien.martens@eigenaar.example | M31: 0404 76 68 04 | N31: BE28 2036 5404 5508 | O31: Jeroen Aerts | P31: jeroen.aerts@huurder.example | Q31: 0404 76 68 04 | R31: BE81 13136 3304 8808 | S31: HC-2024-0028 | T31: 45557 | V31: Verhuurd | W31: 576 | X31: 1728 | Y31: C | Z31: 2013 | AA31: 168 | AB31: 5 | AC31: Ja | AD31: 5.4144e+16 | AE31: EL-453836 | AF31: WA-232324 | AG31: Collectieve verwarming | AH31: 45784 | AI31: Jaarlijks | AJ31: ImmoBeheer Antwerpen | AK31: Waarborgattest nog op te vragen
B32: P-0029 | C32: Woning | D32: Antwerpen | E32: Boom | F32: 2850 | G32: Schoolstraat | H32: 6 | I32: 202 | J32: Schoolstraat 6 bus 0202, 2850 Boom | K32: Wim Janssens | L32: wim.janssens@eigenaar.example | M32: 0407 93 99 47 | N32: BE35 2073 5597 6419 | O32: Eva Willems | P32: eva.willems@huurder.example | Q32: 0407 93 99 47 | R32: BE88 13173 3497 9719 | S32: HC-2025-0029 | T32: 45692 | V32: Opgezegd | W32: 1601 | X32: 4803 | Y32: E | Z32: 2020 | AA32: 179 | AB32: 3 | AC32: Nee | AD32: 5.4144e+16 | AE32: EL-453973 | AF32: WA-232407 | AG32: Warmtepomp | AH32: 45817 | AI32: Jaarlijks | AJ32: ImmoBeheer Antwerpen
B33: P-0030 | C33: Duplex | D33: Antwerpen | E33: Schoten | F33: 2900 | G33: Turnhoutsebaan | H33: 19 | I33: B | J33: Turnhoutsebaan 19 bus B, 2900 Schoten | K33: Jan Claes | L33: jan.claes@eigenaar.example | M33: 0410 10 30 90 | N33: BE42 2110 5790 7330 | O33: Julie Van den Broeck | P33: julie.vandenbroeck@huurder.example | Q33: 0410 10 30 90 | R33: BE06 13210 3690 0630 | S33: HC-2020-0030 | T33: 44023 | U33: 45118 | V33: Verhuurd | W33: 1030 | X33: 3090 | Y33: A | Z33: 1958 | AA33: 190 | AB33: 1 | AC33: Nee | AD33: 5.4144e+16 | AE33: EL-454110 | AF33: WA-232490 | AG33: Gas individueel | AH33: 45849 | AI33: Jaarlijks | AJ33: ImmoBeheer Antwerpen
B34: P-0031 | C34: Garage | D34: Antwerpen | E34: Heist-op-den-Berg | F34: 2220 | G34: Ringlaan | H34: 32 | I34: 3 | J34: Ringlaan 32 bus 3, 2220 Heist-op-den-Berg | K34: Peter Lemmens | L34: peter.lemmens@eigenaar.example | M34: 0413 27 61 33 | N34: BE49 2147 5983 8241 | S34: HC-2021-0031 | T34: 44548 | V34: Te verhuren | W34: 156 | X34: 468 | Y34: C | Z34: 1965 | AA34: 29 | AB34: 0 | AC34: Ja | AD34: 5.4144e+16 | AE34: EL-454247 | AF34: WA-232573 | AG34: Stookolie | AH34: 45882 | AI34: Jaarlijks | AJ34: ImmoBeheer Antwerpen
B35: P-0032 | C35: Appartement | D35: Antwerpen | E35: Edegem | F35: 2650 | G35: Nieuwstraat | H35: 45 | J35: Nieuwstraat 45, 2650 Edegem | K35: Koen Aerts | L35: koen.aerts@eigenaar.example | M35: 0416 44 92 76 | N35: BE56 2184 6176 9152 | O35: Yassin Wouters | P35: yassin.wouters@huurder.example | Q35: 0416 44 92 76 | R35: BE20 13284 4076 2452 | S35: HC-2022-0032 | T35: 44706 | V35: Verhuurd | W35: 1456 | X35: 4368 | Y35: E | Z35: 1972 | AA35: 212 | AB35: 2 | AC35: Ja | AD35: 5.4144e+16 | AE35: EL-454384 | AF35: WA-232656 | AG35: Elektrisch | AH35: 45915 | AI35: Jaarlijks | AJ35: ImmoBeheer Antwerpen
B36: P-0033 | C36: Handelspand | D36: Antwerpen | E36: Zandhoven | F36: 2240 | G36: Mechelsesteenweg | H36: 58 | I36: 1 | J36: Mechelsesteenweg 58 bus 1, 2240 Zandhoven | K36: Marc Jacobs | L36: marc.jacobs@eigenaar.example | M36: 0419 61 23 19 | N36: BE63 2221 6369 0063 | O36: Samira Michiels | P36: samira.michiels@huurder.example | Q36: 0419 61 23 19 | R36: BE27 13321 4269 3363 | S36: HC-2023-0033 | T36: 45206 | V36: Verhuurd | W36: 2553 | X36: 7659 | Y36: A | Z36: 1979 | AA36: 301 | AB36: 0 | AC36: Nee | AD36: 5.4144e+16 | AE36: EL-454521 | AF36: WA-232739 | AG36: Collectieve verwarming | AH36: 45947 | AI36: Jaarlijks | AJ36: ImmoBeheer Antwerpen | AK36: EPC-vernieuwing gepland
B37: P-0034 | C37: Kantoor | D37: Antwerpen | E37: Lier | F37: 2500 | G37: Havenweg | H37: 71 | I37: 101 | J37: Havenweg 71 bus 0101, 2500 Lier | K37: Tom Wouters | L37: tom.wouters@eigenaar.example | M37: 0422 78 54 62 | N37: BE70 2258 6562 0974 | S37: HC-2024-0034 | T37: 45365 | V37: Leegstand | W37: 2108 | X37: 6324 | Y37: C | Z37: 1986 | AA37: 101 | AB37: 0 | AC37: Nee | AD37: 5.4144e+16 | AE37: EL-454658 | AF37: WA-232822 | AG37: Warmtepomp | AH37: 45980 | AI37: Jaarlijks | AJ37: ImmoBeheer Antwerpen
B38: P-0035 | C38: Magazijn | D38: Antwerpen | E38: Mol | F38: 2400 | G38: Kapellestraat | H38: 84 | I38: A | J38: Kapellestraat 84 bus A, 2400 Mol | K38: Dirk Hendrickx | L38: dirk.hendrickx@eigenaar.example | M38: 0425 95 85 05 | N38: BE77 2295 6755 1885 | O38: Amina Lemmens | P38: amina.lemmens@huurder.example | Q38: 0425 95 85 05 | R38: BE41 13395 4655 5185 | S38: HC-2025-0035 | T38: 45890 | U38: 46986 | V38: Verhuurd | W38: 1965 | X38: 5895 | Y38: E | Z38: 1993 | AA38: 575 | AB38: 0 | AC38: Nee | AD38: 5.4144e+16 | AE38: EL-454795 | AF38: WA-232905 | AG38: Gas individueel | AH38: 46012 | AI38: Jaarlijks | AJ38: ImmoBeheer Antwerpen
B39: P-0036 | C39: Studio | D39: Antwerpen | E39: Kontich | F39: 2550 | G39: Antwerpsesteenweg | H39: 97 | I39: 2 | J39: Antwerpsesteenweg 97 bus 2, 2550 Kontich | K39: Hilde Peeters | L39: hilde.peeters@eigenaar.example | M39: 0428 12 16 48 | N39: BE84 2332 6948 2796 | O39: Bram Peeters | P39: bram.peeters@huurder.example | Q39: 0428 12 16 48 | R39: BE48 13432 4848 6096 | S39: HC-2020-0036 | T39: 43833 | V39: Verhuurd | W39: 712 | X39: 2136 | Y39: A | Z39: 2000 | AA39: 71 | AB39: 4 | AC39: Ja | AD39: 5.4144e+16 | AE39: EL-454932 | AF39: WA-232988 | AG39: Stookolie | AH39: 45680 | AI39: Jaarlijks | AJ39: ImmoBeheer Antwerpen
B40: P-0037 | C40: Woning | D40: Antwerpen | E40: Mortsel | F40: 2640 | G40: Groenstraat | H40: 110 | I40: 202 | J40: Groenstraat 110 bus 0202, 2640 Mortsel | K40: Leen Willems | L40: leen.willems@eigenaar.example | M40: 0401 29 47 91 | N40: BE02 2369 7141 3707 | O40: Jeroen Goossens | P40: jeroen.goossens@huurder.example | Q40: 0401 29 47 91 | R40: BE55 13469 5041 7007 | S40: HC-2021-0037 | T40: 44357 | V40: Verhuurd | W40: 1753 | X40: 5259 | Y40: C | Z40: 2007 | AA40: 82 | AB40: 2 | AC40: Nee | AD40: 5.4144e+16 | AE40: EL-455069 | AF40: WA-233071 | AG40: Elektrisch | AH40: 45713 | AI40: Jaarlijks | AJ40: ImmoBeheer Antwerpen
B41: P-0038 | C41: Duplex | D41: Antwerpen | E41: Balen | F41: 2490 | G41: Industrieweg | H41: 123 | I41: B | J41: Industrieweg 123 bus B, 2490 Balen | K41: Els Vermeulen | L41: els.vermeulen@eigenaar.example | M41: 0404 46 78 34 | N41: BE09 2406 7334 4618 | O41: Eva Martens | P41: eva.martens@huurder.example | Q41: 0404 46 78 34 | R41: BE62 13506 5234 7918 | S41: HC-2022-0038 | T41: 44882 | V41: Verhuurd | W41: 1278 | X41: 3834 | Y41: E | Z41: 2014 | AA41: 93 | AB41: 5 | AC41: Nee | AD41: 5.4144e+16 | AE41: EL-455206 | AF41: WA-233154 | AG41: Collectieve verwarming | AH41: 45718 | AI41: Jaarlijks | AJ41: ImmoBeheer Antwerpen | AK41: Indexatie na renovatie controleren
B42: P-0039 | C42: Garage | D42: Antwerpen | E42: Ranst | F42: 2520 | G42: Veldstraat | H42: 136 | I42: 3 | J42: Veldstraat 136 bus 3, 2520 Ranst | K42: An Michiels | L42: an.michiels@eigenaar.example | M42: 0407 63 09 77 | N42: BE16 2443 7527 5529 | O42: Julie Jacobs | P42: julie.jacobs@huurder.example | Q42: 0407 63 09 77 | R42: BE69 13543 5427 8829 | S42: HC-2023-0039 | T42: 45040 | V42: Verhuurd | W42: 114 | X42: 342 | Y42: A | Z42: 2021 | AA42: 19 | AB42: 0 | AC42: Ja | AD42: 5.4144e+16 | AE42: EL-455343 | AF42: WA-233237 | AG42: Warmtepomp | AH42: 45751 | AI42: Jaarlijks | AJ42: ImmoBeheer Antwerpen
B43: P-0040 | C43: Appartement | D43: Antwerpen | E43: Antwerpen | F43: 2000 | G43: Stationsstraat | H43: 149 | J43: Stationsstraat 149, 2000 Antwerpen | K43: Sofie Maes | L43: sofie.maes@eigenaar.example | M43: 0410 80 40 20 | N43: BE23 2480 7720 6440 | O43: Sarah Vermeulen | P43: sarah.vermeulen@huurder.example | Q43: 0410 80 40 20 | R43: BE76 13580 5620 9740 | S43: HC-2024-0040 | T43: 45541 | U43: 46636 | V43: Verhuurd | W43: 860 | X43: 2580 | Y43: C | Z43: 1959 | AA43: 115 | AB43: 1 | AC43: Ja | AD43: 5.4144e+16 | AE43: EL-455480 | AF43: WA-233320 | AG43: Gas individueel | AH43: 45783 | AI43: Jaarlijks | AJ43: ImmoBeheer Antwerpen
B44: P-0041 | C44: Handelspand | D44: Antwerpen | E44: Turnhout | F44: 2300 | G44: Markt | H44: 162 | I44: 1 | J44: Markt 162 bus 1, 2300 Turnhout | K44: Nathalie Goossens | L44: nathalie.goossens@eigenaar.example | M44: 0413 97 71 63 | N44: BE30 2517 7913 7351 | O44: Yassin Hermans | P44: yassin.hermans@huurder.example | Q44: 0413 97 71 63 | R44: BE83 13617 5813 0651 | S44: HC-2025-0041 | T44: 45701 | V44: Verhuurd | W44: 2881 | X44: 8643 | Y44: E | Z44: 1966 | AA44: 117 | AB44: 0 | AC44: Nee | AD44: 5.4144e+16 | AE44: EL-455617 | AF44: WA-233403 | AG44: Stookolie | AH44: 45816 | AI44: Jaarlijks | AJ44: ImmoBeheer Antwerpen
B45: P-0042 | C45: Kantoor | D45: Antwerpen | E45: Geel | F45: 2440 | G45: Parklaan | H45: 175 | I45: 101 | J45: Parklaan 175 bus 0101, 2440 Geel | K45: Inge Van den Broeck | L45: inge.vandenbroeck@eigenaar.example | M45: 0416 14 02 06 | N45: BE37 2554 8106 8262 | O45: Samira Claes | P45: samira.claes@huurder.example | Q45: 0416 14 02 06 | R45: BE01 13654 6006 1562 | S45: HC-2020-0042 | T45: 44032 | V45: Verhuurd | W45: 2404 | X45: 7212 | Y45: A | Z45: 1973 | AA45: 173 | AB45: 0 | AC45: Nee | AD45: 5.4144e+16 | AE45: EL-455754 | AF45: WA-233486 | AG45: Elektrisch | AH45: 45848 | AI45: Jaarlijks | AJ45: ImmoBeheer Antwerpen
B46: P-0043 | C46: Magazijn | D46: Antwerpen | E46: Brasschaat | F46: 2930 | G46: Kerkstraat | H46: 2 | I46: A | J46: Kerkstraat 2 bus A, 2930 Brasschaat | K46: Katrien Hermans | L46: katrien.hermans@eigenaar.example | M46: 0419 31 33 49 | N46: BE44 2591 8299 9173 | O46: Fatima Hendrickx | P46: fatima.hendrickx@huurder.example | Q46: 0419 31 33 49 | R46: BE08 13691 6199 2473 | S46: HC-2021-0043 | T46: 44532 | V46: Verhuurd | W46: 2197 | X46: 6591 | Y46: C | Z46: 1980 | AA46: 159 | AB46: 0 | AC46: Nee | AD46: 5.4144e+16 | AE46: EL-455891 | AF46: WA-233569 | AG46: Collectieve verwarming | AH46: 45881 | AI46: Jaarlijks | AJ46: ImmoBeheer Antwerpen
B47: P-0044 | C47: Studio | D47: Antwerpen | E47: Willebroek | F47: 2830 | G47: Lindenlaan | H47: 15 | I47: 2 | J47: Lindenlaan 15 bus 2, 2830 Willebroek | K47: Wim Mertens | L47: wim.mertens@eigenaar.example | M47: 0422 48 64 92 | N47: BE51 2628 8492 0084 | O47: Amina Maes | P47: amina.maes@huurder.example | Q47: 0422 48 64 92 | R47: BE15 13728 6392 3384 | S47: HC-2022-0044 | T47: 44690 | V47: Verhuurd | W47: 848 | X47: 2544 | Y47: E | Z47: 1987 | AA47: 159 | AB47: 3 | AC47: Ja | AD47: 5.4144e+16 | AE47: EL-456028 | AF47: WA-233652 | AG47: Warmtepomp | AH47: 45914 | AI47: Jaarlijks | AJ47: ImmoBeheer Antwerpen
B48: P-0045 | C48: Woning | D48: Antwerpen | E48: Duffel | F48: 2570 | G48: Dokter Jacobsstraat | H48: 28 | I48: 202 | J48: Dokter Jacobsstraat 28 bus 0202, 2570 Duffel | K48: Jan De Smet | L48: jan.desmet@eigenaar.example | M48: 0425 65 95 35 | N48: BE58 2665 8685 0995 | O48: Bram De Smet | P48: bram.desmet@huurder.example | Q48: 0425 65 95 35 | R48: BE22 13765 6585 4295 | S48: HC-2023-0045 | T48: 45215 | U48: 46311 | V48: Verhuurd | W48: 1905 | X48: 5715 | Y48: A | Z48: 1994 | AA48: 170 | AB48: 1 | AC48: Nee | AD48: 5.4144e+16 | AE48: EL-456165 | AF48: WA-233735 | AG48: Gas individueel | AH48: 45946 | AI48: Jaarlijks | AJ48: ImmoBeheer Antwerpen
B49: P-0046 | C49: Duplex | D49: Antwerpen | E49: Wijnegem | F49: 2110 | G49: Molenstraat | H49: 41 | I49: B | J49: Molenstraat 41 bus B, 2110 Wijnegem | K49: Peter Martens | L49: peter.martens@eigenaar.example | M49: 0428 82 26 78 | N49: BE65 2702 8878 1906 | O49: Jeroen Aerts | P49: jeroen.aerts@huurder.example | Q49: 0428 82 26 78 | R49: BE29 13802 6778 5206 | S49: HC-2024-0046 | T49: 45374 | V49: In renovatie | W49: 1526 | X49: 4578 | Y49: C | Z49: 2001 | AA49: 181 | AB49: 4 | AC49: Nee | AD49: 5.4144e+16 | AE49: EL-456302 | AF49: WA-233818 | AG49: Stookolie | AH49: 45979 | AI49: Jaarlijks | AJ49: ImmoBeheer Antwerpen
B50: P-0047 | C50: Garage | D50: Antwerpen | E50: Mechelen | F50: 2800 | G50: Beukenlaan | H50: 54 | I50: 3 | J50: Beukenlaan 54 bus 3, 2800 Mechelen | K50: Koen Janssens | L50: koen.janssens@eigenaar.example | M50: 0401 99 57 21 | N50: BE72 2739 9071 2817 | O50: Eva Willems | P50: eva.willems@huurder.example | Q50: 0401 99 57 21 | R50: BE36 13839 6971 6117 | S50: HC-2025-0047 | T50: 45874 | V50: Verhuurd | W50: 202 | X50: 606 | Y50: E | Z50: 2008 | AA50: 27 | AB50: 0 | AC50: Ja | AD50: 5.4144e+16 | AE50: EL-456439 | AF50: WA-233901 | AG50: Elektrisch | AH50: 46011 | AI50: Jaarlijks | AJ50: ImmoBeheer Antwerpen
B51: P-0048 | C51: Appartement | D51: Antwerpen | E51: Herentals | F51: 2200 | G51: Begijnhofstraat | H51: 67 | J51: Begijnhofstraat 67, 2200 Herentals | K51: Marc Claes | L51: marc.claes@eigenaar.example | M51: 0404 16 88 64 | N51: BE79 2776 9264 3728 | O51: Julie Van den Broeck | P51: julie.vandenbroeck@huurder.example | Q51: 0404 16 88 64 | R51: BE43 13876 7164 7028 | S51: HC-2020-0048 | T51: 43842 | V51: Verhuurd | W51: 1044 | X51: 3132 | Y51: A | Z51: 2015 | AA51: 203 | AB51: 5 | AC51: Ja | AD51: 5.4144e+16 | AE51: EL-456576 | AF51: WA-233984 | AG51: Collectieve verwarming | AH51: 45679 | AI51: Jaarlijks | AJ51: ImmoBeheer Antwerpen
B52: P-0049 | C52: Handelspand | D52: Antwerpen | E52: Boom | F52: 2850 | G52: Schoolstraat | H52: 80 | I52: 1 | J52: Schoolstraat 80 bus 1, 2850 Boom | K52: Tom Lemmens | L52: tom.lemmens@eigenaar.example | M52: 0407 33 19 07 | N52: BE86 2813 9457 4639 | O52: Sarah Janssens | P52: sarah.janssens@huurder.example | Q52: 0407 33 19 07 | R52: BE50 13913 7357 7939 | S52: HC-2021-0049 | T52: 44366 | V52: Verhuurd | W52: 3209 | X52: 9627 | Y52: C | Z52: 2022 | AA52: 173 | AB52: 0 | AC52: Nee | AD52: 5.4144e+16 | AE52: EL-456713 | AF52: WA-234067 | AG52: Warmtepomp | AH52: 45712 | AI52: Jaarlijks | AJ52: ImmoBeheer Antwerpen
B53: P-0050 | C53: Kantoor | D53: Antwerpen | E53: Schoten | F53: 2900 | G53: Turnhoutsebaan | H53: 93 | I53: 101 | J53: Turnhoutsebaan 93 bus 0101, 2900 Schoten | K53: Dirk Aerts | L53: dirk.aerts@eigenaar.example | M53: 0410 50 50 50 | N53: BE04 2850 9650 5550 | O53: Yassin Wouters | P53: yassin.wouters@huurder.example | Q53: 0410 50 50 50 | R53: BE57 13950 7550 8850 | S53: HC-2022-0050 | T53: 44866 | U53: 45962 | V53: Verhuurd | W53: 1050 | X53: 3150 | Y53: E | Z53: 1960 | AA53: 245 | AB53: 0 | AC53: Nee | AD53: 5.4144e+16 | AE53: EL-456850 | AF53: WA-234150 | AG53: Gas individueel | AH53: 45717 | AI53: Jaarlijks | AJ53: ImmoBeheer Antwerpen
B54: P-0051 | C54: Magazijn | D54: Antwerpen | E54: Heist-op-den-Berg | F54: 2220 | G54: Ringlaan | H54: 106 | I54: A | J54: Ringlaan 106 bus A, 2220 Heist-op-den-Berg | K54: Hilde Jacobs | L54: hilde.jacobs@eigenaar.example | M54: 0413 67 81 93 | N54: BE11 2887 9843 6461 | S54: HC-2023-0051 | T54: 45024 | V54: Leegstand | W54: 2429 | X54: 7287 | Y54: A | Z54: 1967 | AA54: 263 | AB54: 0 | AC54: Nee | AD54: 5.4144001e+16 | AE54: EL-456987 | AF54: WA-234233 | AG54: Stookolie | AH54: 45750 | AI54: Jaarlijks | AJ54: ImmoBeheer Antwerpen
B55: P-0052 | C55: Studio | D55: Antwerpen | E55: Edegem | F55: 2650 | G55: Nieuwstraat | H55: 119 | I55: 2 | J55: Nieuwstraat 119 bus 2, 2650 Edegem | K55: Leen Wouters | L55: leen.wouters@eigenaar.example | M55: 0416 84 12 36 | N55: BE18 2924 0036 7372 | O55: Fatima Mertens | P55: fatima.mertens@huurder.example | Q55: 0416 84 12 36 | R55: BE71 14024 7936 0672 | S55: HC-2024-0052 | T55: 45550 | V55: Verhuurd | W55: 564 | X55: 1692 | Y55: C | Z55: 1974 | AA55: 62 | AB55: 2 | AC55: Ja | AD55: 5.4144001e+16 | AE55: EL-457124 | AF55: WA-234316 | AG55: Elektrisch | AH55: 45782 | AI55: Jaarlijks | AJ55: ImmoBeheer Antwerpen
B56: P-0053 | C56: Woning | D56: Antwerpen | E56: Zandhoven | F56: 2240 | G56: Mechelsesteenweg | H56: 132 | I56: 202 | J56: Mechelsesteenweg 132 bus 0202, 2240 Zandhoven | K56: Els Hendrickx | L56: els.hendrickx@eigenaar.example | M56: 0419 01 43 79 | N56: BE25 2961 0229 8283 | O56: Amina Lemmens | P56: amina.lemmens@huurder.example | Q56: 0419 01 43 79 | R56: BE78 14061 8129 1583 | S56: HC-2025-0053 | T56: 45710 | V56: Verhuurd | W56: 2057 | X56: 6171 | Y56: E | Z56: 1981 | AA56: 73 | AB56: 5 | AC56: Nee | AD56: 5.4144001e+16 | AE56: EL-457261 | AF56: WA-234399 | AG56: Collectieve verwarming | AH56: 45815 | AI56: Jaarlijks | AJ56: ImmoBeheer Antwerpen
B57: P-0054 | C57: Duplex | D57: Antwerpen | E57: Lier | F57: 2500 | G57: Havenweg | H57: 145 | I57: B | J57: Havenweg 145 bus B, 2500 Lier | K57: An Peeters | L57: an.peeters@eigenaar.example | M57: 0422 18 74 22 | N57: BE32 2998 0422 9194 | O57: Bram Peeters | P57: bram.peeters@huurder.example | Q57: 0422 18 74 22 | R57: BE85 14098 8322 2494 | S57: HC-2020-0054 | T57: 44016 | V57: Verhuurd | W57: 1774 | X57: 5322 | Y57: A | Z57: 1988 | AA57: 84 | AB57: 3 | AC57: Nee | AD57: 5.4144001e+16 | AE57: EL-457398 | AF57: WA-234482 | AG57: Warmtepomp | AH57: 45847 | AI57: Jaarlijks | AJ57: ImmoBeheer Antwerpen
B58: P-0055 | C58: Garage | D58: Antwerpen | E58: Mol | F58: 2400 | G58: Kapellestraat | H58: 158 | I58: 3 | J58: Kapellestraat 158 bus 3, 2400 Mol | K58: Sofie Willems | L58: sofie.willems@eigenaar.example | M58: 0425 35 05 65 | N58: BE39 3035 0615 0105 | O58: Jeroen Goossens | P58: jeroen.goossens@huurder.example | Q58: 0425 35 05 65 | R58: BE03 14135 8515 3405 | S58: HC-2021-0055 | T58: 44541 | U58: 45637 | V58: Verhuurd | W58: 160 | X58: 480 | Y58: C | Z58: 1995 | AA58: 17 | AB58: 0 | AC58: Ja | AD58: 5.4144001e+16 | AE58: EL-457535 | AF58: WA-234565 | AG58: Gas individueel | AH58: 45880 | AI58: Jaarlijks | AJ58: ImmoBeheer Antwerpen
B59: P-0056 | C59: Appartement | D59: Antwerpen | E59: Kontich | F59: 2550 | G59: Antwerpsesteenweg | H59: 171 | J59: Antwerpsesteenweg 171, 2550 Kontich | K59: Nathalie Vermeulen | L59: nathalie.vermeulen@eigenaar.example | M59: 0428 52 36 08 | N59: BE46 3072 0808 1016 | O59: Eva Martens | P59: eva.martens@huurder.example | Q59: 0428 52 36 08 | R59: BE10 14172 8708 4316 | S59: HC-2022-0056 | T59: 44699 | V59: Verhuurd | W59: 1228 | X59: 3684 | Y59: E | Z59: 2002 | AA59: 106 | AB59: 4 | AC59: Ja | AD59: 5.4144001e+16 | AE59: EL-457672 | AF59: WA-234648 | AG59: Stookolie | AH59: 45913 | AI59: Jaarlijks | AJ59: ImmoBeheer Antwerpen | AK59: Waarborgattest nog op te vragen
B60: P-0057 | C60: Handelspand | D60: Antwerpen | E60: Mortsel | F60: 2640 | G60: Groenstraat | H60: 184 | I60: 1 | J60: Groenstraat 184 bus 1, 2640 Mortsel | K60: Inge Michiels | L60: inge.michiels@eigenaar.example | M60: 0401 69 67 51 | N60: BE53 3109 1001 1927 | O60: Julie Jacobs | P60: julie.jacobs@huurder.example | Q60: 0401 69 67 51 | R60: BE17 14209 8901 5227 | S60: HC-2023-0057 | T60: 45224 | V60: Verhuurd | W60: 3537 | X60: 10611 | Y60: A | Z60: 2009 | AA60: 229 | AB60: 0 | AC60: Nee | AD60: 5.4144001e+16 | AE60: EL-457809 | AF60: WA-234731 | AG60: Elektrisch | AH60: 45945 | AI60: Jaarlijks | AJ60: ImmoBeheer Antwerpen | AK60: Indexatie na renovatie controleren
B61: P-0058 | C61: Kantoor | D61: Antwerpen | E61: Balen | F61: 2490 | G61: Industrieweg | H61: 11 | I61: 101 | J61: Industrieweg 11 bus 0101, 2490 Balen | K61: Katrien Maes | L61: katrien.maes@eigenaar.example | M61: 0404 86 98 94 | N61: BE60 3146 1194 2838 | O61: Sarah Vermeulen | P61: sarah.vermeulen@huurder.example | Q61: 0404 86 98 94 | R61: BE24 14246 9094 6138 | S61: HC-2024-0058 | T61: 45358 | V61: Opgezegd | W61: 1346 | X61: 4038 | Y61: C | Z61: 2016 | AA61: 57 | AB61: 0 | AC61: Nee | AD61: 5.4144001e+16 | AE61: EL-457946 | AF61: WA-234814 | AG61: Collectieve verwarming | AH61: 45978 | AI61: Jaarlijks | AJ61: ImmoBeheer Antwerpen
B62: P-0059 | C62: Magazijn | D62: Antwerpen | E62: Ranst | F62: 2520 | G62: Veldstraat | H62: 24 | I62: A | J62: Veldstraat 24 bus A, 2520 Ranst | K62: Wim Goossens | L62: wim.goossens@eigenaar.example | M62: 0407 03 29 37 | N62: BE67 3183 1387 3749 | O62: Yassin Hermans | P62: yassin.hermans@huurder.example | Q62: 0407 03 29 37 | R62: BE31 14283 9287 7049 | S62: HC-2025-0059 | T62: 45883 | V62: Verhuurd | W62: 2661 | X62: 7983 | Y62: E | Z62: 2023 | AA62: 367 | AB62: 0 | AC62: Nee | AD62: 5.4144001e+16 | AE62: EL-458083 | AF62: WA-234897 | AG62: Warmtepomp | AH62: 46010 | AI62: Jaarlijks | AJ62: ImmoBeheer Antwerpen
B63: P-0060 | C63: Studio | D63: Antwerpen | E63: Antwerpen | F63: 2000 | G63: Stationsstraat | H63: 37 | I63: 2 | J63: Stationsstraat 37 bus 2, 2000 Antwerpen | K63: Jan Van den Broeck | L63: jan.vandenbroeck@eigenaar.example | M63: 0410 20 60 80 | N63: BE74 3220 1580 4660 | O63: Samira Claes | P63: samira.claes@huurder.example | Q63: 0410 20 60 80 | R63: BE38 14320 9480 7960 | S63: HC-2020-0060 | T63: 43851 | U63: 44947 | V63: Verhuurd | W63: 700 | X63: 2100 | Y63: A | Z63: 1961 | AA63: 150 | AB63: 1 | AC63: Ja | AD63: 5.4144001e+16 | AE63: EL-458220 | AF63: WA-234980 | AG63: Gas individueel | AH63: 45678 | AI63: Jaarlijks | AJ63: ImmoBeheer Antwerpen
B64: P-0061 | C64: Woning | D64: Antwerpen | E64: Turnhout | F64: 2300 | G64: Markt | H64: 50 | I64: 202 | J64: Markt 50 bus 0202, 2300 Turnhout | K64: Peter Hermans | L64: peter.hermans@eigenaar.example | M64: 0413 37 91 23 | N64: BE81 3257 1773 5571 | O64: Fatima Hendrickx | P64: fatima.hendrickx@huurder.example | Q64: 0413 37 91 23 | R64: BE45 14357 9673 8871 | S64: HC-2021-0061 | T64: 44350 | V64: Verhuurd | W64: 1109 | X64: 3327 | Y64: C | Z64: 1968 | AA64: 161 | AB64: 4 | AC64: Nee | AD64: 5.4144001e+16 | AE64: EL-458357 | AF64: WA-235063 | AG64: Stookolie | AH64: 45711 | AI64: Jaarlijks | AJ64: ImmoBeheer Antwerpen
B65: P-0062 | C65: Duplex | D65: Antwerpen | E65: Geel | F65: 2440 | G65: Parklaan | H65: 63 | I65: B | J65: Parklaan 63 bus B, 2440 Geel | K65: Koen Mertens | L65: koen.mertens@eigenaar.example | M65: 0416 54 22 66 | N65: BE88 3294 1966 6482 | S65: HC-2022-0062 | T65: 44875 | V65: Te verhuren | W65: 1172 | X65: 3516 | Y65: E | Z65: 1975 | AA65: 172 | AB65: 2 | AC65: Nee | AD65: 5.4144001e+16 | AE65: EL-458494 | AF65: WA-235146 | AG65: Elektrisch | AH65: 45741 | AI65: Jaarlijks | AJ65: ImmoBeheer Antwerpen
B66: P-0063 | C66: Garage | D66: Antwerpen | E66: Brasschaat | F66: 2930 | G66: Kerkstraat | H66: 76 | I66: 3 | J66: Kerkstraat 76 bus 3, 2930 Brasschaat | K66: Marc De Smet | L66: marc.desmet@eigenaar.example | M66: 0419 71 53 09 | N66: BE06 3331 2159 7393 | O66: Bram De Smet | P66: bram.desmet@huurder.example | Q66: 0419 71 53 09 | R66: BE59 14431 0059 0693 | S66: HC-2023-0063 | T66: 45033 | V66: Verhuurd | W66: 118 | X66: 354 | Y66: A | Z66: 1982 | AA66: 25 | AB66: 0 | AC66: Ja | AD66: 5.4144001e+16 | AE66: EL-458631 | AF66: WA-235229 | AG66: Collectieve verwarming | AH66: 45749 | AI66: Jaarlijks | AJ66: ImmoBeheer Antwerpen
B67: P-0064 | C67: Appartement | D67: Antwerpen | E67: Willebroek | F67: 2830 | G67: Lindenlaan | H67: 89 | J67: Lindenlaan 89, 2830 Willebroek | K67: Tom Martens | L67: tom.martens@eigenaar.example | M67: 0422 88 84 52 | N67: BE13 3368 2352 8304 | O67: Jeroen Aerts | P67: jeroen.aerts@huurder.example | Q67: 0422 88 84 52 | R67: BE66 14468 0252 1604 | S67: HC-2024-0064 | T67: 45559 | V67: Verhuurd | W67: 1412 | X67: 4236 | Y67: C | Z67: 1989 | AA67: 194 | AB67: 3 | AC67: Ja | AD67: 5.4144001e+16 | AE67: EL-458768 | AF67: WA-235312 | AG67: Warmtepomp | AH67: 45781 | AI67: Jaarlijks | AJ67: ImmoBeheer Antwerpen
B68: P-0065 | C68: Handelspand | D68: Antwerpen | E68: Duffel | F68: 2570 | G68: Dokter Jacobsstraat | H68: 102 | I68: 1 | J68: Dokter Jacobsstraat 102 bus 1, 2570 Duffel | K68: Dirk Janssens | L68: dirk.janssens@eigenaar.example | M68: 0425 05 15 95 | N68: BE20 3405 2545 9215 | O68: Eva Willems | P68: eva.willems@huurder.example | Q68: 0425 05 15 95 | R68: BE73 14505 0445 2515 | S68: HC-2025-0065 | T68: 45694 | U68: 46789 | V68: Verhuurd | W68: 1465 | X68: 4395 | Y68: E | Z68: 1996 | AA68: 285 | AB68: 0 | AC68: Nee | AD68: 5.4144001e+16 | AE68: EL-458905 | AF68: WA-235395 | AG68: Gas individueel | AH68: 45814 | AI68: Jaarlijks | AJ68: ImmoBeheer Antwerpen
B69: P-0066 | C69: Kantoor | D69: Antwerpen | E69: Wijnegem | F69: 2110 | G69: Molenstraat | H69: 115 | I69: 101 | J69: Molenstraat 115 bus 0101, 2110 Wijnegem | K69: Hilde Claes | L69: hilde.claes@eigenaar.example | M69: 0428 22 46 38 | N69: BE27 3442 2738 0126 | O69: Julie Van den Broeck | P69: julie.vandenbroeck@huurder.example | Q69: 0428 22 46 38 | R69: BE80 14542 0638 3426 | S69: HC-2020-0066 | T69: 44025 | V69: Verhuurd | W69: 1642 | X69: 4926 | Y69: A | Z69: 2003 | AA69: 129 | AB69: 0 | AC69: Nee | AD69: 5.4144001e+16 | AE69: EL-459042 | AF69: WA-235478 | AG69: Stookolie | AH69: 45846 | AI69: Jaarlijks | AJ69: ImmoBeheer Antwerpen | AK69: EPC-vernieuwing gepland
B70: P-0067 | C70: Magazijn | D70: Antwerpen | E70: Mechelen | F70: 2800 | G70: Beukenlaan | H70: 128 | I70: A | J70: Beukenlaan 128 bus A, 2800 Mechelen | K70: Leen Lemmens | L70: leen.lemmens@eigenaar.example | M70: 0401 39 77 81 | N70: BE34 3479 2931 1037 | O70: Sarah Janssens | P70: sarah.janssens@huurder.example | Q70: 0401 39 77 81 | R70: BE87 14579 0831 4337 | S70: HC-2021-0067 | T70: 44550 | V70: Verhuurd | W70: 993 | X70: 2979 | Y70: C | Z70: 2010 | AA70: 471 | AB70: 0 | AC70: Nee | AD70: 5.4144001e+16 | AE70: EL-459179 | AF70: WA-235561 | AG70: Elektrisch | AH70: 45879 | AI70: Jaarlijks | AJ70: ImmoBeheer Antwerpen
B71: P-0068 | C71: Studio | D71: Antwerpen | E71: Herentals | F71: 2200 | G71: Begijnhofstraat | H71: 141 | I71: 2 | J71: Begijnhofstraat 141 bus 2, 2200 Herentals | K71: Els Aerts | L71: els.aerts@eigenaar.example | M71: 0404 56 08 24 | N71: BE41 3516 3124 1948 | S71: HC-2022-0068 | T71: 44683 | V71: Leegstand | W71: 836 | X71: 2508 | Y71: E | Z71: 2017 | AA71: 53 | AB71: 5 | AC71: Ja | AD71: 5.4144001e+16 | AE71: EL-459316 | AF71: WA-235644 | AG71: Collectieve verwarming | AH71: 45912 | AI71: Jaarlijks | AJ71: ImmoBeheer Antwerpen
B72: P-0069 | C72: Woning | D72: Antwerpen | E72: Boom | F72: 2850 | G72: Schoolstraat | H72: 154 | I72: 202 | J72: Schoolstraat 154 bus 0202, 2850 Boom | K72: An Jacobs | L72: an.jacobs@eigenaar.example | M72: 0407 73 39 67 | N72: BE48 3553 3317 2859 | O72: Samira Michiels | P72: samira.michiels@huurder.example | Q72: 0407 73 39 67 | R72: BE12 14653 1217 6159 | S72: HC-2023-0069 | T72: 45208 | V72: In renovatie | W72: 1261 | X72: 3783 | Y72: A | Z72: 1955 | AA72: 64 | AB72: 3 | AC72: Nee | AD72: 5.4144001e+16 | AE72: EL-459453 | AF72: WA-235727 | AG72: Warmtepomp | AH72: 45944 | AI72: Jaarlijks | AJ72: ImmoBeheer Antwerpen
B73: P-0070 | C73: Duplex | D73: Antwerpen | E73: Schoten | F73: 2900 | G73: Turnhoutsebaan | H73: 167 | I73: B | J73: Turnhoutsebaan 167 bus B, 2900 Schoten | K73: Sofie Wouters | L73: sofie.wouters@eigenaar.example | M73: 0410 90 70 10 | N73: BE55 3590 3510 3770 | O73: Fatima Mertens | P73: fatima.mertens@huurder.example | Q73: 0410 90 70 10 | R73: BE19 14690 1410 7070 | S73: HC-2024-0070 | T73: 45367 | U73: 46462 | V73: Verhuurd | W73: 1420 | X73: 4260 | Y73: C | Z73: 1962 | AA73: 75 | AB73: 1 | AC73: Nee | AD73: 5.4144001e+16 | AE73: EL-459590 | AF73: WA-235810 | AG73: Gas individueel | AH73: 45977 | AI73: Jaarlijks | AJ73: ImmoBeheer Antwerpen
B74: P-0071 | C74: Garage | D74: Antwerpen | E74: Heist-op-den-Berg | F74: 2220 | G74: Ringlaan | H74: 180 | I74: 3 | J74: Ringlaan 180 bus 3, 2220 Heist-op-den-Berg | K74: Nathalie Hendrickx | L74: nathalie.hendrickx@eigenaar.example | M74: 0413 07 01 53 | N74: BE62 3627 3703 4681 | O74: Amina Lemmens | P74: amina.lemmens@huurder.example | Q74: 0413 07 01 53 | R74: BE26 14727 1603 7981 | S74: HC-2025-0071 | T74: 45892 | V74: Verhuurd | W74: 76 | X74: 228 | Y74: E | Z74: 1969 | AA74: 33 | AB74: 0 | AC74: Ja | AD74: 5.4144001e+16 | AE74: EL-459727 | AF74: WA-235893 | AG74: Stookolie | AH74: 46009 | AI74: Jaarlijks | AJ74: ImmoBeheer Antwerpen
B75: P-0072 | C75: Appartement | D75: Antwerpen | E75: Edegem | F75: 2650 | G75: Nieuwstraat | H75: 7 | J75: Nieuwstraat 7, 2650 Edegem | K75: Inge Peeters | L75: inge.peeters@eigenaar.example | M75: 0416 24 32 96 | N75: BE69 3664 3896 5592 | O75: Bram Peeters | P75: bram.peeters@huurder.example | Q75: 0416 24 32 96 | R75: BE33 14764 1796 8892 | S75: HC-2020-0072 | T75: 43835 | V75: Verhuurd | W75: 816 | X75: 2448 | Y75: A | Z75: 1976 | AA75: 97 | AB75: 2 | AC75: Ja | AD75: 5.4144001e+16 | AE75: EL-459864 | AF75: WA-235976 | AG75: Elektrisch | AH75: 45677 | AI75: Jaarlijks | AJ75: ImmoBeheer Antwerpen
B76: P-0073 | C76: Handelspand | D76: Antwerpen | E76: Zandhoven | F76: 2240 | G76: Mechelsesteenweg | H76: 20 | I76: 1 | J76: Mechelsesteenweg 20 bus 1, 2240 Zandhoven | K76: Katrien Willems | L76: katrien.willems@eigenaar.example | M76: 0419 41 63 39 | N76: BE76 3701 4089 6503 | O76: Jeroen Goossens | P76: jeroen.goossens@huurder.example | Q76: 0419 41 63 39 | R76: BE40 14801 1989 9803 | S76: HC-2021-0073 | T76: 44359 | V76: Verhuurd | W76: 1793 | X76: 5379 | Y76: C | Z76: 1983 | AA76: 101 | AB76: 0 | AC76: Nee | AD76: 5.4144001e+16 | AE76: EL-460001 | AF76: WA-236059 | AG76: Collectieve verwarming | AH76: 45710 | AI76: Jaarlijks | AJ76: ImmoBeheer Antwerpen
B77: P-0074 | C77: Kantoor | D77: Antwerpen | E77: Lier | F77: 2500 | G77: Havenweg | H77: 33 | I77: 101 | J77: Havenweg 33 bus 0101, 2500 Lier | K77: Wim Vermeulen | L77: wim.vermeulen@eigenaar.example | M77: 0422 58 94 82 | N77: BE83 3738 4282 7414 | O77: Eva Martens | P77: eva.martens@huurder.example | Q77: 0422 58 94 82 | R77: BE47 14838 2182 0714 | S77: HC-2022-0074 | T77: 44884 | V77: Verhuurd | W77: 1938 | X77: 5814 | Y77: E | Z77: 1990 | AA77: 201 | AB77: 0 | AC77: Nee | AD77: 5.4144001e+16 | AE77: EL-460138 | AF77: WA-236142 | AG77: Warmtepomp | AH77: 45740 | AI77: Jaarlijks | AJ77: ImmoBeheer Antwerpen
B78: P-0075 | C78: Magazijn | D78: Antwerpen | E78: Mol | F78: 2400 | G78: Kapellestraat | H78: 46 | I78: A | J78: Kapellestraat 46 bus A, 2400 Mol | K78: Jan Michiels | L78: jan.michiels@eigenaar.example | M78: 0425 75 25 25 | N78: BE01 3775 4475 8325 | O78: Julie Jacobs | P78: julie.jacobs@huurder.example | Q78: 0425 75 25 25 | R78: BE54 14875 2375 1625 | S78: HC-2023-0075 | T78: 45017 | U78: 46113 | V78: Verhuurd | W78: 1225 | X78: 3675 | Y78: A | Z78: 1997 | AA78: 575 | AB78: 0 | AC78: Nee | AD78: 5.4144001e+16 | AE78: EL-460275 | AF78: WA-236225 | AG78: Gas individueel | AH78: 45748 | AI78: Jaarlijks | AJ78: ImmoBeheer Antwerpen
B79: P-0076 | C79: Studio | D79: Antwerpen | E79: Kontich | F79: 2550 | G79: Antwerpsesteenweg | H79: 59 | I79: 2 | J79: Antwerpsesteenweg 59 bus 2, 2550 Kontich | K79: Peter Maes | L79: peter.maes@eigenaar.example | M79: 0428 92 56 68 | N79: BE08 3812 4668 9236 | O79: Sarah Vermeulen | P79: sarah.vermeulen@huurder.example | Q79: 0428 92 56 68 | R79: BE61 14912 2568 2536 | S79: HC-2024-0076 | T79: 45543 | V79: Verhuurd | W79: 552 | X79: 1656 | Y79: C | Z79: 2004 | AA79: 141 | AB79: 4 | AC79: Ja | AD79: 5.4144001e+16 | AE79: EL-460412 | AF79: WA-236308 | AG79: Stookolie | AH79: 45780 | AI79: Jaarlijks | AJ79: ImmoBeheer Antwerpen | AK79: Indexatie na renovatie controleren
B80: P-0077 | C80: Woning | D80: Antwerpen | E80: Mortsel | F80: 2640 | G80: Groenstraat | H80: 72 | I80: 202 | J80: Groenstraat 72 bus 0202, 2640 Mortsel | K80: Koen Goossens | L80: koen.goossens@eigenaar.example | M80: 0401 09 87 11 | N80: BE15 3849 4861 0147 | O80: Yassin Hermans | P80: yassin.hermans@huurder.example | Q80: 0401 09 87 11 | R80: BE68 14949 2761 3447 | S80: HC-2025-0077 | T80: 45703 | V80: Verhuurd | W80: 1413 | X80: 4239 | Y80: E | Z80: 2011 | AA80: 152 | AB80: 2 | AC80: Nee | AD80: 5.4144001e+16 | AE80: EL-460549 | AF80: WA-236391 | AG80: Elektrisch | AH80: 45813 | AI80: Jaarlijks | AJ80: ImmoBeheer Antwerpen
B81: P-0078 | C81: Duplex | D81: Antwerpen | E81: Balen | F81: 2490 | G81: Industrieweg | H81: 85 | I81: B | J81: Industrieweg 85 bus B, 2490 Balen | K81: Marc Van den Broeck | L81: marc.vandenbroeck@eigenaar.example | M81: 0404 26 18 54 | N81: BE22 3886 5054 1058 | O81: Samira Claes | P81: samira.claes@huurder.example | Q81: 0404 26 18 54 | R81: BE75 14986 2954 4358 | S81: HC-2020-0078 | T81: 44034 | V81: Verhuurd | W81: 1668 | X81: 5004 | Y81: A | Z81: 2018 | AA81: 163 | AB81: 5 | AC81: Nee | AD81: 5.4144001e+16 | AE81: EL-460686 | AF81: WA-236474 | AG81: Collectieve verwarming | AH81: 45845 | AI81: Jaarlijks | AJ81: ImmoBeheer Antwerpen
B82: P-0079 | C82: Garage | D82: Antwerpen | E82: Ranst | F82: 2520 | G82: Veldstraat | H82: 98 | I82: 3 | J82: Veldstraat 98 bus 3, 2520 Ranst | K82: Tom Hermans | L82: tom.hermans@eigenaar.example | M82: 0407 43 49 97 | N82: BE29 3923 5247 1969 | O82: Fatima Hendrickx | P82: fatima.hendrickx@huurder.example | Q82: 0407 43 49 97 | R82: BE82 15023 3147 5269 | S82: HC-2021-0079 | T82: 44534 | V82: Verhuurd | W82: 164 | X82: 492 | Y82: C | Z82: 1956 | AA82: 23 | AB82: 0 | AC82: Ja | AD82: 5.4144001e+16 | AE82: EL-460823 | AF82: WA-236557 | AG82: Warmtepomp | AH82: 45878 | AI82: Jaarlijks | AJ82: ImmoBeheer Antwerpen
B83: P-0080 | C83: Appartement | D83: Antwerpen | E83: Antwerpen | F83: 2000 | G83: Stationsstraat | H83: 111 | J83: Stationsstraat 111, 2000 Antwerpen | K83: Dirk Mertens | L83: dirk.mertens@eigenaar.example | M83: 0410 60 80 40 | N83: BE36 3960 5440 2880 | O83: Amina Maes | P83: amina.maes@huurder.example | Q83: 0410 60 80 40 | R83: BE00 15060 3340 6180 | S83: HC-2022-0080 | T83: 44692 | U83: 45788 | V83: Verhuurd | W83: 1000 | X83: 3000 | Y83: E | Z83: 1963 | AA83: 185 | AB83: 1 | AC83: Ja | AD83: 5.4144001e+16 | AE83: EL-460960 | AF83: WA-236640 | AG83: Gas individueel | AH83: 45911 | AI83: Jaarlijks | AJ83: ImmoBeheer Antwerpen
B84: P-0081 | C84: Handelspand | D84: Antwerpen | E84: Turnhout | F84: 2300 | G84: Markt | H84: 124 | I84: 1 | J84: Markt 124 bus 1, 2300 Turnhout | K84: Hilde De Smet | L84: hilde.desmet@eigenaar.example | M84: 0413 77 11 83 | N84: BE43 3997 5633 3791 | O84: Bram De Smet | P84: bram.desmet@huurder.example | Q84: 0413 77 11 83 | R84: BE07 15097 3533 7091 | S84: HC-2023-0081 | T84: 45217 | V84: Verhuurd | W84: 2121 | X84: 6363 | Y84: A | Z84: 1970 | AA84: 157 | AB84: 0 | AC84: Nee | AD84: 5.4144001e+16 | AE84: EL-461097 | AF84: WA-236723 | AG84: Stookolie | AH84: 45943 | AI84: Jaarlijks | AJ84: ImmoBeheer Antwerpen
B85: P-0082 | C85: Kantoor | D85: Antwerpen | E85: Geel | F85: 2440 | G85: Parklaan | H85: 137 | I85: 101 | J85: Parklaan 137 bus 0101, 2440 Geel | K85: Leen Martens | L85: leen.martens@eigenaar.example | M85: 0416 94 42 26 | N85: BE50 4034 5826 4702 | O85: Jeroen Aerts | P85: jeroen.aerts@huurder.example | Q85: 0416 94 42 26 | R85: BE14 15134 3726 8002 | S85: HC-2024-0082 | T85: 45376 | V85: Verhuurd | W85: 2234 | X85: 6702 | Y85: C | Z85: 1977 | AA85: 273 | AB85: 0 | AC85: Nee | AD85: 5.4144001e+16 | AE85: EL-461234 | AF85: WA-236806 | AG85: Elektrisch | AH85: 45976 | AI85: Jaarlijks | AJ85: ImmoBeheer Antwerpen
B86: P-0083 | C86: Magazijn | D86: Antwerpen | E86: Brasschaat | F86: 2930 | G86: Kerkstraat | H86: 150 | I86: A | J86: Kerkstraat 150 bus A, 2930 Brasschaat | K86: Els Janssens | L86: els.janssens@eigenaar.example | M86: 0419 11 73 69 | N86: BE57 4071 6019 5613 | O86: Eva Willems | P86: eva.willems@huurder.example | Q86: 0419 11 73 69 | R86: BE21 15171 3919 8913 | S86: HC-2025-0083 | T86: 45876 | V86: Verhuurd | W86: 1457 | X86: 4371 | Y86: E | Z86: 1984 | AA86: 159 | AB86: 0 | AC86: Nee | AD86: 5.4144001e+16 | AE86: EL-461371 | AF86: WA-236889 | AG86: Collectieve verwarming | AH86: 46008 | AI86: Jaarlijks | AJ86: ImmoBeheer Antwerpen
B87: P-0084 | C87: Studio | D87: Antwerpen | E87: Willebroek | F87: 2830 | G87: Lindenlaan | H87: 163 | I87: 2 | J87: Lindenlaan 163 bus 2, 2830 Willebroek | K87: An Claes | L87: an.claes@eigenaar.example | M87: 0422 28 04 12 | N87: BE64 4108 6212 6524 | O87: Julie Van den Broeck | P87: julie.vandenbroeck@huurder.example | Q87: 0422 28 04 12 | R87: BE28 15208 4112 9824 | S87: HC-2020-0084 | T87: 43844 | V87: Verhuurd | W87: 688 | X87: 2064 | Y87: A | Z87: 1991 | AA87: 229 | AB87: 3 | AC87: Ja | AD87: 5.4144001e+16 | AE87: EL-461508 | AF87: WA-236972 | AG87: Warmtepomp | AH87: 45676 | AI87: Jaarlijks | AJ87: ImmoBeheer Antwerpen | AK87: Waarborgattest nog op te vragen
B88: P-0085 | C88: Woning | D88: Antwerpen | E88: Duffel | F88: 2570 | G88: Dokter Jacobsstraat | H88: 176 | I88: 202 | J88: Dokter Jacobsstraat 176 bus 0202, 2570 Duffel | K88: Sofie Lemmens | L88: sofie.lemmens@eigenaar.example | M88: 0425 45 35 55 | N88: BE71 4145 6405 7435 | S88: HC-2021-0085 | T88: 44368 | U88: 45464 | V88: Leegstand | W88: 1565 | X88: 4695 | Y88: C | Z88: 1998 | AA88: 55 | AB88: 1 | AC88: Nee | AD88: 5.4144001e+16 | AE88: EL-461645 | AF88: WA-237055 | AG88: Gas individueel | AH88: 45709 | AI88: Jaarlijks | AJ88: ImmoBeheer Antwerpen
B89: P-0086 | C89: Duplex | D89: Antwerpen | E89: Wijnegem | F89: 2110 | G89: Molenstraat | H89: 3 | I89: B | J89: Molenstraat 3 bus B, 2110 Wijnegem | K89: Nathalie Aerts | L89: nathalie.aerts@eigenaar.example | M89: 0428 62 66 98 | N89: BE78 4182 6598 8346 | O89: Yassin Wouters | P89: yassin.wouters@huurder.example | Q89: 0428 62 66 98 | R89: BE42 15282 4498 1646 | S89: HC-2022-0086 | T89: 44868 | V89: Verhuurd | W89: 1066 | X89: 3198 | Y89: E | Z89: 2005 | AA89: 66 | AB89: 4 | AC89: Nee | AD89: 5.4144001e+16 | AE89: EL-461782 | AF89: WA-237138 | AG89: Stookolie | AH89: 45739 | AI89: Jaarlijks | AJ89: ImmoBeheer Antwerpen
B90: P-0087 | C90: Garage | D90: Antwerpen | E90: Mechelen | F90: 2800 | G90: Beukenlaan | H90: 16 | I90: 3 | J90: Beukenlaan 16 bus 3, 2800 Mechelen | K90: Inge Jacobs | L90: inge.jacobs@eigenaar.example | M90: 0401 79 97 41 | N90: BE85 4219 6791 9257 | O90: Samira Michiels | P90: samira.michiels@huurder.example | Q90: 0401 79 97 41 | R90: BE49 15319 4691 2557 | S90: HC-2023-0087 | T90: 45026 | V90: Opgezegd | W90: 122 | X90: 366 | Y90: A | Z90: 2012 | AA90: 31 | AB90: 0 | AC90: Ja | AD90: 5.4144001e+16 | AE90: EL-461919 | AF90: WA-237221 | AG90: Elektrisch | AH90: 45772 | AI90: Jaarlijks | AJ90: ImmoBeheer Antwerpen
B91: P-0088 | C91: Appartement | D91: Antwerpen | E91: Herentals | F91: 2200 | G91: Begijnhofstraat | H91: 29 | J91: Begijnhofstraat 29, 2200 Herentals | K91: Katrien Wouters | L91: katrien.wouters@eigenaar.example | M91: 0404 96 28 84 | N91: BE03 4256 6984 0168 | O91: Fatima Mertens | P91: fatima.mertens@huurder.example | Q91: 0404 96 28 84 | R91: BE56 15356 4884 3468 | S91: HC-2024-0088 | T91: 45552 | V91: Verhuurd | W91: 1184 | X91: 3552 | Y91: C | Z91: 2019 | AA91: 88 | AB91: 5 | AC91: Ja | AD91: 5.4144001e+16 | AE91: EL-462056 | AF91: WA-237304 | AG91: Collectieve verwarming | AH91: 45779 | AI91: Jaarlijks | AJ91: ImmoBeheer Antwerpen
B92: P-0089 | C92: Handelspand | D92: Antwerpen | E92: Boom | F92: 2850 | G92: Schoolstraat | H92: 42 | I92: 1 | J92: Schoolstraat 42 bus 1, 2850 Boom | K92: Wim Hendrickx | L92: wim.hendrickx@eigenaar.example | M92: 0407 13 59 27 | N92: BE10 4293 7177 1079 | O92: Amina Lemmens | P92: amina.lemmens@huurder.example | Q92: 0407 13 59 27 | R92: BE63 15393 5077 4379 | S92: HC-2025-0089 | T92: 45712 | V92: Verhuurd | W92: 2449 | X92: 7347 | Y92: E | Z92: 1957 | AA92: 213 | AB92: 0 | AC92: Nee | AD92: 5.4144001e+16 | AE92: EL-462193 | AF92: WA-237387 | AG92: Warmtepomp | AH92: 45812 | AI92: Jaarlijks | AJ92: ImmoBeheer Antwerpen
B93: P-0090 | C93: Kantoor | D93: Antwerpen | E93: Schoten | F93: 2900 | G93: Turnhoutsebaan | H93: 55 | I93: 101 | J93: Turnhoutsebaan 55 bus 0101, 2900 Schoten | K93: Jan Peeters | L93: jan.peeters@eigenaar.example | M93: 0410 30 90 70 | N93: BE17 4330 7370 1990 | O93: Bram Peeters | P93: bram.peeters@huurder.example | Q93: 0410 30 90 70 | R93: BE70 15430 5270 5290 | S93: HC-2020-0090 | T93: 44018 | U93: 45113 | V93: Verhuurd | W93: 880 | X93: 2640 | Y93: A | Z93: 1964 | AA93: 85 | AB93: 0 | AC93: Nee | AD93: 5.4144001e+16 | AE93: EL-462330 | AF93: WA-237470 | AG93: Gas individueel | AH93: 45844 | AI93: Jaarlijks | AJ93: ImmoBeheer Antwerpen
B94: P-0091 | C94: Magazijn | D94: Antwerpen | E94: Heist-op-den-Berg | F94: 2220 | G94: Ringlaan | H94: 68 | I94: A | J94: Ringlaan 68 bus A, 2220 Heist-op-den-Berg | K94: Peter Willems | L94: peter.willems@eigenaar.example | M94: 0413 47 21 13 | N94: BE24 4367 7563 2901 | O94: Jeroen Goossens | P94: jeroen.goossens@huurder.example | Q94: 0413 47 21 13 | R94: BE77 15467 5463 6201 | S94: HC-2021-0091 | T94: 44543 | V94: Verhuurd | W94: 1689 | X94: 5067 | Y94: C | Z94: 1971 | AA94: 263 | AB94: 0 | AC94: Nee | AD94: 5.4144001e+16 | AE94: EL-462467 | AF94: WA-237553 | AG94: Stookolie | AH94: 45877 | AI94: Jaarlijks | AJ94: ImmoBeheer Antwerpen
B95: P-0092 | C95: Studio | D95: Antwerpen | E95: Edegem | F95: 2650 | G95: Nieuwstraat | H95: 81 | I95: 2 | J95: Nieuwstraat 81 bus 2, 2650 Edegem | K95: Koen Vermeulen | L95: koen.vermeulen@eigenaar.example | M95: 0416 64 52 56 | N95: BE31 4404 7756 3812 | O95: Eva Martens | P95: eva.martens@huurder.example | Q95: 0416 64 52 56 | R95: BE84 15504 5656 7112 | S95: HC-2022-0092 | T95: 44701 | V95: In renovatie | W95: 824 | X95: 2472 | Y95: E | Z95: 1978 | AA95: 132 | AB95: 2 | AC95: Ja | AD95: 5.4144001e+16 | AE95: EL-462604 | AF95: WA-237636 | AG95: Elektrisch | AH95: 45910 | AI95: Jaarlijks | AJ95: ImmoBeheer Antwerpen
B96: P-0093 | C96: Woning | D96: Antwerpen | E96: Zandhoven | F96: 2240 | G96: Mechelsesteenweg | H96: 94 | I96: 202 | J96: Mechelsesteenweg 94 bus 0202, 2240 Zandhoven | K96: Marc Michiels | L96: marc.michiels@eigenaar.example | M96: 0419 81 83 99 | N96: BE38 4441 7949 4723 | S96: HC-2023-0093 | T96: 45201 | V96: Te verhuren | W96: 1717 | X96: 5151 | Y96: A | Z96: 1985 | AA96: 143 | AB96: 5 | AC96: Nee | AD96: 5.4144001e+16 | AE96: EL-462741 | AF96: WA-237719 | AG96: Collectieve verwarming | AH96: 45942 | AI96: Jaarlijks | AJ96: ImmoBeheer Antwerpen
B97: P-0094 | C97: Duplex | D97: Antwerpen | E97: Lier | F97: 2500 | G97: Havenweg | H97: 107 | I97: B | J97: Havenweg 107 bus B, 2500 Lier | K97: Tom Maes | L97: tom.maes@eigenaar.example | M97: 0422 98 14 42 | N97: BE45 4478 8142 5634 | O97: Sarah Vermeulen | P97: sarah.vermeulen@huurder.example | Q97: 0422 98 14 42 | R97: BE09 15578 6042 8934 | S97: HC-2024-0094 | T97: 45360 | V97: Verhuurd | W97: 1314 | X97: 3942 | Y97: C | Z97: 1992 | AA97: 154 | AB97: 3 | AC97: Nee | AD97: 5.4144001e+16 | AE97: EL-462878 | AF97: WA-237802 | AG97: Warmtepomp | AH97: 45975 | AI97: Jaarlijks | AJ97: ImmoBeheer Antwerpen
B98: P-0095 | C98: Garage | D98: Antwerpen | E98: Mol | F98: 2400 | G98: Kapellestraat | H98: 120 | I98: 3 | J98: Kapellestraat 120 bus 3, 2400 Mol | K98: Dirk Goossens | L98: dirk.goossens@eigenaar.example | M98: 0425 15 45 85 | N98: BE52 4515 8335 6545 | O98: Yassin Hermans | P98: yassin.hermans@huurder.example | Q98: 0425 15 45 85 | R98: BE16 15615 6235 9845 | S98: HC-2025-0095 | T98: 45885 | U98: 46981 | V98: Verhuurd | W98: 80 | X98: 240 | Y98: E | Z98: 1999 | AA98: 21 | AB98: 0 | AC98: Ja | AD98: 5.4144001e+16 | AE98: EL-463015 | AF98: WA-237885 | AG98: Gas individueel | AH98: 46007 | AI98: Jaarlijks | AJ98: ImmoBeheer Antwerpen | AK98: Indexatie na renovatie controleren
B99: P-0096 | C99: Appartement | D99: Antwerpen | E99: Kontich | F99: 2550 | G99: Antwerpsesteenweg | H99: 133 | J99: Antwerpsesteenweg 133, 2550 Kontich | K99: Hilde Van den Broeck | L99: hilde.vandenbroeck@eigenaar.example | M99: 0428 32 76 28 | N99: BE59 4552 8528 7456 | O99: Samira Claes | P99: samira.claes@huurder.example | Q99: 0428 32 76 28 | R99: BE23 15652 6428 0756 | S99: HC-2020-0096 | T99: 43853 | V99: Verhuurd | W99: 1368 | X99: 4104 | Y99: A | Z99: 2006 | AA99: 176 | AB99: 4 | AC99: Ja | AD99: 5.4144001e+16 | AE99: EL-463152 | AF99: WA-237968 | AG99: Stookolie | AH99: 45675 | AI99: Jaarlijks | AJ99: ImmoBeheer Antwerpen
B100: P-0097 | C100: Handelspand | D100: Antwerpen | E100: Mortsel | F100: 2640 | G100: Groenstraat | H100: 146 | I100: 1 | J100: Groenstraat 146 bus 1, 2640 Mortsel | K100: Leen Hermans | L100: leen.hermans@eigenaar.example | M100: 0401 49 07 71 | N100: BE66 4589 8721 8367 | O100: Fatima Hendrickx | P100: fatima.hendrickx@huurder.example | Q100: 0401 49 07 71 | R100: BE30 15689 6621 1667 | S100: HC-2021-0097 | T100: 44352 | V100: Verhuurd | W100: 2777 | X100: 8331 | Y100: C | Z100: 2013 | AA100: 269 | AB100: 0 | AC100: Nee | AD100: 5.4144001e+16 | AE100: EL-463289 | AF100: WA-238051 | AG100: Elektrisch | AH100: 45708 | AI100: Jaarlijks | AJ100: ImmoBeheer Antwerpen
B101: P-0098 | C101: Kantoor | D101: Antwerpen | E101: Balen | F101: 2490 | G101: Industrieweg | H101: 159 | I101: 101 | J101: Industrieweg 159 bus 0101, 2490 Balen | K101: Els Mertens | L101: els.mertens@eigenaar.example | M101: 0404 66 38 14 | N101: BE73 4626 8914 9278 | O101: Amina Maes | P101: amina.maes@huurder.example | Q101: 0404 66 38 14 | R101: BE37 15726 6814 2578 | S101: HC-2022-0098 | T101: 44877 | V101: Verhuurd | W101: 1176 | X101: 3528 | Y101: E | Z101: 2020 | AA101: 157 | AB101: 0 | AC101: Nee | AD101: 5.4144001e+16 | AE101: EL-463426 | AF101: WA-238134 | AG101: Collectieve verwarming | AH101: 45738 | AI101: Jaarlijks | AJ101: ImmoBeheer Antwerpen
...

Sheet Lookup Functions
A1: ←
B2: EN | C2: Lookup Functions
B3: Function Name
C4: VLOOKUP (included for retro-compatibility reasons)
B6: Short description
C7: Use the VLOOKUP function to find a value in a table or range BY ROW. The search is vertical. (legacy function, similar to HLOOKUP … where possible transition to XLOOKUP)
B9: Syntax
B10: EN | C10: =VLOOKUP (lookup_value, table_array, col_index_num, [range_lookup])
B12: Remarks
C13: 1 | D13: The data being searched for should be specifically organized so that the search value is on the far left and the value being searched for is in one of the columns to the right of it.
C14: 2 | D14: The "col_index_num" argument is an integer (1 or greater) that specifies how many columns to count to the right from the column containing the lookup_value. 1 is the col_index_num of the column containing the lookup_value.
C15: 3 | D15: The last argument is optional. If not provided (or TRUE), the function will return an approximate value (if lookup_value is not found exactly). The sorting of the data in the lookup_value column is decisive.
C16: 4 | D16: To only return a result when the lookup_value is found EXACTLY, the fourth argument must be set to FALSE. If the column with lookup_values ​​does not consist of "unique" values, it is important to sort them beforehand. Note that Excel interprets a 0 as FALSE, and a 1 as TRUE.
C17: 5 | D17: If lookup_ value occurs multiple times in the first column of the "table_array", the first row found will determine the result of the function.
C18: 6 | D18: Since 2020, the XLOOKUP function has been available, which addresses some of the shortcomings of the VLOOKUP function (both in terms of flexibility and processing power, as well as in terms of avoiding unintended "errors"). Unless worksheets are shared with users of older Excel versions, it is strongly recommended to use XLOOKUP instead of VLOOKUP.
B20: Excercises
C21: Sales figures per product per quarter | H21: Lookup Value
C22: Product | D22: 1Q | E22: 2Q | F22: 3Q | G22: 4Q | H22: Quarter : | I22: 3Q
C23: milk | D23: 4104.9 | E23: 4059.6 | F23: 3801 | G23: 4301.9 | H23: Product :
C24: eggs | D24: 2776.8 | E24: 2746.1564 | F24: 2542.8489 | G24: 2664.8838 | J24: Formula
C25: peanut butter | D25: 2244 | E25: 2219.2361 | F25: 2054.9384 | G25: 2153.5578 | H25: Result : | J25: =VLOOKUP(I23,C23:G31,4,FALSE)
C26: jelly | D26: 1562.5 | E26: 1545.2569 | F26: 1430.8562 | G26: 1499.525
C27: apple | D27: 2500 | E27: 2472.411 | F27: 2289.3698 | G27: 2399.24 | H27: To see the solutions, change the font color in the cells under "Formula"
C28: kiwi | D28: 3150 | E28: 3115.2379 | F28: 2884.606 | G28: 3023.0424
C29: mince | D29: 1747.5 | E29: 1728.2153 | F29: 1600.2695 | G29: 1677.0687
C30: white wine | D30: 12145.2 | E30: 12011.171 | F30: 12011.171 | G30: 12011.171
C31: rosé wine | D31: 11301.39 | E31: 11176.672 | F31: 11176.672 | G31: 11176.672
B33: Function Name
C34: XLOOKUP
B36: Short description
C37: Searches a range or array and then returns the item corresponding to the first match found. If no match exists, XLOOKUP can return the closest (approximate) match.
B39: Syntax
B40: EN | C40: =XLOOKUP(lookup_value, lookup_array, return_array, [if_not_found], [match_mode], [search_mode])
B42: Remarks
C43: 1 | D43: This function is not available in all versions of Excel. Since 2020, the function has been introduced in Excel 2021 and all later versions to replace VLOOKUP and HLOOKUP. The function offers a more flexible application, has a more intuitive approach to optional arguments and error messages, and is much faster (especially noticeable with large tables) than the older functions. In Excel 2016 and Excel 2019, the function is not available for input, but if the workbook was created with a newer version, the function will work in Excel 2016 and Excel 2019.
C44: 2 | D44: The optional fourth argument [if_not_found] can be used to provide a value for cases where the lookup_value is not found. If this argument is empty and the lookup_value is not found, the function will return an error.
C45: 3 | D45: The optional fifth argument [match_mode] specifies how the comparison should be done: 0 : exact match, if search_value is not found then return an error (THIS IS THE DEFAULT VALUE IF THE ARGUMENT IS LEFT EMPTY) -1 : exact match, if search_value is not found then return the next smaller value 1 : exact match, if search_value is not found then return the next larger value 2 : use of a "wildcard" where *, ? and ~ have special meanings Note that unlike VLOOKUP and HLOOKUP, an exact match is the default when omitting this argument!
C46: 4 | D46: The optional sixth argument [search_mode] specifies how to search: 1 : start search at first item (DEFAULT VALUE IF ARGUMENT LEFT EMPTY) -1 : start reverse search at last item 2 : binary search with search matrix sorted in ascending order -2 : binary search with search matrix sorted in descending order Binary search will return an error if the search matrix is ​​not sorted
C47: 5 | D47: If the lookup_value occurs multiple times in the first column of the "table_array", the first row found will determine the result of the function.
C48: 6 | D48: Since Excel 2016, the XLOOKUP function has been available, which addresses some of the shortcomings of the HLOOKUP function (both in terms of flexibility and processing power, and in terms of avoiding unintended "errors"). Unless worksheets are shared with users of older Excel versions, it is strongly recommended to use XLOOKUP instead of HLOOKUP.
B50: Excercises
C51: Sales figures per product per quarter | H51: Lookup Value
C52: Product | D52: 1Q | E52: 2Q | F52: 3Q | G52: 4Q | H52: Quarter : | J52: Nested scenario looking both vertically and horizontally
C53: milk | D53: 4104.9 | E53: 4059.6 | F53: 3801 | G53: 4301.9 | H53: Product :
C54: eggs | D54: 2776.8 | E54: 2746.1564 | F54: 2542.8489 | G54: 2664.8838 | J54: Formula
C55: peanut butter | D55: 2244 | E55: 2219.2361 | F55: 2054.9384 | G55: 2153.5578 | H55: Result : | J55: =XLOOKUP(I53,C53:C61,XLOOKUP(I52,D52:G52,D53:G61))
C56: jelly | D56: 1562.5 | E56: 1545.2569 | F56: 1430.8562 | G56: 1499.525
C57: apple | D57: 2500 | E57: 2472.411 | F57: 2289.3698 | G57: 2399.24 | H57: To see the solutions, change the font color in the cells under "Formula"
C58: kiwi | D58: 3150 | E58: 3115.2379 | F58: 2884.606 | G58: 3023.0424
C59: mince | D59: 1747.5 | E59: 1728.2153 | F59: 1600.2695 | G59: 1677.0687
C60: white wine | D60: 12145.2 | E60: 12011.171 | F60: 12011.171 | G60: 12011.171
C61: rosé wine | D61: 11301.39 | E61: 11176.672 | F61: 11176.672 | G61: 11176.672
B63: Function Name
C64: INDEX
B66: Short description
C67: Returns the value of an element in a table or an array, selected by the row and column number indexes.
B69: Syntax
B70: EN | C70: =INDEX(array, row_num, [column_num])
B72: Remarks
C73: 1 | D73: Argument 1: array Required. A range of cells or an array constant. If array contains only one row or column, the corresponding row_num or column_num argument is optional. If array has more than one row and more than one column, and only row_num or column_num is used, INDEX returns an array of the entire row or column in array. Argument 2: row_num Required, unless column_num is present. Selects the row in array from which to return a value. If row_num is omitted, column_num is required. Argument 3: column_num Optional. Selects the column in array from which to return a value. If column_num is omitted, row_num is required.
C74: 2 | D74: If both the row_num and column_num arguments are used, INDEX returns the value in the cell at the intersection of row_num and column_num.
C75: 3 | D75: Arguments row_num and column_num must point to a cell within array; otherwise, INDEX returns a #REF! error.
C76: 4 | D76: If you set row_num or column_num to 0 (zero), INDEX returns the array of values for the entire column or row, respectively. To use values returned as an array, enter the INDEX function as an array formula.
B78: Excercises
C79: Sales Rep | D79: January | E79: February | F79: March | G79: Find item in row 3 column 2 of the values
C80: Jan | D80: 10260 | E80: =+D80*28/31 -> 9267.0968 | F80: =+E80*30/28 -> 9929.0323 | G80: Row | H80: Column | I80: Item | J80: Formula
C81: Arianne | D81: 15700 | E81: =+D81*28/31 -> 14180.645 | F81: =+E81*30/28 -> 15193.548 | G81: 3 | H81: 2 | J81: =INDEX(D80:F84,G81,H81)
C82: Jos | D82: 13275 | E82: =+D82*28/31 -> 11990.323 | F82: =+E82*30/28 -> 12846.774
C83: Piet | D83: 9100 | E83: =+D83*28/31 -> 8219.3548 | F83: =+E83*30/28 -> 8806.4516
C84: Katrien | D84: 7480 | E84: =+D84*28/31 -> 6756.129 | F84: =+E84*30/28 -> 7238.7097
B86: Function Name
C87: XMATCH
B89: Short description
C90: Returns the relative position of an item in an array or range of cells. In combination with, for example, an INDEX function, this can provide an alternative solution for a 2-way lookup in a range (see examples compared to exercise in X.LOOKUP).
B92: Syntax
B93: EN | C93: =XMATCH(lookup_value, lookup_array, [match_mode], [search_mode])
B95: Remarks
C96: 1 | D96: The optional third argument [match_mode] specifies how the comparison should be done: 0 : exact match (DEFAULT VALUE IF ARGUMENT LEFT EMPTY) -1 : exact match, if search value not found then give the next smaller value 1 : exact match, if search value not found then give the next larger value 2 : use of a "wildcard" where *, ? and ~ have a special meaning
C97: 2 | D97: The optional fourth argument [search_mode] specifies how to search: 1 : start search at first item (DEFAULT VALUE IF ARGUMENT LEFT EMPTY) -1 : start reverse search at last item 2 : binary search with search matrix sorted in ascending order -2 : binary search with search matrix sorted in descending order Binary search will return invalid results if the search matrix is ​​not sorted
B99: Examples
C100: Sales Rep | D100: January | E100: February | F100: March | G100: XMATCH without nesting (with wildcard)
C101: Jan | D101: 10260 | E101: =+D101*28/31 -> 9267.0968 | F101: =+E101*30/28 -> 9929.0323 | G101: Sales Rep | H101: Position | J101: Formula
C102: Arianne | D102: 15700 | E102: =+D102*28/31 -> 14180.645 | F102: =+E102*30/28 -> 15193.548 | J102: =XMATCH(G102,C101:C105,2)
C103: Jos | D103: 13275 | E103: =+D103*28/31 -> 11990.323 | F103: =+E103*30/28 -> 12846.774 | G103: XMATCH nested in INDEX
C104: Piet | D104: 9100 | E104: =+D104*28/31 -> 8219.3548 | F104: =+E104*30/28 -> 8806.4516 | G104: Sales Rep | H104: Month | I104: Sales | J104: Formula
C105: Katrien | D105: 7480 | E105: =+D105*28/31 -> 6756.129 | F105: =+E105*30/28 -> 7238.7097 | J105: =INDEX(D101:F105,XMATCH(G105,C101:C105),XMATCH(H105,D100:F100))
B107: Function Name
C108: SUMIF
B110: Short description
C111: You use the SUMIF function to add together the values ​​in a range that meet criteria you specify.
B113: Syntax
B114: EN | C114: =SUMIF(range, criteria, [sum_range])
B116: Remarks
C117: 1 | D117: The SUMIF function returns incorrect results when you use it to match strings longer than 255 characters or the string #VALUE!.
C118: 2 | D118: Cells in each "range" must contain numbers, names, arrays, or references containing numbers. Empty and text values ​​are ignored. The selected range can contain dates in standard Excel format.
C119: 3 | D119: The criteria must be provided as a number, expression, cell reference, text, or function defining the cells that will be added.
C120: 4 | D120: Wildcards can be included: a question mark (?) for a single character, an asterisk (*) for a sequence of characters. To match a question mark or an asterisk, type a tilde (~) before the character.
B122: Exercise
C123: Name | D123: Region | E123: Sales | G123: Name | H123: Result | J123: Solutions
C124: Jean | D124: Provence | E124: 100 | G124: Jean | J124: =SUMIF(C124:C132,G124,E124:E132)
...

Sheet Database Functions
A1: ←
B2: EN | C2: DB Functions
B3: Brief description
C4: In a list or database, DSUM returns the sum of the numbers in the fields (columns) of the records that match the specified conditions. Other similar database functions are available with identical syntax.
B6: Syntax
B7: EN | C7: =DSUM(database, field, criteria)
B9: Remarks
C10: 1 | D10: You can use any range for the criteria argument, as long as it includes at least one column label and at least one cell below the column label to specify the condition.
C11: 2 | D11: Although the criteria range can be located anywhere in the worksheet, it's best not to place it below the list. This poses a risk. If you add information to the list, it will be added to the first row below the list. If the row below the list isn't empty, Microsoft Excel won't add the new information.
C12: 3 | D12: Make sure the criteria range does not overlap the list.
C13: 4 | D13: To perform an operation on an entire column in a database, enter a blank row below the column labels in the criteria range.
C14: 5 | D14: Similar database functions, with identical syntax, can be used to perform various operations on a list or database. Once you master DSUM, you can immediately use all the other functions listed below:
B16: Examples
C17: Data source used for these examples:
D18: Database with 7,000+ rows in the "Source Data" worksheet Table Name: "tblCensus2011" Fields ("dimensions"): - Province - District - Municipality - Gender - Nationality - Category Values: - People - Percent
C40: Major difference between "DB" functions and typical functions (SUMIF, AVERAGEIF, etc.):
D41: Criteria and results are configured separately from the source (NOT in a formula in the source table)
C42: Same syntax for these aggregate functions:
D43: DSUM : Adds the numbers in the field column of the database records that match the criteria
D44: DCOUNT : Counts cells containing numbers in a database
D45: DCOUNTA : Counts non-empty cells in a database
D46: DAVERAGE : Returns the average of the selected database entries
D47: DMAX : Returns the maximum value of the selected database entries
D48: DMIN : Returns the minimum value of the selected database entries
D49: DPRODUCT : Multiplies the values ​​of a particular field of records that match criteria in a database
D50: DSTDEV : Estimates the standard deviation based on a sample of selected database entries
D51: DSTDEVP : Calculates the standard deviation based on the entire population of selected database entries
D52: DVAR : Estimates the variance based on a sample of selected database entries
D53: DVARP : Calculates the variance based on the entire population of selected database entries
C54: Application in this scenario:
D55: For dimension criteria we will provide "data validation" menus (to improve user experience).
D56: We will demonstrate several examples:
E57: Simple criterion
E58: Several "AND" type criteria
E59: Several "OR" type criteria
E60: Several mixed type criteria "AND" - "OR"
E61: Wildcards
C62: Special case : DGET (no aggregation)
D63: Extrait d'une base de données un seul enregistrement qui correspond aux critères spécifiés
C64: Simple criterion
D65: Province
D68: DSUM | E68: DCOUNT | F68: DAVERAGE | G68: DMAX | H68: DMIN
C71: Several "AND" type criteria
D72: Province | E72: Percent | F72: Percent
D75: DSUM | E75: DCOUNT | F75: DAVERAGE | G75: DMAX | H75: DMIN
C78: Several "OR" type criteria
D79: Province
D83: DSUM | E83: DCOUNT | F83: DAVERAGE | G83: DMAX | H83: DMIN
C86: Several mixed type criteria "AND" - "OR" | J86: Note: "IF" type functions do not support "OR" criteria without complex manipulations
D87: Province | E87: Percent | F87: Percent
D91: DSUM | E91: DCOUNT | F91: DAVERAGE | G91: DMAX | H91: DMIN
C94: Several criteria type "OR" but on different fields | J94: Note: "IF" type functions do not support "OR" criteria without complex manipulations
D95: Province | E95: Nationality
D99: DSUM | E99: DCOUNT | F99: DAVERAGE | G99: DMAX | H99: DMIN
C102: Wildcards | J102: Note: the syntax allows you to number the column to be aggregated instead of naming it... (2nd argument: 7 instead of "People")
D103: Province
D106: DSUM | E106: DCOUNT | F106: DAVERAGE | G106: DMAX | H106: DMIN
C109: DGET | J109: Note: Similar functionality to VLOOKUP or XLOOKUP, but if multiple values ​​are found, DGET will return an error
D110: Province | F110: Province
D113: DGET | F113: DGET
B117: NL | C117: DB-functies
B118: Korte beschrijving
C119: DBSOM geeft in een lijst of database de som van de getallen in de velden (kolommen) van de records die voldoen aan de opgegeven voorwaarden. M.a.w. een DB-functie zal een bewerking uitvoeren op verschillende rijen en/of kolommen die het eerst zal filteren op een criterium (in een (andere) kolom). Hierdoor kunnen we tussenstappen overslaan. Er zijn verschillende bewerkingen met databasefuncties beschikbaar met identieke syntaxis.
B121: Syntax
B122: NL | C122: =DBSOM(database, veld, critia)
B123: EN | C123: =DSUM(database, field, criteria)
B125: Opmerkingen
C126: 1 | D126: U kunt elk bereik gebruiken voor het criteria-argument, zolang het ten minste één kolomlabel en ten minste één cel onder het kolomlabel bevat om de voorwaarde op te geven.
C127: 2 | D127: Hoewel het criteriabereik overal in het spreadsheet kan worden geplaatst, is het beter om het niet onder de lijst te plaatsen. Dit levert een risico op. Als u informatie aan de lijst toevoegt, wordt deze toegevoegd aan de eerste regel onder de lijst. Als de rij onder de lijst niet leeg is, voegt Microsoft Excel de nieuwe informatie niet toe.
C128: 3 | D128: Zorg ervoor dat het criteriumbereik niet overlapt met de lijst.
C129: 4 | D129: Als u een bewerking op een hele kolom in een database wilt uitvoeren, voert u een lege rij in onder de kolomlabels in het criteriabereik.
C130: 5 | D130: Vergelijkbare databasefuncties, met identieke syntaxis, kunnen worden gebruikt om verschillende bewerkingen op een lijst of database uit te voeren. Zodra je DBSOM onder de knie hebt, kun je meteen alle andere hieronder genoemde functies gebruiken:
B132: Voorbeelden
C133: Gegevensbron gebruikt voor deze voorbeelden:
D134: Database van meer dan 7000 rijen in het blad "Source Data" Tabelnaam: "tblCensus2011" Velden ("dimensies"): - Provincie - Gemeente - Gemeente - Geslacht - Nationaliteit - Categorie Waarden: - Mensen - Procent
C156: Belangrijk verschil tussen "DB"-functies en typische functies (SOM.ALS, GEMIDDELDE.ALS, enz.):
D157: Criteria en resultaten worden apart van de bron geconfigureerd (NIET in een formule in de brontabel)
C158: Dezelfde syntaxis voor deze geaggregeerde functies:
D159: DBSOM (DSUM) : Telt de getallen op in de veldkolom van de databaserecords die voldoen aan de criteria
D160: DBAANTAL (DCOUNT) :Telt cellen met getallen in een database
D161: DBAANTALC (DCOUNTA) : Telt niet-lege cellen in een database
D162: DBGEMIDDELDE (DAVERAGE) : Retourneert het gemiddelde van de geselecteerde database-items
D163: DBMAX (DMAX) : Retourneert de maximale waarde van de geselecteerde database-items
D164: DBMIN (DMIN) : Retourneert de minimumwaarde van de geselecteerde database-items
D165: DBPRODUCT (DPRODUCT) : Vermenigvuldigt de waarden van een bepaald veld met records die voldoen aan criteria in een database
D166: DBSTDEV (DSTDEV) : Schat de standaarddeviatie op basis van een steekproef van geselecteerde database-items
D167: DBSTDEFP (DSTDEVP) : Bereken de standaarddeviatie op basis van de volledige populatie van geselecteerde database-items
D168: DBVAR (DVAR) : Schat de variantie op basis van een steekproef van geselecteerde database-items
D169: DBVARP (DVARP) : Bereken de variantie op basis van de volledige populatie van geselecteerde database-items
C170: Toepassing in dit scenario:
D171: Voor dimensiecriteria zullen we menu's voor 'gegevensvalidatie' aanbieden (om de gebruikerservaring te verbeteren).
D172: We zullen een aantal voorbeelden laten zien:
E173: Eenvoudig criterium
E174: Verschillende criteria van het type "EN" (AND)
E175: Verschillende criteria van het type "OF" (OR)
E176: Verschillende gemengde types criteria "EN" (AND) - "OF" (OR)
E177: Jokertekens (Wildcards)
C178: Speciaal geval: DBLEZEN (DGET) (geen aggregatie)
D179: Haalt uit een database een enkele input die beantwoordt aan de opgegeven criteria.
C180: Eenvoudig criterium
...

Sheet YCKWYDK
B1: You can't know what you don't know
B2: Je kan niet weten (leren) wat je niet weet (dat het bestaat)
B4: Als je je inschrijft voor een cursus dan ben je je al bewust van het feit dat je iets nog niet kent, maar in Excel is er zoveel mogelijk waar velen niet van bewust zijn!
B9: Kan AI helpen?
B10: Ideetjes voor prompts…
B12: Kijk naar het bestand in bijlage. Ik wil het graag beter begrijpen en nieuwe dingen leren. Zijn er berekeningen die fout zijn of waarvoor je andere suggesties hebt? Leg het stap voor stap uit.
B14: Kan je mij deze formule in Excel uitleggen en toelichten waarom ik ze meer zou gebruiken?
B16: Kan je vervolgens met je eigen kennis valideren dat het antwoord klopt?

Sheet Sorting and Filtering
A1: ←
B2: EN | C2: Sorting and Filtering
B3: Function Name
C4: UNIQUE
B6: Short description
C7: Until a couple of years ago, removing duplicates from Excel lists was typically done in one of the following ways: - Manually selecting and deleting rows - Remove Duplicates button on the Data-ribbon - Using a Pivot Table or Power Query - Developping a VBA macro to do the job Since its introduction, the obvious way to remove duplicates is now the UNIQUE function.
B9: Syntax
B10: EN | C10: =UNIQUE(array,[by_col],[exactly_once])
B12: Remarks
C13: array | D13: the range or array to return values from
C14: [by_col] | D14: optional argument, FALSE (default) = compare by row, TRUE = compare by column
C15: [exactly_once] | D15: optional argument, FALSE (default) = include all distinct items in the list , TRUE = exclude all items that appear more than once.
B17: Exercises
C18: Use cell I21 to experiment with applying UNIQUE to 1 or more columns, adding TRUE as third argument:
D19: Data | I19: Unique
D20: First | E20: Last | F20: Exam Date | G20: Pass/Fail | I20: First
D21: Sally | E21: Wilson | F21: 45341 | G21: Pass
D22: Jack | E22: Webber | F22: 45341 | G22: Fail
D23: Billy | E23: Spencer | F23: 45341 | G23: Pass
D24: Ryan | E24: Cherry | F24: 45370 | G24: Pass
D25: Chau | E25: Yang | F25: 45370 | G25: Fail
D26: Chau | E26: Yang | F26: 45370 | G26: Pass
D27: Jack | E27: Wilson | F27: 45401 | G27: Fail
D28: Davic | E28: Sterland | F28: 45401 | G28: Fail
C33: Observe the behaviour of the UNIQUE function by adding information to the Table above (first need to unprotect the Worksheet)
D34: Dale | E34: Taylor | F34: 45401 | G34: Fail
B37: Function Name
C38: SORT
B40: Short description
C41: The SORT function is the function-based solution to replace manual sorting of data through ribbon or autofilter button actions. It accepts multiple columns and allows for sorting on any of the included columns in ascending or descending order.
B43: Syntax
B44: EN | C44: =SORT(array,[sort_index],[sort_order],[by_col])
B46: Remarks
C47: array | D47: the range of cells, or array of values to be sorted
C48: [sort_index] | D48: optional argument, the nth column or row to apply the sort to (optional, defaults to first column)
C49: [sort_order] | D49: optional argument, 1 = ascending order (default), -1 = descending order
C50: [by_col] | D50: optional argument, TRUE = sort by columns, FALSE = sort by rows (default)
B52: Excercises
C53: Use cell I56 to return one or more columns of the Data range sorted by the first column
D54: Data | I54: Result
D55: Item | E55: Count | F55: Unit Price | G55: Total Value | I55: Item | J55: Count | K55: Unit Price | L55: Total Value
D56: Banana | E56: 100 | F56: 0.19 | G56: =E56*F56 -> 19
D57: Pear | E57: 70 | F57: 0.41 | G57: =E57*F57 -> 28.7
D58: Kiwi | E58: 120 | F58: 0.32 | G58: =E58*F58 -> 38.4
D59: Orange | E59: 90 | F59: 0.3 | G59: =E59*F59 -> 27
D60: Pineapple | E60: 100 | F60: 0.43 | G60: =E60*F60 -> 43
D61: Melon | E61: 30 | F61: 1.8 | G61: =E61*F61 -> 54
D62: Peach | E62: 40 | F62: 0.75 | G62: =E62*F62 -> 30
D63: Apple | E63: 43 | F63: 1 | G63: =E63*F63 -> 43
C65: Now change the formula in cell I68 to sort on another column (e.g. on the Total Value column in descending order)
I66: Result
I67: Item | J67: Count | K67: Unit Price | L67: Total Value
C77: Now change the formula in cell I80 to sort on another column (e.g. on the Total Value column in descending order)
I78: Result
I79: Item | J79: Count | K79: Unit Price | L79: Total Value
B91: Function Name
C92: SORTBY
B94: Short description
C95: SORTBY works similar to SORT. The main difference is that SORTBY allows to return a sorted array where the sort-by columns are not necessarily included.
B97: Syntax
B98: EN | C98: =SORTBY(array,by_array1,[sort_order1],[byarray2],[sort_order2])
B100: Remarks
C101: array | D101: the range of cells, or array of values to be sorted
C102: [by_arrray1] | D102: optional argument, the nth column or row to apply the sort to (optional, defaults to first column)
C103: [sort_order1] | D103: optional argument, 1 = ascending order (default), -1 = descending order
C104: [by_arrray2] | D104: optional argument, the nth column or row to apply the sort to (optional, defaults to first column)
C105: [sort_order2] | D105: optional argument, 1 = ascending order (default), -1 = descending order
C106: … | D106: optional by_array and sort_order arguments can be added for additional sort levels
B108: Function Name
C109: FILTER
B111: Short description
C112: FILTER will take any tabular data range and perform a regular filter action, returning a dynamic spill array that will grow and shrink with the data and the chosen filter criteria as needed.
B114: Syntax
B115: EN | C115: =FILTER(array,include,[if_empty])
B117: Remarks
C118: array | D118: range or array to filter
C119: include | D119: array of booleans where TRUE represents a row or column to retain
C120: [if_empty] | D120: return value if no items retained
B122: Exercises
C123: Enter the FILTER formula in cell H128 and play with the Count Filter in D125 to see the dynamic nature of the function
D124: Limit
D125: 50
D126: Data | H126: Calculation
D127: Item | E127: Count | F127: Price | H127: Item | I127: Count | J127: Price
D128: Banana | E128: 100 | F128: 1.5
D129: Pear | E129: 70 | F129: 1.2
D130: Kiwi | E130: 120 | F130: 1.15
D131: Orange | E131: 90 | F131: 1.9
D132: Apple | E132: 100 | F132: 1.1
D133: Melon | E133: 30 | F133: 3.5
D134: Peaches | E134: 40 | F134: 1.4
D135: Pineapple | E135: 15 | F135: 2
C138: Now see how in combination with a special use of the union-operator you can also include the range title row in your dynamic result.
H139: Spill Range Union
C150: Note: A spill range H140# can be used as a data source for a Pivot Table, or for that matter also in Power Query.
B152: Function Name
C153: VSTACK
B155: Short description
C156: Appends arrays vertically and in sequence to return a larger array.
B158: Syntax
...

Sheet Data Validation
A1: ←
B2: EN | C2: Data Validation
B3: Overview
C4: What is it? | D4: Data validation in Excel is a feature that allows you to control the type of data entered into a cell. It helps maintain accuracy and consistency by setting rules for what can be input. For example, you can restrict entries to whole numbers, decimals, dates, or a predefined list.
C5: Purpose? | D5: We can use Data Validation in our Excel worksheet because it: - stops us from entering incorrect data in cells - keeps our data uniformly formatted - simplifies and speeds up our data input - enhances our overall data reliability - creates a positive user experience - allows custom rules using formulas for our unique requirements
C6: Settings Tab | D6: a) Allow Box: - Whole Number: Allows only whole numbers. - Decimal: Permits decimal numbers with a set precision. - List: Creates a drop-down list that allows you to select from the list. - Date: Ensures entries are within a specified date range. - Time: Allows time only. - Text Length: Controls the number of characters allowed. - Custom: This lets you set unique rules using a formula. b) Data Box: - Whole Number: Specify minimum and maximum values. - Decimal: Set the number of allowed decimal places. - List: Create a list of acceptable entries. - Date/Time: Establish minimum and maximum date or time values. - Text Length: Determine the minimum and maximum character count. - Custom: Input a custom formula for validation. Accepted references for "List" setting: - Cell References - Named Ranges - Comma-separated Values - Formulae (e.g. INDIRECT) - Dynamic Spill Ranges
C7: Input Message | D7: You can use this tab to customize your message to give any instructions. - “Show input message when cell is selected” Box: Displays a message when users select the validated cell. - "Title and Input Message” Boxes: Customize the title and message of the notification.
C8: Error Alert | D8: a) “Show error alert after invalid data is entered”: Ensures that the user gets a notification if they enter invalid information. b) Style: - Stop (prevents entry) - Warning (informs without blocking) - Information (provides information without blocking). c)Title and Error Message: Customize the title and message for the error alert.
B10: Example: input validation
C11: Use range reference in the first example and a named range in the second to establish input valudation for the white cells
D13: DV Range | F13: DV with Range | H13: DV Name | J13: DV with Named Range
D14: Brussel | H14: Bruxelles
D15: Vlaanderen | H15: Flandres
D16: Wallonië | H16: Wallonie
B19: Example: user information
C20: Add to the two examples above a user tip with a meaningful title and an explanatory text and see how this can be used to improve user experience AND provide in-line "documentation" about what is expected.
B24: Example: error feedback
C25: Set up data validation for the 3 ranges below, each allowing whole numbers only. For each of the examples, apply a different level of Error Alert and see what happens
D27: STOP | F27: WARNING | H27: INFORMATION
B33: Example: simple 2-level dependent validation
C34: Set up a 2-level dependent validation (i.e. where the options on the 2nd drop-down depend on the choice made in the 1st drop-down)
C36: Possible inputs: | D36: Brussel | E36: Vlaanderen | F36: Wallonië | H36: How-to: | I36: Name the column headers "dvENLevel1"
D37: B1 | E37: V1 | F37: W1 | I37: Name each column (excluding the header) with a Defined Name that matches EXACTLY the spelling of the column header
D38: B2 | E38: V2 | F38: W2
D39: B3 | E39: V3 | F39: W3 | I39: To "Level 1" below apply Data Validation from a list named "dvENLevel1"
D40: B4 | E40: V4 | F40: W4
I41: To "Level 2" below apply Data Validation from a list, using the reference "=INDIRECT(H44)"
H43: Level 1 | I43: Level 2
H44: Brussel | I44: B2
B47: Bonus material: see worksheet "Multi-level Dropdown" for a detailed "recipe" to create a dynamic multi-level dependent validation with one-time configuration and dynamic updates when allowed combinations are updated
B49: NL | C49: Gegevensvalidatie
B50: Overzicht
C51: Wat is het? | D51: Gegevensvalidatie in Excel is een functionaliteit waarmee u het type gegevens dat in een cel wordt ingevoerd, kunt controleren. Het helpt de nauwkeurigheid en consistentie te behouden door regels in te stellen voor wat er kan worden ingevoerd. U kunt bijvoorbeeld de invoer beperken tot gehele getallen, decimalen, datums of een vooraf gedefinieerde lijst. Bijvoorbeeld tot een dimensie.
C52: Doel? | D52: We kunnen gegevensvalidatie gebruiken in ons Excel-werkblad omdat het: - voorkomt dat we onjuiste gegevens in cellen invoeren - onze gegevens uniform opmaakt - onze gegevensinvoer vereenvoudigt en versnelt - de algehele betrouwbaarheid van onze gegevens verbetert - een positieve gebruikerservaring creëert - aangepaste regels mogelijk maakt met behulp van formules voor onze unieke vereisten
C53: Tabblad 'Instellingen' | D53: a) Toestaan: - Geheel getal: Staat alleen gehele getallen toe. - Decimaal: Staat decimale getallen toe met een ingestelde precisie. - Lijst: Maakt een vervolgkeuzelijst aan waaruit u een keuze kunt maken. - Datum: Zorgt ervoor dat items binnen een bepaald datumbereik vallen. - Tijd: Staat alleen tijd toe. - Tekstlengte: Bepaalt het toegestane aantal tekens. - Aangepast: Hiermee kunt u unieke regels instellen met behulp van een formule. b) Gegevensvak: - Geheel getal: Specificeer minimum- en maximumwaarden. - Decimaal: Stel het aantal toegestane decimalen in. - Lijst: Maak een lijst met toegestane items. - Datum/Tijd: Stel minimum- en maximumwaarden voor datum of tijd in. - Tekstlengte: Bepaal het minimum- en maximumaantal tekens. - Aangepast: Voer een aangepaste formule in voor validatie. Geaccepteerde referenties voor de instelling 'Lijst': - Celverwijzingen - Benoemde bereiken - Door komma's gescheiden waarden - Formules (bijv. INDIRECT) - Dynamische overloopbereiken
C54: Invoerbericht | D54: U kunt dit tabblad gebruiken om uw bericht aan te passen en instructies te geven. - Vak "Toon invoerbericht wanneer cel is geselecteerd": Geeft een bericht weer wanneer gebruikers de gevalideerde cel selecteren. - Vakken "Titel en invoerbericht": Pas de titel en het bericht van de melding aan.
C55: Foutmelding | D55: a) “Show error alert after invalid data is entered”: Ensures that the user gets a notification if they enter invalid information. b) Style: - Stop (prevents entry) - Warning (informs without blocking) - Information (provides information without blocking). c)Title and Error Message: Customize the title and message for the error alert.
B57: Voorbeeld: gegevensvalidatie
C58: Gebruik de bereikreferentie in het eerste voorbeeld en een benoemd bereik in het tweede om de invoerwaardering voor de witte cellen vast te stellen
D60: DV Celbereik | F60: DV met celverwijzing | H60: DV Naam | J60: DV met Gedefinieerde Naam
D61: Brussel | H61: Bruxelles
D62: Vlaanderen | H62: Flandres
D63: Wallonië | H63: Wallonie
B66: Voorbeeld: gebruikersinformatie
C67: Voeg aan de twee bovenstaande voorbeelden een gebruikerstip toe met een betekenisvolle titel en een verklarende tekst en bekijk hoe dit kan worden gebruikt om de gebruikerservaring te verbeteren ÉN in-line "documentatie" te bieden over wat er wordt verwacht.
B71: Voorbeeld: feedback over verkeerde invoer
C72: Stel gegevensvalidatie in voor de drie onderstaande bereiken, elk met alleen hele getallen. Pas voor elk van de voorbeelden een ander niveau van foutwaarschuwing toe en kijk wat er gebeurt.
D74: STOP | F74: WAARSCHUWING | H74: INFO
B80: Voorbeeld: 2-laagse afhankelijke validatie
C81: Stel een 2-niveau afhankelijke validatie in (d.w.z. waarbij de opties in de 2e dropdown afhankelijk zijn van de keuze die in de 1e dropdown is gemaakt)
C83: Mogelijkheden: | D83: Brussel | E83: Vlaanderen | F83: Wallonië | H83: Hoe ? | I83: Geef de kolomkoppen de naam "dvNLLevel1"
D84: B1 | E84: V1 | F84: W1 | I84: Geef elke kolom (met uitzondering van de koptekst) een gedefinieerde naam die PRECIES overeenkomt met de spelling van de kolomkoptekst
D85: B2 | E85: V2 | F85: W2
D86: B3 | E86: V3 | F86: W3 | I86: Voor "Keuze 1" hieronder past u gegevensvalidatie toe vanuit een lijst met de naam "dvNLLevel1"
D87: B4 | E87: V4 | F87: W4
I88: Pas voor "Keuze 2" hieronder gegevensvalidatie toe vanuit een lijst, met behulp van de referentie "=INDIRECT(H91)"
H90: Keuze 1 | I90: Keuze 2
B94: Bonusmateriaal: zie werkblad "Multi-level Dropdown" voor een gedetailleerd "recept" om een ​​dynamische multi-level afhankelijke validatie te creëren met eenmalige configuratie en dynamische updates wanneer toegestane combinaties worden bijgewerkt
B96: FR | C96: Validation des données
B97: Points principals
C98: Qu'est-ce que c'est? | D98: La validation des données dans Excel est une fonctionnalité qui vous permet de contrôler le type de données saisies dans une cellule. Elle contribue à garantir l'exactitude et la cohérence des données en définissant des règles de saisie. Par exemple, vous pouvez limiter les entrées aux nombres entiers, aux décimales, aux dates ou à une liste prédéfinie.
C99: But? | D99: Nous pouvons utiliser la validation des données dans notre feuille de calcul Excel car elle : - nous empêche de saisir des données incorrectes dans les cellules ; - conserve un formatage uniforme de nos données ; - simplifie et accélère la saisie des données ; - améliore la fiabilité globale de nos données ; - crée une expérience utilisateur positive ; - permet de personnaliser les règles à l'aide de formules adaptées à nos besoins spécifiques.
C100: Onglet « Options» | D100: a) Zone Autoriser : - Nombre entier : Autorise uniquement les nombres entiers. - Décimal : Autorise les nombres décimaux avec une précision définie. - Liste : Crée une liste déroulante permettant de sélectionner des éléments. - Date : Vérifie que les entrées sont comprises dans une plage de dates spécifiée. - Heure : Autorise uniquement l’heure. - Longueur du texte : Contrôle le nombre de caractères autorisés. - Personnalisé : Permet de définir des règles uniques à l’aide d’une formule. b) Zone Données : - Nombre entier : Spécifie les valeurs minimales et maximales. - Décimal : Définit le nombre de décimales autorisées. - Liste : Crée une liste d’entrées autorisées. - Date/Heure : Définit les valeurs minimales et maximales de date ou d’heure. - Longueur du texte : Détermine le nombre minimal et maximal de caractères. - Personnalisé : Saisit une formule personnalisée pour la validation. Références acceptées pour le paramètre « Liste » : - Références de cellules - Plages nommées - Valeurs séparées par des virgules - Formules (par exemple, INDIRECT) - Plages de débordement dynamiques
C101: Message de saisie | D101: Vous pouvez utiliser cet onglet pour personnaliser votre message et donner des instructions. - Zone « Afficher le message de saisie lorsque la cellule est sélectionnée » : Affiche un message lorsque l'utilisateur sélectionne la cellule validée. - Zones « Titre et Message de saisie » : Personnalisez le titre et le message de la notification.
C102: Alerte d'erreur | D102: a) « Afficher une alerte d'erreur après la saisie de données non valides » : L'utilisateur reçoit une notification s'il saisit des informations non valides. b) Style : - Stop (empêche la saisie) - Avertissement (informe sans bloquer) - Informations (fournit des informations sans bloquer). c) Titre et message d'erreur : Personnalisez le titre et le message de l'alerte d'erreur.
B104: Exemple: validation de saisie
C105: Utilisez la référence de plage dans le premier exemple et une plage nommée dans le second pour établir la valeur d'entrée pour les cellules blanches
D107: DV Plage | F107: DV avec Plage | H107: DV Nom | J107: DV avec Nom Défini
D108: Brussel | H108: Bruxelles
D109: Vlaanderen | H109: Flandres
D110: Wallonië | H110: Wallonie
B113: Exemple: information pour l'utilisateur
C114: Ajoutez aux deux exemples ci-dessus une astuce utilisateur avec un titre significatif et un texte explicatif et voyez comment cela peut être utilisé pour améliorer l'expérience utilisateur ET fournir une « documentation » en ligne sur ce qui est attendu.
B118: Exemple: feedback sur saisies incorrectes
C119: Configurez la validation des données pour les trois plages ci-dessous, chacune n'autorisant que des nombres entiers. Pour chaque exemple, appliquez un niveau d'alerte d'erreur différent et observez le résultat.
D121: STOP | F121: AVERTISSEMENT | H121: INFORMATIONS
B127: Exemple: validation à 2 niveaux dépendents (simple)
C128: Configurer une validation dépendante à 2 niveaux (c'est-à-dire où les options de la 2e liste déroulante dépendent du choix effectué dans la 1ère liste déroulante)
C130: Valeurs possibles | D130: Brussel | E130: Vlaanderen | F130: Wallonië | H130: Comment? | I130: Nommez la plage des les en-têtes de colonne « dvFRLevel1 »
D131: B1 | E131: V1 | F131: W1 | I131: Nommez chaque colonne (à l'exclusion de l'en-tête) avec un nom défini qui correspond EXACTEMENT à l'orthographe de l'en-tête de la colonne
D132: B2 | E132: V2 | F132: W2
D133: B3 | E133: V3 | F133: W3 | I133: Au « Niveau 1 » ci-dessous, appliquez la validation des données à partir d'une liste nommée « dvFRLevel1 »
D134: B4 | E134: V4 | F134: W4
I135: Pour « Keuze 2 » ci-dessous, appliquez la validation des données à partir d'une liste, en utilisant la référence « =INDIRECT(H138) »
H137: Niveau 1 | I137: Niveau 2
B141: Matériel bonus : voir la feuille de travail « Multi-level Dropdown » pour une « recette » détaillée pour créer une validation dépendante multi-niveaux dynamique avec une configuration unique et des mises à jour dynamiques lorsque les combinaisons autorisées sont mises à jour

Sheet Source Data
A1: ← | L1: Database sources -->
B3: Province | C3: Arrondissement | D3: Municipality | E3: Gender | F3: Nationality | G3: Category | H3: People | M3: Date | N3: Product | O3: Region | P3: Quantity Sold | Q3: Net Price | R3: Revenue | T3: Product | U3: Category | W3: Region | X3: Sales Rep
B4: Antwerpen | C4: Antwerpen | D4: Aartselaar | E4: Man | F4: Belgian | G4: Less than 15 years | H4: 1052 | M4: 45292 | N4: Bed | O4: Brussels | P4: 7 | Q4: 750 | R4: =P4*Q4 -> 5250 | T4: Bed | U4: Furniture | W4: Brussels | X4: Filip
B5: Antwerpen | C5: Antwerpen | D5: Aartselaar | E5: Woman | F5: Belgian | G5: Less than 15 years | H5: 920 | M5: 45292 | N5: Headphones | O5: Brussels | P5: 10 | Q5: 100 | R5: =P5*Q5 -> 1000 | T5: Camera | U5: Electronics | W5: Flanders | X5: Jan
B6: Antwerpen | C6: Antwerpen | D6: Aartselaar | E6: Man | F6: Belgian | G6: In schooling | H6: 572 | M6: 45292 | N6: TV | O6: Wallonia | P6: 12 | Q6: 450 | R6: =P6*Q6 -> 5400 | T6: Chair | U6: Furniture | W6: Wallonia | X6: Elio
B7: Antwerpen | C7: Antwerpen | D7: Aartselaar | E7: Woman | F7: Belgian | G7: In schooling | H7: 542 | M7: 45292 | N7: Wardrobe | O7: Brussels | P7: 14 | Q7: 600 | R7: =P7*Q7 -> 8400 | T7: Dress | U7: Clothing
B8: Antwerpen | C8: Antwerpen | D8: Aartselaar | E8: Man | F8: Belgian | G8: Not In schooling | H8: 5211 | M8: 45292 | N8: Sofa | O8: Flanders | P8: 19 | Q8: 1100 | R8: =P8*Q8 -> 20900 | T8: Headphones | U8: Electronics
B9: Antwerpen | C9: Antwerpen | D9: Aartselaar | E9: Woman | F9: Belgian | G9: Not In schooling | H9: 5539 | M9: 45292 | N9: Dress | O9: Flanders | P9: 20 | Q9: 120 | R9: =P9*Q9 -> 2400 | T9: Jacket | U9: Clothing
B10: Antwerpen | C10: Antwerpen | D10: Aartselaar | E10: Man | F10: Other | G10: Less than 15 years | H10: 44 | M10: 45292 | N10: Sofa | O10: Flanders | P10: 23 | Q10: 1100 | R10: =P10*Q10 -> 25300 | T10: Jeans | U10: Clothing
B11: Antwerpen | C11: Antwerpen | D11: Aartselaar | E11: Woman | F11: Other | G11: Less than 15 years | H11: 31 | M11: 45293 | N11: Smartphone | O11: Wallonia | P11: 21 | Q11: 350 | R11: =P11*Q11 -> 7350 | T11: Laptop | U11: Electronics
B12: Antwerpen | C12: Antwerpen | D12: Aartselaar | E12: Man | F12: Other | G12: In schooling | H12: 12 | M12: 45294 | N12: T-Shirt | O12: Brussels | P12: 3 | Q12: 25 | R12: =P12*Q12 -> 75 | T12: Shoes | U12: Clothing
B13: Antwerpen | C13: Antwerpen | D13: Aartselaar | E13: Woman | F13: Other | G13: In schooling | H13: 24 | M13: 45294 | N13: Dress | O13: Brussels | P13: 12 | Q13: 120 | R13: =P13*Q13 -> 1440 | T13: Smartphone | U13: Electronics
B14: Antwerpen | C14: Antwerpen | D14: Aartselaar | E14: Man | F14: Other | G14: Not In schooling | H14: 210 | M14: 45294 | N14: Jeans | O14: Brussels | P14: 21 | Q14: 45 | R14: =P14*Q14 -> 945 | T14: Sofa | U14: Furniture
B15: Antwerpen | C15: Antwerpen | D15: Aartselaar | E15: Woman | F15: Other | G15: Not In schooling | H15: 178 | M15: 45294 | N15: Jacket | O15: Wallonia | P15: 23 | Q15: 100 | R15: =P15*Q15 -> 2300 | T15: Table | U15: Furniture
B16: Antwerpen | C16: Antwerpen | D16: Antwerpen | E16: Man | F16: Belgian | G16: Less than 15 years | H16: 37333 | M16: 45295 | N16: Smartphone | O16: Brussels | P16: 1 | Q16: 350 | R16: =P16*Q16 -> 350 | T16: T-Shirt | U16: Clothing
B17: Antwerpen | C17: Antwerpen | D17: Antwerpen | E17: Woman | F17: Belgian | G17: Less than 15 years | H17: 35611 | M17: 45296 | N17: Camera | O17: Wallonia | P17: 5 | Q17: 180 | R17: =P17*Q17 -> 900 | T17: TV | U17: Electronics
B18: Antwerpen | C18: Antwerpen | D18: Antwerpen | E18: Man | F18: Belgian | G18: In schooling | H18: 13860 | M18: 45296 | N18: Headphones | O18: Brussels | P18: 6 | Q18: 100 | R18: =P18*Q18 -> 600 | T18: Wardrobe | U18: Furniture
B19: Antwerpen | C19: Antwerpen | D19: Antwerpen | E19: Woman | F19: Belgian | G19: In schooling | H19: 13631 | M19: 45296 | N19: Camera | O19: Wallonia | P19: 6 | Q19: 180 | R19: =P19*Q19 -> 1080
B20: Antwerpen | C20: Antwerpen | D20: Antwerpen | E20: Man | F20: Belgian | G20: Not In schooling | H20: 147245 | M20: 45296 | N20: Wardrobe | O20: Wallonia | P20: 12 | Q20: 600 | R20: =P20*Q20 -> 7200
B21: Antwerpen | C21: Antwerpen | D21: Antwerpen | E21: Woman | F21: Belgian | G21: Not In schooling | H21: 159055 | M21: 45296 | N21: Chair | O21: Flanders | P21: 20 | Q21: 75 | R21: =P21*Q21 -> 1500
B22: Antwerpen | C22: Antwerpen | D22: Antwerpen | E22: Man | F22: Other | G22: Less than 15 years | H22: 8838 | M22: 45296 | N22: TV | O22: Wallonia | P22: 22 | Q22: 450 | R22: =P22*Q22 -> 9900
B23: Antwerpen | C23: Antwerpen | D23: Antwerpen | E23: Woman | F23: Other | G23: Less than 15 years | H23: 8492 | M23: 45297 | N23: Camera | O23: Flanders | P23: 7 | Q23: 180 | R23: =P23*Q23 -> 1260
B24: Antwerpen | C24: Antwerpen | D24: Antwerpen | E24: Man | F24: Other | G24: In schooling | H24: 2354 | M24: 45297 | N24: Dress | O24: Wallonia | P24: 17 | Q24: 120 | R24: =P24*Q24 -> 2040
B25: Antwerpen | C25: Antwerpen | D25: Antwerpen | E25: Woman | F25: Other | G25: In schooling | H25: 2442 | M25: 45297 | N25: Sofa | O25: Flanders | P25: 22 | Q25: 1100 | R25: =P25*Q25 -> 24200
B26: Antwerpen | C26: Antwerpen | D26: Antwerpen | E26: Man | F26: Other | G26: Not In schooling | H26: 37562 | M26: 45297 | N26: Wardrobe | O26: Flanders | P26: 22 | Q26: 600 | R26: =P26*Q26 -> 13200
B27: Antwerpen | C27: Antwerpen | D27: Antwerpen | E27: Woman | F27: Other | G27: Not In schooling | H27: 32050 | M27: 45298 | N27: Shoes | O27: Brussels | P27: 16 | Q27: 90 | R27: =P27*Q27 -> 1440
B28: Antwerpen | C28: Antwerpen | D28: Boechout | E28: Man | F28: Belgian | G28: Less than 15 years | H28: 1049 | M28: 45298 | N28: Camera | O28: Brussels | P28: 20 | Q28: 180 | R28: =P28*Q28 -> 3600
B29: Antwerpen | C29: Antwerpen | D29: Boechout | E29: Woman | F29: Belgian | G29: Less than 15 years | H29: 974 | M29: 45298 | N29: TV | O29: Flanders | P29: 21 | Q29: 450 | R29: =P29*Q29 -> 9450
B30: Antwerpen | C30: Antwerpen | D30: Boechout | E30: Man | F30: Belgian | G30: In schooling | H30: 638 | M30: 45299 | N30: Table | O30: Brussels | P30: 2 | Q30: 850 | R30: =P30*Q30 -> 1700
... B520: Antwerpen | C520: Turnhout | D520: Arendonk | E520: Man | F520: Belgian | G520: Less than 15 years | H520: 940 | M520: 45472 | N520: Jeans | O520: Flanders | P520: 19 | Q520: 45 | R520: =P520*Q520 -> 855
B521: Antwerpen | C521: Turnhout | D521: Arendonk | E521: Woman | F521: Belgian | G521: Less than 15 years | H521: 916
B522: Antwerpen | C522: Turnhout | D522: Arendonk | E522: Man | F522: Belgian | G522: In schooling | H522: 439
B523: Antwerpen | C523: Turnhout | D523: Arendonk | E523: Woman | F523: Belgian | G523: In schooling | H523: 440
B524: Antwerpen | C524: Turnhout | D524: Arendonk | E524: Man | F524: Belgian | G524: Not In schooling | H524: 4122
B525: Antwerpen | C525: Turnhout | D525: Arendonk | E525: Woman | F525: Belgian | G525: Not In schooling | H525: 4258
B526: Antwerpen | C526: Turnhout | D526: Arendonk | E526: Man | F526: Other | G526: Less than 15 years | H526: 284
B527: Antwerpen | C527: Turnhout | D527: Arendonk | E527: Woman | F527: Other | G527: Less than 15 years | H527: 219
B528: Antwerpen | C528: Turnhout | D528: Arendonk | E528: Man | F528: Other | G528: In schooling | H528: 73
B529: Antwerpen | C529: Turnhout | D529: Arendonk | E529: Woman | F529: Other | G529: In schooling | H529: 58
B530: Antwerpen | C530: Turnhout | D530: Arendonk | E530: Man | F530: Other | G530: Not In schooling | H530: 807
B531: Antwerpen | C531: Turnhout | D531: Arendonk | E531: Woman | F531: Other | G531: Not In schooling | H531: 671
B532: Antwerpen | C532: Turnhout | D532: Baarle-Hertog | E532: Man | F532: Belgian | G532: Less than 15 years | H532: 129
... B7071: Namur | C7071: Philippeville | D7071: Viroinval | E7071: Woman | F7071: Other | G7071: Not In schooling | H7071: 138
B7072: Total | H7072: =SUBTOTAL(109,'Source Data'!$H$4:$H$7071) -> 11000638

Sheet Multi-level Dropdown
A1: ←
B2: EN | C2: Multi-level Dropdown
C3: Exercise: We want to have a 4 level drop-down where the options for each level are dependent of the choice selected in the previous level. The list of combinations needs to be maintenance-friendly (so one single table), allowing users to or remove combinations at will. Also, if on an existing record in our data table an entry is changed, we want to be alerted to any invalid combination that may arise.
D4: Step 1: divide the problem into smaller parts
E5: Problem 1: Structure the combinations table in a maintenance friendly way.
F6: By using a Table, the addition and deletion of items of the table is benefiting from the Tables functionalities and controls.
F7: We will NOT rely on our users sorting or grouping the combinations in any way.
F8: We name the table with the drop down combinations tblDropDownDataEN
E9: Problem 2: Remove reliance on the user's dilligence for sorting or grouping combinations.
F10: To create a reliably sorted "copy" of the combination data, we use the SORTBY dynamic spill array function, nested in a CHOOSECOLS to select the first column. The cell containing this spill formula will be named "_ddList1EN"
G11: =CHOOSECOLS(SORTBY(tblDropDownDataEN, tblDropDownDataEN[List1],1, tblDropDownDataEN[List2],1, tblDropDownDataEN[List3],1, tblDropDownDataEN[List4],1),1)
F12: Similar Names are created for the 3 other columns. The reason for creating separate columns instead of one table has to do with Data Validation input limitations.
E13: Problem 2: Data validation for the first column.
F14: In the Data Validation for "Column 1" we now specify _ddList1EN# as the reference.
F15: Note: since a recent update, Data Validation automatically removes duplicates. Before this update, we would nest the reference in a UNIQUE function.
E16: Problem 3: Data validation for the second column.
F17: From the Defined Name _List2EN we only want to return values that correspond with the selected value in _List1EN. Since we can rely on our formula-based sorting, this means we can look for the corresponding range by looking for the first and the last occurrence of the _List1EN selection. Luckily for us, the XLOOKUP-function returns a range, and allows us to determine the search direction. Important to remember is that the formula needs to be built in the first cell of "Column 2", to ensure relevant references will match.
F18: Formula for the FIRST occurrence of the selection of _List1EN:
G19: =XLOOKUP(D40,_List1EN,_List2EN)
F20: Formula for the LAST occurrence of the selection of _List1EN:
G21: =XLOOKUP(D40,_List1EN,_List2EN,,,-1)
F22: To get the full list of corresponding entries in _List2EN, we use the Range Operator.
G23: =XLOOKUP(D40,_List1EN,_List2EN):XLOOKUP(D40,_List1EN,_List2EN,,,-1)
F24: This is the formula we need to provide in the Data Validation for the second column. We first need to assign it to a Defined Name though … we'll call this _ddList2EN
E25: Problem 4: Data validation for the subsequent columns.
F26: From the Defined Name _List3EN we only want to return values that correspond with the selected value in _List1EN combined with the selected value in _List2EN. Since we can rely on our formula-based sorting, this means we can look for the corresponding range by looking for the first and the last occurrence of the combined selection. Another useful property of XLOOKUP is that we can do combination lookups ...
F27: To get the full list of corresponding entries in _List3EN, we use the Range Operator and combine both previous columns.
G28: =XLOOKUP(D40&E40,_List1EN&_List2EN,_List3EN) : XLOOKUP(D40&E40,_List1EN&_List2EN,_List3EN,,,-1)
F29: This is the formula we need to provide in the Data Validation for the third column. We first need to assign it to a Defined Name though … we'll call this _ddList3EN
F30: To get the full list of corresponding entries in _List4EN, we use the Range Operator and combine all previous columns.
G31: =XLOOKUP(D40&E40&F40,_List1EN&_List2EN&_List3EN,_List4EN) : XLOOKUP(D40&E40&F40,_List1EN&_List2EN&_List3EN,_List4EN,,,-1)
F32: This is the formula we need to provide in the Data Validation for the third column. We first need to assign it to a Defined Name though … we'll call this _ddList4EN
E33: Problem 5: Highlight instances of invalid combinations through Conditional Formatting.
F34: In all columns except for the first one, we will now create a Conditional Formatting rule by looking for mismatches between the selected option and the look-up lists underlying the Data Validation.
F35: For Column 2, this formula is(and similar for Column 3 and Column 4)
G36: =ISNA(XMATCH(E40,_ddList2EN))
E37: Step2: bring it all together
D38: Data Table
D39: Column 1 | E39: Column 2 | F39: Column 3 | G39: Column 4
D40: Colour | E40: green | F40: dark green | G40: transparant
D41: Orientation | E41: down | F41: lower down | G41: max
D42: Colour | E42: green | F42: dark green | G42: opaque
D43: Size | E43: medium | F43: not so medium | G43: min
D46: Drop-down Combinations Table | I46: Sorted helper copy of the combinations table
D47: List1 | E47: List2 | F47: List3 | G47: List4 | I47: _List1 | J47: _List2 | K47: _List3 | L47: _List4
D48: Colour | E48: blue | F48: dark blue | G48: opaque | I48: {=_xlfn.CHOOSECOLS(_xlfn.SORTBY(tblDropDownDataEN[], tblDropDownDataEN[List1],1, tblDropDownDataEN[List2],1, tblDropDownDataEN[List3],1, tblDropDownDataEN[List4],1),1)} -> Colour | J48: {=_xlfn.CHOOSECOLS(_xlfn.SORTBY(tblDropDownDataEN[], tblDropDownDataEN[List1],1, tblDropDownDataEN[List2],1, tblDropDownDataEN[List3],1, tblDropDownDataEN[List4],1),2)} -> blue | K48: {=_xlfn.CHOOSECOLS(_xlfn.SORTBY(tblDropDownDataEN[], tblDropDownDataEN[List1],1, tblDropDownDataEN[List2],1, tblDropDownDataEN[List3],1, tblDropDownDataEN[List4],1),3)} -> dark blue | L48: {=_xlfn.CHOOSECOLS(_xlfn.SORTBY(tblDropDownDataEN[], tblDropDownDataEN[List1],1, tblDropDownDataEN[List2],1, tblDropDownDataEN[List3],1, tblDropDownDataEN[List4],1),4)} -> opaque
D49: Colour | E49: blue | F49: dark blue | G49: transparant | I49: Colour | J49: blue | K49: dark blue | L49: transparant
D50: Colour | E50: blue | F50: light blue | G50: opaque | I50: Colour | J50: blue | K50: light blue | L50: opaque
D51: Colour | E51: blue | F51: light blue | G51: transparant | I51: Colour | J51: blue | K51: light blue | L51: transparant
D52: Colour | E52: green | F52: dark green | G52: opaque | I52: Colour | J52: green | K52: dark green | L52: opaque
D53: Colour | E53: green | F53: dark green | G53: transparant | I53: Colour | J53: green | K53: dark green | L53: transparant
D54: Colour | E54: green | F54: light green | G54: opaque | I54: Colour | J54: green | K54: light green | L54: opaque
D55: Colour | E55: green | F55: light green | G55: transparant | I55: Colour | J55: green | K55: light green | L55: transparant
D56: Colour | E56: purple | F56: dark purple | G56: opaque | I56: Colour | J56: purple | K56: dark purple | L56: opaque
D57: Colour | E57: purple | F57: dark purple | G57: transparant | I57: Colour | J57: purple | K57: dark purple | L57: transparant
D58: Colour | E58: purple | F58: light purple | G58: opaque | I58: Colour | J58: purple | K58: light purple | L58: opaque
D59: Colour | E59: purple | F59: light purple | G59: transparant | I59: Colour | J59: purple | K59: light purple | L59: transparant
D60: Colour | E60: red | F60: dark red | G60: opaque | I60: Colour | J60: red | K60: dark red | L60: opaque
... D90: Size | E90: small | F90: very small | G90: max | I90: Size | J90: small | K90: very small | L90: max
B95: NL | C95: Multi-level Vervolgkeuze
C96: Oefening: We willen een vervolgkeuze met 4 niveaus, waarbij de opties voor elk niveau afhankelijk zijn van de keuze die in het vorige niveau is gemaakt. De lijst met combinaties moet onderhoudsvriendelijk zijn (dus één enkele tabel), zodat gebruikers combinaties naar wens kunnen verwijderen. Ook willen we, als er in een bestaand record in onze gegevenstabel een item wordt gewijzigd, worden gewaarschuwd voor eventuele ongeldige combinaties die kunnen ontstaan.
D97: Stap 1: verdeel het probleem in kleinere delen
E98: Probleem 1: Structureer de combinatietabel op een onderhoudsvriendelijke manier.
F99: Door een Tabel te gebruiken, profiteert u van de functionaliteiten en besturingselementen van de Tabel bij het toevoegen en verwijderen van items in de Tabel.
F100: Wij vertrouwen er NIET op dat onze gebruikers de combinaties op enigerlei wijze sorteren of groeperen.
F101: We noemen de tabel met de vervolgkeuzecombinaties tblDropDownDataNL
E102: Probleem 2: Verwijderen van de afhankelijkheid van de zorgvuldigheid van de gebruiker bij het sorteren of groeperen van combinaties.
F103: Om een ​​betrouwbaar gesorteerde "kopie" van de combinatiegegevens te maken, gebruiken we de dynamische spill-arrayfunctie SORTEREN.OP, genest in een KIEZEN.KOLOMMEN om de eerste kolom te selecteren. De cel met deze overloop-formule krijgt de naam "_ddList1NL"
G104: =KIEZEN.KOLOMMEN(SORTEREN.OP(tblDropDownDataNL, tblDropDownDataNL[List1],1, tblDropDownDataNL[List2],1, tblDropDownDataNL[List3],1, tblDropDownDataNL[List4],1),1)
F105: Gelijksoortige Namen worden gemaakt voor de 3 andere kolommen. De reden om aparte kolommen te maken in plaats van één tabel heeft te maken met beperkingen in de invoer van Gegevensvalidatie.
E106: Probleem 2: Gegevensvalidatie voor de eerste kolom.
F107: In the Data Validation for "Column 1" we now specify _ddList1NL# as the reference.
F108: Let op: sinds een recente update verwijdert Gegevensvalidatie automatisch dubbele waarden. Vóór deze update nestten we de verwijzing in een UNIEK-functie.
E109: Probleem 3: Gegevensvalidatie voor de tweede kolom.
F110: Vanuit de Gedefinieerde Naam _List2NL willen we alleen waarden retourneren die overeenkomen met de geselecteerde waarde in _List1NL. Omdat we kunnen vertrouwen op onze op formules gebaseerde sortering, betekent dit dat we kunnen zoeken naar het overeenkomstige bereik door te zoeken naar de eerste en de laatste keer dat de _List1NL-selectie voorkomt. Gelukkig voor ons retourneert de X.ZOEKEN-functie een bereik en kunnen we de zoekrichting bepalen. Belangrijk om te onthouden is dat de formule moet worden gebouwd in de eerste cel van "Column 2", om ervoor te zorgen dat relevante verwijzingen overeenkomen.
F111: Formule voor het EERSTE voorkomen van de selectie van _List1NL:
G112: =X.ZOEKEN(D133,_List1NL,_List2NL)
F113: Formule voor het LAATSTE voorkomen van de selectie van _List1NL:
G114: =X.ZOEKEN(D133,_List1NL,_List2NL,,,-1)
F115: Om de volledige lijst met bijbehorende items in _List2NL te krijgen, gebruiken we de bereikoperator.
G116: =X.ZOEKEN(D133,_List1NL,_List2NL):X.ZOEKEN(D133,_List1NL,_List2NL,,,-1)
F117: Dit is de formule die we moeten opgeven in de Gegevensvalidatie voor de tweede kolom. We moeten deze eerst toewijzen aan een Gedefinieerde Naam, maar we noemen dit _ddList2NL
E118: Probleem 4: Gegevensvalidatie voor de volgende kolommen.
F119: Vanuit de Gedefinieerde Naam ddList3 willen we alleen waarden retourneren die overeenkomen met de geselecteerde waarde in ddList1 gecombineerd met de geselecteerde waarde in ddList2. Omdat we kunnen vertrouwen op onze op formules gebaseerde sortering, betekent dit dat we kunnen zoeken naar het overeenkomstige bereik door te zoeken naar de eerste en de laatste keer dat de ddList1-selectie voorkomt. Een andere nuttige eigenschap van X.ZOEKEN is dat we combinatie-opzoekingen kunnen uitvoeren ...
F120: Om de volledige lijst met bijbehorende items in _List3NL te krijgen, gebruiken we de bereikoperator en combineren we beide voorgaande kolommen.
G121: =X.ZOEKEN(D133&E133,_List1NL&_List2NL,_List3NL) : X.ZOEKEN(D133&E133,_List1NL&_List2NL,_List3NL,,,-1)
F122: Dit is de formule die we moeten opgeven in de Gegevensvalidatie voor de derde kolom. We moeten deze eerst toewijzen aan een Gedefinieerd Naam, maar we noemen dit _ddList3NL
F123: Om de volledige lijst met bijbehorende items in _List4NL te krijgen, gebruiken we de bereikoperator en combineren we alle voorgaande kolommen.
G124: =X.ZOEKEN(D133&E133&F133,_List1NL&_List2NL&_List3NL,_List4NL) : X.ZOEKEN(D133&E133&F133,_List1NL&_List2NL&_List3NL,_List4NL,,,-1)
F125: Dit is de formule die we moeten opgeven in de Gegevensvalidatie voor de derde kolom. We moeten deze eerst toewijzen aan een Gedefinieerde Naam, maar ... we noemen dit _ddList4NL
E126: Probleem 5: Markeer ongeldige combinaties met behulp van voorwaardelijke opmaak.
F127: In alle kolommen, behalve de eerste, maken we nu een regel voor voorwaardelijke opmaak. Hierbij zoeken we naar verschillen tussen de geselecteerde optie en de opzoeklijsten die ten grondslag liggen aan de gegevensvalidatie.
F128: Voor kolom 2 is deze formule (en vergelijkbaar voor kolom 3 en kolom 4)
G129: =ISNB(X.VERGELIJKEN(E133,_ddList2NL))
E130: Stap 2: breng alles samen
D131: Gegevenstabel
D132: Column 1 | E132: Column 2 | F132: Column 3 | G132: Column 4
D133: colour | E133: green | F133: dark green
D139: Drop-down Combinaties Tabel | I139: Gesorteerde helper-kopie van de combinaties table
D140: List1 | E140: List2 | F140: List3 | G140: List4 | I140: _List1 | J140: _List2 | K140: _List3 | L140: _List4
...
